Workbook

Sheet 0 - CALOR
D3: FORMA | F3: MAPA DE RIESGOS DE CORRUPCIÓN | N3: CÓDIGO
D4: ACTIVIDAD | F4: GESTIÓN PARA LA TRANSPARENCIA | N4: VERSIÓN
D5: PROCEDIMIENTO | F5: ELABORACIÓN DE PLAN ANTICORRUPCIÓN Y DE ATENCIÓN AL CIUDADANO | N5: FECHA
D6: PROCESO | F6: COMUNICACIÓN Y GESTIÓN CON GRUPOS DE INTERÉS
B7: MAPA DE CALOR Y RIESGO INHERENTE
B8: "Para los riesgos de corrupción, el análisis de impacto se realizará teniendo en cuenta solamente los niveles “moderado”, “mayor” y “catastrófico”, dado que estos riesgos siempre serán significativos; en este orden de ideas, no aplican los niveles de impacto insignificante y menor, que sí aplican para los demás riesgos". DAFP 2018
C10: Probabilidad de ocurrencia | D10: Casi Seguro | K10: IMPACTO | M10: PROBABILIDAD | O10: NIVEL
D11: Probable | K11: Catastrófico | M11: Casi seguro | O11: EXTREMO
D12: Posible | K12: Catastrófico | M12: Probable | O12: EXTREMO
D13: Improbable | K13: Catastrófico | M13: Posible | O13: EXTREMO
D14: Rara Vez | K14: Catastrófico | M14: Improbable | O14: EXTREMO
E15: Insignificante | F15: Menor | G15: Moderado | H15: Mayor | I15: Catastrófico | K15: Catastrófico | M15: Rara Vez | O15: EXTREMO
E16: Impacto | K16: Mayor | M16: Casi seguro | O16: EXTREMO
K17: Mayor | M17: Probable | O17: EXTREMO
K18: Mayor | M18: Posible | O18: EXTREMO
K19: Mayor | M19: Improbable | O19: ALTO
K20: Mayor | M20: Rara Vez | O20: ALTO
K21: Moderado | M21: Casi seguro | O21: EXTREMO
K22: Moderado | M22: Probable | O22: ALTO
K23: Moderado | M23: Posible | O23: ALTO
K24: Moderado | M24: Improbable | O24: MODERADO
K25: Moderado | M25: Rara Vez | O25: MODERADO
K26: Menor | M26: Casi seguro | O26: ALTO
K27: Menor | M27: Probable | O27: ALTO
K28: Menor | M28: Posible | O28: MODERADO
... K35: Insignificante | M35: Rara Vez | O35: BAJO
B38: MATRICES PARA VALORACIÓN DEL IMPACTO Y PROBABILIDAD DEL RIESGO DE CORRUPCIÓN
C40: Valoración de probabilidad de ocurrencia del riesgo | I40: Valoración de impacto del riesgo de corrupción
C41: Nivel | D41: Descriptor | E41: Descripción | G41: Frecuencia | I41: N° | J41: PREGUNTA: Si el riesgo de corrupción se materializa podría . . . | O41: Respuesta
C42: 5 | D42: Casi seguro | E42: Se espera que el evento ocurra en la mayoría de las circunstancias. | G42: Más de 1 vez al año. | O42: SI | P42: NO
C43: 4 | D43: Probable | E43: Es viable que el evento ocurra en la mayoría de las circunstancias. | G43: Al menos 1 vez en el último año. | I43: 1 | J43: ¿Afectar al grupo de funcionarios del proceso?
I44: 2 | J44: ¿Afectar el cumplimiento de metas y objetivos de la dependencia?
C45: 3 | D45: Posible | E45: El evento podrá ocurrir en algún momento. | G45: Al menos 1 vez en los últimos 2 años. | I45: 3 | J45: ¿Afectar el cumplimiento de misión de la entidad?
C46: 2 | D46: Improbable | E46: El evento puede ocurrir en algún momento. | G46: Al menos 1 vez en los últimos 5 años. | I46: 4 | J46: ¿Afectar el cumplimiento de la misión del sector al que pertenece la entidad?
C47: 1 | D47: Rara Vez | E47: El evento puede ocurrir solo en circunstancias excepcionales (poco comunes o anormales). | G47: No se ha presentado en los últimos 5 años. | I47: 5 | J47: ¿Generar pérdida de confianza de la entidad, afectando su reputación?
I48: 6 | J48: ¿Generar pérdida de recursos económicos?
I49: 7 | J49: ¿Afectar la generación de los productos o la prestación de servicios?
C50: Tratamiento del Riesgo | I50: 8 | J50: ¿Dar lugar al detrimento de calidad de vida de la comunidad por la pérdida del bien, servicios o recursos públicos?
C51: Tratamiento | D51: Descripción | I51: 9 | J51: ¿Generar pérdida de información de la entidad?
C52: Aceptar | D52: No se adopta ninguna medida que afecte la probabilidad o el impacto del riesgo. (Ningún riesgo de corrupción podrá ser aceptado). | I52: 10 | J52: ¿Generar intervención de los órganos de control, de la Fiscalía u otro ente?
C53: Reducir | D53: Se adoptan medidas para reducir la probabilidad o el impacto del riesgo, o ambos; por lo general conlleva a la implementación de controles. | I53: 11 | J53: ¿Dar lugar a procesos sancionatorios?
C54: Evitar | D54: Se abandonan las actividades que dan lugar al riesgo, es decir, no iniciar o no continuar con la actividad que lo provoca. | I54: 12 | J54: ¿Dar lugar a procesos disciplinarios?
C55: Compartir | D55: Se reduce la probabilidad o el impacto del riesgo transfiriendo o compartiendo una parte de este. Los riesgos de corrupción se pueden compartir pero no se puede transferir su responsabilidad. | I55: 13 | J55: ¿Dar lugar a procesos fiscales?
I56: 14 | J56: ¿Dar lugar a procesos penales?
I57: 15 | J57: ¿Generar pérdida de credibilidad del sector?
I58: 16 | J58: ¿Ocasionar lesiones físicas o pérdida de vidas humanas?
I59: 17 | J59: ¿Afectar la imagen regional?
I60: 18 | J60: ¿Afectar la imagen nacional?
I61: 19 | J61: ¿Generar daño ambiental?
I62: TOTAL
I63: Responder afirmativamente de UNA a CINCO pregunta (s) genera un impacto moderado. Responder afirmativamente de SEIS a ONCE preguntas genera un impacto mayor. Responder afirmativamente de DOCE a DIECINUEVE preguntas genera un impacto catastrófico
I64: Moderado | J64: Genera medianas consecuencias sobre la entidad
I65: Mayor | J65: Genera altas consecuencias sobre la entidad.
I66: Catastrófico | J66: Genera consecuencias desastrosas para la entidad
B68: MATRICES PARA VALORACIÓN DEL DISEÑO Y EJECUCIÓN DE LOS CONTROLES
C70: Valoración de la EJECUCIÓN del control | I70: Valoración del DISEÑO del control
C71: Rango de calificación de la ejecución | D71: Peso de la ejecución del control | I71: Criterio de evaluación | K71: Opción de respuesta al criterio de evaluación | L71: Peso en la evaluación del diseño del control
C72: Fuerte | D72: El control se ejecuta de manera consistente por parte del responsable. | I72: 1.1 Asignación del responsable | K72: Asignado | L72: 15
C73: Moderado | D73: El control se ejecuta algunas veces por parte del responsable. | K73: No Asignado | L73: 0
C74: Débil | D74: El control no se ejecuta por parte del responsable. | I74: 1.2 Segregación y autoridad del responsable | K74: Adecuado | L74: 15
K75: Inadecuado | L75: 0
I76: 2. Periodicidad | K76: Oportuna | L76: 15
K77: Inoportuna | L77: 0
I78: 3. Propósito | K78: Prevenir | L78: 15
K79: Detectar | L79: 10
K80: No es un control | L80: 0
I81: 4. Cómo se realiza la actividad de control | K81: Confiable | L81: 15
K82: No confiable | L82: 0
I83: 5.Qué pasa con las observaciones o desviaciones | K83: Se investigan oportunamente | L83: 15
K84: No se investigan oportunamente | L84: 0
I85: Evidencia de la ejecución del control | K85: Completa | L85: 10
K86: Incompleta | L86: 5
K87: No existe | L87: 0
I88: Fuerte | J88: Si su calificación es entre 96 y 100
I89: Moderado | J89: Si su calificación es entre 86 y 95
I90: Débil | J90: si su calificación es entre 0 y 85
B92: MATRICES PARA VALORACIÓN DE SOLIDEZ INDIVIDUAL Y DEL CONJUNTO DE LOS CONTROLES
C94: VALORACIÓN SOLIDEZ INDIVIDUAL DEL CONTROL | I94: VALORACIÓN SOLIDEZ DEL CONJUNTO DE LOS CONTROLES
C95: DISEÑO | D95: EJECUCIÓN | E95: SOLIDEZ INDIVIDUAL
C96: Fuerte | D96: Fuerte | E96: Fuerte | I96: Fuerte | J96: El promedio de la solidez individual de cada control al sumarlos y ponderarlos es igual a 100
C97: Fuerte | D97: Moderado | E97: Moderado | I97: Moderado | J97: El promedio de la solidez individual de cada control al sumarlos y ponderarlos está entre 50 y 99
C98: Fuerte | D98: Débil | E98: Débil | I98: Débil | J98: El promedio de la solidez individual de cada control al sumarlos y ponderarlos es menor a 50
C99: Moderado | D99: Fuerte | E99: Moderado
C100: Moderado | D100: Moderado | E100: Moderado | I100: CANTIDAD DE CONTROLES AL RIESGO
C101: Moderado | D101: Débil | E101: Débil | I101: 0
C102: Débil | D102: Fuerte | E102: Débil | I102: 1
C103: Débil | D103: Moderado | E103: Débil | I103: 2
C104: Débil | D104: Débil | E104: Débil
B106: MATRIZ PARA CALCULO DE RIESGO RESIDUAL
C108: SOLIDEZ DEL CONJUNTO DE LOS CONTROLES | E108: CONTROLES AYUDAN A DISMINUIR LA PROBABILIDAD | G108: CONTROLES AYUDAN A DISMINUIR EL IMPACTO | I108: # COLUMNAS EN LA MATRIZ DE RIESGO QUE SE DESPLAZA EN EL EJE DE PROBABILIDAD | K108: # COLUMNAS EN LA MATRIZ DE RIESGO QUE SE DESPLAZA EN EL EJE DE IMPACTO
C109: Fuerte | E109: Directamente | G109: Directamente | I109: 2 | K109: 2
C110: Fuerte | E110: Directamente | G110: Indirectamente | I110: 2 | K110: 1 | N110: Directamente
C111: Fuerte | E111: Directamente | G111: No disminuye | I111: 2 | K111: 0 | N111: No disminuye
C112: Fuerte | E112: No disminuye | G112: Directamente | I112: 0 | K112: 2
C113: Moderado | E113: Directamente | G113: Directamente | I113: 1 | K113: 1 | N113: Directamente
C114: Moderado | E114: Directamente | G114: Indirectamente | I114: 1 | K114: 0 | N114: Indirectamente
C115: Moderado | E115: Directamente | G115: No disminuye | I115: 1 | K115: 0 | N115: No disminuye
C116: Moderado | E116: No disminuye | G116: Directamente | I116: 0 | K116: 1
E118: Anexo 1 . Tipo de solicitud de modificación
E119: INCLUSIÓN
...

Sheet 1 - POLÍTICA
D2: FORMA | F2: MAPA DE RIESGOS DE CORRUPCIÓN | M2: CÓDIGO
D3: ACTIVIDAD | F3: GESTIÓN PARA LA TRANSPARENCIA | M3: VERSIÓN
D4: PROCEDIMIENTO | F4: ELABORACIÓN DE PLAN ANTICORRUPCIÓN Y DE ATENCIÓN AL CIUDADANO | M4: FECHA
D5: PROCESO | F5: COMUNICACIÓN Y GESTIÓN CON GRUPOS DE INTERÉS
B6: POLÍTICA DE ADMINISTRACIÓN DE RIESGOS
B7: "El MIPG establece que esta es una tarea propia del equipo directivo y se debe hacer desde el ejercicio de “Direccionamiento estratégico y de planeación”. En este punto, se deben emitir los lineamientos precisos para el tratamiento, manejo y seguimiento a los riesgos que afectan el logro de los objetivos institucionales. Adicional a los riesgos operativos, es importante identificar los riesgos de corrupción, los riesgos de contratación, los riesgos para la defensa jurídica, los riesgos de seguridad digital, entre otros.". DAFP 2018
B9: La versión completa de la POLITICA DE RIESGO INSTITUCIONAL puede ser consulta en el siguiente Link:
B10: http://www.agenciadetierras.gov.co/wp-content/uploads/2018/04/DEST-PoliItica-001-Riesgos-y-Oportunidades.pdf
B12: POLÍTICA | D12: La Alta Dirección de la Agencia Nacional de Tierras está comprometida con la ejecución efectiva y transparente de sus actividades y en la realización de acciones de control, seguimiento y monitoreo necesarias, para mitigar los eventos de riesgos que puedan impedir el cumplimiento de la misión y objetivos institucionales.
B13: OBJETIVO | D13: La presente política tiene como finalidad establecer los lineamientos para la administración del riesgo en la Entidad, a partir de los cuales se definirán los procedimientos y mecanismos de verificación y evaluación encaminados a la búsqueda de la eficiencia y eficacia de los procesos.
B14: ALCANCE | D14: La presente política considera los riesgos propios de los procesos y actividades desarrolladas al interior de la ANT, en donde se hace necesario el entendimiento, compromiso y disposición de todas las dependencias y personal de la Entidad, en forma independiente de su nivel jerárquico, función o localización. El alcance definido para la Gestión del Riesgo en la ANT se basará en los siguientes aspectos claves: a) La Gestión del Riesgo es responsabilidad de todo el personal de la ANT, tanto de la Alta Dirección como de los demás servidores públicos. Los líderes de proceso o el enlace del Modelo Integrado de Planeación y Gestión – MIPG en cada dependencia, son los encargados de asegurar la aplicación y seguimiento de las distintas políticas, normas y procedimientos definidos para el cumplimiento de los objetivos de cada proceso, en concordancia con la Oficina de Planeación. b) La Gestión del Riesgo estará integrada dentro de todas las actividades y sistemas de la Entidad, formando parte también en el proceso de planificación general de la gestión. c) La Gestión del Riesgo se integrará a los planes, programas, procesos y actividades diarias que realizan las dependencias de la ANT dentro del alcance definido en el marco estratégico y organizacional. d) La aplicación sistemática de la Gestión del Riesgo se hará sobre análisis fundados, haciendo uso efectivo y eficiente de los recursos de la Entidad. e) Aquellos riesgos que resulten en un nivel de riesgo extremo, luego de ser valorados mediante la metodología de riesgo definida, serán monitoreados continuamente y en forma especial por la Oficina de Planeación y la Oficina del Inspector de la Gestión de Tierras, en relación con los riesgos de corrupción.
B15: NIVELES DE ACEPTACIÓN DEL RIESGO Y TRATAMIENTO | D15: Para el caso específico de los riesgos de corrupción, es necesario identificar las debilidades (Factores Internos) y las amenazas (Factores Externos) que pueden influir en los procesos y procedimientos que generen una mayor vulnerabilidad frente a riesgos de corrupción. La opción de manejo para el tratamiento a este tipo de riesgos se identifica únicamente para evitarlo (evitar) y en caso de materialización se deben tomar las acciones correctivas.
B16: NIVELES PARA CALIFICAR EL IMPACTO | D16: La metodología a utilizar en la administración de riesgos de corrupción es la emitida por la Secretaria de la Transparencia de la Presidencia de la República – “Guía para la gestión del Riesgo de Corrupción” indicada en los lineamientos del decreto 124 de enero 26 de 2016.
B17: POLÍTICA DE TRANSPARENCIA Y ANTICORRUPCIÓN
B19: La versión completa de la POLÍTICA DE TRANSPARENCIA Y ANTICORRUPCIÓN puede ser consulta en el siguiente Link:
B20: http://intranet.agenciadetierras.gov.co/wp-content/uploads/2019/09/DEST-Politica-003-POL%C3%8DTICA-DE-TRANSPARENCIA-Y-ANTICORRUPCI%C3%93N.pdf
B22: POLÍTICA | D22: La Alta Dirección, al igual que las Direcciones Misionales y de Apoyo a la Gestión deben estar comprometidas con la gestión del riesgo de corrupción y asumir la responsabilidad de ejercer supervisión al cumplimiento de la Política de Prevención y Lucha Contra Corrupción de la Agencia Nacional de Tierras – ANT
B23: OBJETIVO | D23: Prevenir, detectar e investigar la corrupción, con el fin de eliminar las prácticas corruptas que eventualmente se pueda presentar, por parte o en contra de la Agencia Nacional de Tierras ANT, y cuando sea del caso, poner en conocimiento de las autoridades competentes las presuntas conductas irregulares para que se impongan las sanciones correspondientes, y así reducir la pérdida de recursos públicos.
B24: ALCANCE | D24: Esta política se aplica a todo el personal de la Agencia Nacional de Tierras, frente a toda irregularidad en la que haya participación de los funcionarios, contratistas, colaboradores, operadores o agencias externas que hacen parte del desarrollo de las funciones en las diferentes Direcciones Misionales. De esta forma, toda investigación se deberá llevar a cabo sin hacer distinción de la posición del infractor, el cargo o la relación que guarde con la Agencia Nacional de Tierras.
B25: NIVELES DE ACEPTACIÓN DEL RIESGO Y TRATAMIENTO | D25: Esta política se aplica a todo el personal de la Agencia Nacional de Tierras, frente a toda irregularidad en la que haya participación de los funcionarios, contratistas, colaboradores, operadores o agencias externas que hacen parte del desarrollo de las funciones en las diferentes Direcciones Misionales. De esta forma, toda investigación se deberá llevar a cabo sin hacer distinción de la posición del infractor, el cargo o la relación que guarde con la Agencia Nacional de Tierras.
B26: NIVELES PARA CALIFICAR EL IMPACTO | D26: La metodología a utilizar en la administración de riesgos de corrupción es la emitida por la Secretaria de la Transparencia de la Presidencia de la República indicada en los lineamientos del decreto 124 de enero 26 de 2016, actualmente contenidas en el documento “Guía para la administración del riesgo y el diseño de controles en entidades públicas - Riesgos de gestión, corrupción y seguridad digital” - Versión 4 - Octubre de 2018, del Departamento Administrativo de la Función Pública, en coordinación con la Secretaría de Transparencia de la Presidencia de la República y el Ministerio de las Tecnologías de la Información y las Comunicaciones.

Sheet 2 - CONTEXTO
D2: FORMA | F2: MAPA DE RIESGOS DE CORRUPCIÓN | K2: CÓDIGO
D3: ACTIVIDAD | F3: GESTIÓN PARA LA TRANSPARENCIA | K3: VERSIÓN
D4: PROCEDIMIENTO | F4: ELABORACIÓN DE PLAN ANTICORRUPCIÓN Y DE ATENCIÓN AL CIUDADANO | K4: FECHA
D5: PROCESO | F5: COMUNICACIÓN Y GESTIÓN CON GRUPOS DE INTERÉS
B6: CONTEXTO
B7: "Como herramienta básica para el análisis del contexto del proceso se sugiere utilizar las caracterizaciones de estos, donde es posible contar con este panorama. Si estos documentos están desactualizados o no se han elaborado, es importante actualizarlos o elaborarlos antes de continuar con la metodología de administración del riesgo". DAFP 2018
B8: ANALISIS DEL CONTEXTO INSTITUCIONAL
B9: CONTEXTO EXTERNO | E9: POLÍTICOS: cambios de gobierno, legislación, políticas públicas, regulación. | G9: 1. Las determinaciones que en temas de tierra viene tomando el Nuevo Gobierno Nacional, de alguna manera afectan positiva o negativamente el accionar de la ANT 2. Las posiciones asumidas por el Nuevo Gobierno Nacional respecto al Proceso de Paz, en temas de tierras (Punto 1 del Acuerdo de la Habana) 3. Las marcadas diferencias, de tipo ideológico, entre los integrantes del Congreso de la República, en temas de tierras 4. Ingerencia de grupos económicos (gremios, etc.) en las determinaciones que en materia de tierras y de reforma agraria, deba tomar las autoridades legislativas 5. Influencia de actores externos (políticos, gremios) en las determinaciones de la Entidad
E11: ECONÓMICOS Y FINANCIEROS: disponibilidad de capital, liquidez, mercados financieros, desempleo, competencia. | G11: 1. La limitación se recursos financieros, por parte del Gobierno Nacional, para compras de predios para atender la alta demenda de tierras de las comunidades rurales. 2. Lo costoso que resulta la visita a gran parte del territorio nacional para hacer presencia institucional (distancias, topografías, medios de transporte, etc) 3. Concentración en la ejecución de recursos, en ciertas regiones del País, para adjudicación de tierras y proyectos productivos. 4. Influencia de actores externos (políticos, gremios) en la determinación de recursos para la Entidad.
E13: SOCIALES Y CULTURALES: demografía, responsabilidad social, orden público. | G13: 1. Las políticas con Enfoque Diferencial definidas por el Estado que influencian la actuación de la Entidad 2. Las exigencias de los grupos étnicos y comunidades campesinas en matertia de adjudicación de tierras 3. El paro indefinido decretado por las cuomunidades indígenas del departamento del Cauca, motivado por adjudicación de tierras, proyectos productivos, etc. 4. Las movilizaciones campesinas de tipo reivindicativas en materia de tierras y proyectos productivos
E15: TECNOLÓGICOS: avances en tecnología, acceso a sistemas de información externos, gobierno en línea. | G15: 1. Grandes avances tecnológicos existentes en el mercado para asuntos relacionados con mediciones y demas, en materia rural 2. Las normas que en materia de avance digital ha venido implementando el Gobierno Nacional, que han favorecido al sector rural colombiano
E17: AMBIENTALES: emisiones y residuos, energía, catástrofes naturales, desarrollo sostenible. | G17: 1. Las políticas y normas sobre cambios de uso o usos indebidos a los suelos rurales 2. Las frecuentes afectaciones al suelo rural por la mineria ilegal y cultivos ilícitos. 3. La aplicación de fungicidas y herbicidas en fumigaciones, sean de tipo legal (prevención de siembras ilicitas) o ilegal (para siembras de cultivos ilícitos), que afectan negativamente el suelo rural.
E19: LEGALES Y REGLAMENTARIOS: Normatividad externa (leyes, decretos, ordenanzas y acuerdos). | G19: 1. Las limitaciones, que de tipo legal, existen relaciondos con los usos del suelo rural. 2. Los frecuentes cambios normativos, en materia de desarrollo rural y de refoma agraria. 3. Prevalencia de intereses personales o de pequeños grupos económicos en materia de legislación rural.
B21: CONTEXTO INTERNO | E21: FINANCIEROS: presupuesto de funcionamiento, recursos de inversión, infraestructura, capacidad instalada. | G21: 1. La limitación se recursos financieros para compras de predios para atender la alta demenda de tierras de las comunidades rurales. 2. Lo costoso que resulta la visita a gran parte del territorio nacional para hacer presencia institucional (distancias, topograficas, transporte, etc). 3. Limitación de recursos para tener mayor presencia institucional en las regiones.
E23: PERSONAL: competencia del personal, disponibilidad del personal, seguridad y salud ocupacional. | G23: 1. Subutilización de funcionarios con grandes experiencias y competencias en temas rurales 2. Contratación de personal sin las calidades y cualidades profesionales para la atención del sector rural 3. Inadecuada distribución de funcionarios, en las dependencias, contratistas y planta, según competencias 4. Inducción y reinducción a funcionarios en conocimientos del funcionamiento general de la ANT 5. Subgetividad en matertia de toma de decisiones por los funcionarios
E25: PROCESOS: capacidad, diseño, ejecución, proveedores, entradas, salidas, gestión del conocimiento. | G25: 1. Mapa de procesos y procedimientos institucional bien estructurados 2. Dispersión entre dependencias en las toma de decisiones, en materia de procesos y procedimientos 3. Subgetividad en matertia de toma de decisiones, tanto de directivos, como de funcionarios 4. Inducción y reinducción a funcionarios en conocimientos del funcionamiento general de la ANT y sus procesos y procedimeintos.
E27: TECNOLOGÍA: integridad de datos, disponibilidad de datos y sistemas, desarrollo, producción, mantenimiento de sistemas de información. | G27: 1. Se cuenta con plataformas tecnológicas, ágiles y de facil acceso, al servicio de los pobladores rurales (FISO) y grupos de interés 2. Por la escasa presencia institucional en las regiones se subutiliza las bondades de la plaforma tecnológica, ante las limitaciones de los pobladores rurales en materia de uso de las TICs 3. A pesar de contar con las tecnologías no hay unificación de los datos de avances en la gestión institucional entre dependencias. 4. Escasa coordinación, entre dependecias, para el mejor aprovechamiento de las tecnologías existentes en la Entidad
E29: ESTRATÉGICOS: direccionamiento estratégico, planeación institucional, liderazgo, trabajo en equipo. | G29: 1. La ANT cuenta con una serie de documentos que definen su estructura legal, contexto y actuación a corto, mediano y largo plazo 2. Sus planes, programas y proyectos son revisados y ajustados con frecuencia, acordes con las exigencias del contexto, sea éste interno o externo 3. Su actuación está orientada a responder las exigencias de los Planes de Desarrollo Nacional, las normatividades de Sector Agricultura, y su propia estructura, misión y visión. 4. A pesar de que la Entidad se encuentra bien constituida estratégicamente, falta mayor dinámica en su implementación. 5. Los equipos de trabajo internos, en muchas ocasiones no se coordinan entre si en su desempeño institucional 6. Escasa coordinación, entre dependecias, para el logro de los objetivos de planes, programas y proyectos.
E31: COMUNICACIÓN INTERNA: canales utilizados y su efectividad, flujo de la información necesaria para el desarrollo de las operaciones. | G31: 1. Existencia de varios canales informativos y de comunicación internos que se actualizan con frecuencia 2. A pesar de la existencia de canales informativos y de comunicación internos, la información interna no es fluida 3. Escasa o baja presencia de funcionarios en jornadas de capacitación, como en eventos masavios que se programan 4. Poca o baja coordinación, entre dependencias, para una comunicación ágil y fluida 5. Se generen nuevas o mucho más ágiles estrategias de comunicación e información.
B33: CONTEXTO DEL PROCESO | E33: PROCESO | G33: DISEÑO DEL PROCESO: claridad en la descripción del alcance y objetivo del proceso. | H33: INTERACCIONES CON OTROS PROCESOS: relación precisa con otros procesos en cuanto a insumos, proveedores, productos, usuarios o clientes. | I33: TRANSVERSALIDAD: procesos que determinan lineamientos necesarios para el desarrollo de todos los procesos de la entidad. | J33: PROCEDIMIENTOS ASOCIADOS: pertinencia en los procedimientos que desarrollan los procesos. | K33: RESPONSABLES DEL PROCESO: grado de autoridad y responsabilidad de los funcionarios frente al proceso. | L33: COMUNICACIÓN ENTRE LOS PROCESOS: efectividad en los flujos de información determinados en la interacción de los procesos. | M33: ACTIVOS DE SEGURIDAD DIGITAL DEL PROCESO: información, aplicaciones, hardware entre otros, que se deben proteger para garantizar el funcionamiento interno de cada proceso, como de cara al ciudadano. Ver conceptos básicos relacionados con el riesgo páginas 8 y 9.
E34: DIRECCIONAMIENTO ESTRATÉGICO | G34: ALCANCE: Desde la comprensión del contexto interno y externo, hasta la formulación de Planes, programas y proyectos relacionados con el cumplimiento de las funciones de la entidad. OBJETIVO: Establecer los lineamientos estratégicos y el esquema de operación de la Agencia Nacional de Tierras, asegurando la disponibilidad de los recursos necesarios para su aplicación. | J34: 1. DEST-P-002 FORMULACIÓN DEL PLAN ESTRATÉGICO. 2. DEST-P-003 FORMULACIÓN DEL PLAN DE ACCIÓN ANUAL 3. DEST-P-005 FORMULACIÓN DE PROYECTOS DE INVERSIÓN 4. DEST-P-007 GESTIÓN DE INDICADORES ANT. 5. DEST-P-008 FORMULACIÓN DE LA POLÍTICA Y ESTRATEGIA DE TRANSPARENCIA Y ANTICORRUPCIÓN | K34: 1. Oficina del Planeación. 2. Dirección General.
E35: COMUNICACIÓN Y GESTIÓN CON GRUPOS DE INTERÉS | G35: ALCANCE: Desde la formulación de lineamientos de comunicación interna y externa, hasta la articulación con los grupos de interés y organismos de control. OBJETIVO: Establecer lineamientos para la comunicación y coordinación intra e interinstitucional, que proporcione a los grupos de interés información veraz, objetiva y oportuna de la misión, objetivos y gestión de la Agencia Nacional de Tierras. | J35: 1. COGGI-P-001 ATENCIÓN Y SEGUIMIENTO A DENUNCIAS DE HECHOS ASOCIADOS A CORRUPCIÓN. 2. COGGI-P-002 DIRECCIONAMIENTO LEGAL. 3. COGGI-P-004 COMUNICACIÓN EXTERNA. 4. COGGI-P-005 ELABORACIÓN DE PLAN ANTICORRUPCIÓN Y DE ATENCIÓN AL CIUDADANO. 5. COGGI-P-006 ATENCIÓN A ORGANIZACIONES Y PROCESOS DE DIÁLOGO SOCIAL. 6. COOGI-P-007 CARACTERIZACIÓN DE CIUDADANOS, USUARIOS O GRUPOS DE INTERÉS. | K35: 1. Dirección General. 2. Secretaría General. 3. Oficina de Planeación. 4. Oficina Jurídica. 5. Oficina del Inspector de la Gestión de Tierras. 6. Oficina de Control Interno.
E36: INTELIGENCIA DE LA INFORMACIÓN | G36: ALCANCE: Desde el entendimiento estratégico (planes de acción GEL e Institucional PETIC), la definición, diseño e implementación de arquitectura de TIC en sus diferentes dominios, hasta el análisis de información y producción de conocimiento, el control de la información documentada, el esquema de gobierno de TIC (políticas lineamientos, diseño de servicios, seguridad de la información) y monitoreo y control de TIC. OBJETIVO: Definir e implementar políticas, lineamientos, modelos y estándares de gestión, manejo, control y análisis de la Información, asegurando su confiabilidad y alineación de los objetivos estratégicos de TI con los objetivos estratégicos institucionales y sectoriales para el logro del ordenamiento social de la propiedad rural. | J36: 1. INTI-P-001 CONTROL DE LA INFORMACIÓN DOCUMENTADA. 2. INTI-P-002 GESTIÓN DEL CONOCIMIENTO. 3. INTI-P-003 ARQUITECTURA TIC. 4. INTI-P-004 GOBIERNO DE TIC. 5. INTI-P-005 PLANEACIÓN ESTRATÉGICA DE TECNOLOGÍAS DE LA INFORMACIÓN Y COMUNICACIONES. 6. INTI-P-006 PRODUCCIÓN ESTADÍSTICA PARA EL OBSERVATORIO DE TIERRAS. | K36: 1. Dirección de Gestión del Ordenamiento Social de la Propiedad. 2. Oficina de Planeación.
E37: GESTIÓN DEL MODELO DE ATENCIÓN | G37: ALCANCE: Inicia con la recepción del rezago documental y finaliza con la identificación y respuesta de las Peticiones, Quejas, Reclamos, Denuncias y Felicitaciones que recibe la Agencia Nacional de Tierras. OBJETIVO: Asegurar la atención al ciudadano, mediante los modelos de atención por oferta, demanda y descongestión, que permita detectar las necesidades de ordenamiento social de la propiedad rural. | J37: 1. GEMA-P-002 RECEPCIÓN DE PQRSD | K37: 1. Secretaría General. 2. Dirección de Gestión del Ordenamiento social de la Propiedad. 3. Dirección Acceso a Tierras. 4. Dirección Gestión Jurídica de Tierras. 5. Dirección Asuntos Étnicos.
E38: PLANIFICACIÓN DEL ORDENAMIENTO SOCIAL DE LA PROPIEDAD | G38: ALCANCE: Desde el análisis de la información proveniente del proceso de gestión del modelo de atención hasta la aprobación de los planes de ordenamiento social de la propiedad rural y la planificación de las acciones para la demanda y rezago como también los planes de atención a comunidades étnicas. OBJETIVO: Determinar las acciones necesarias a cargo de la Entidad para consolidar el Ordenamiento Social de la Propiedad Rural considerando los modelos de atención por oferta, demanda y descongestión. | J38: 1. POSPR-P-001 FORMULACIÓN PLAN DE ATENCIÓN A COMUNIDADES ÉTNICAS. 2. POSPR-P-002 FORMULACIÓN DE POSPR. 3. POSPR-P-003 MONITOREO Y SEGUIMIENTO A LA FORMULACIÓN E IMPLEMENTACIÓN DE LOS POSPR. 4. POSPR-P-004 IMPLEMENTACIÓN Y ACTUALIZACIÓN DE LOS POSPR. 5. POSPR-P-005 REGISTRO DE SUJETOS DE ORDENAMIENTO SOCIAL. 6. POSPR-P-006 PROCEDIMIENTO ÚNICO DE ORDENAMIENTO SOCIAL DE LA PROPIEDAD. | K38: 1. Dirección General. 2. Dirección de Gestión del Ordenamiento Social de Propiedad. 3. Subdirección de Planeación Operativa. 4. Subdirección de Sistemas de Información. 5. Dirección de Acceso a Tierras. 6. Dirección de Gestión Jurídica de Tierras. 7. Dirección de Asuntos Étnicos. 8. UGT's 9. Secretaría General (servicio al ciudadano)
E39: SEGURIDAD JURÍDICA SOBRE LA TITULARIDAD DE LA TIERRA Y LOS TERRITORIOS | G39: ALCANCE: Inicia con los planes de ordenamiento social de la propiedad (oferta), solicitudes por demanda y por descongestión y finaliza con el acto administrativo final de los diferentes procedimientos administrativos especiales agrarios o con el registro del título ante la ORIP y entrega del mismo. OBJETIVO: Adelantar los procedimientos administrativos especiales agrarios y acompañar la formalización de los bienes privados, para establecer la naturaleza jurídica y la relación con la tierra. | J39: 1. SEJUT-P-001 PROCEDIMIENTOS ADMIN. AGRARIOS ESPECIALES. 2. SEJUT-P-002 DESLINDE Y CLARIFICACIÓN DE TIERRAS DE ASUNTOS ÉTNICOS. 3. SEJUT-P-003 REVERSIÓN DE ADJUDICACIÓN DE BALDÍO. 4. SEJUT-P-004 GESTIÓN DE LA FORMALIZACIÓN DE LA PROPIEDAD RURAL. | K39: 1. Dirección de Gestión Jurídica de Tierras. 2. Subdirección de procesos Agrarios y Gestión Jurídica. 3. Subdirección de seguridad Jurídica. 4. Dirección Asuntos Étnicos. 5. Subdirección Asuntos Étnicos. 6. UGT's
E40: ACCESO A LA PROPIEDAD DE LA TIERRA Y LOS TERRITORIOS | G40: ALCANCE: Inicia con el análisis de la ruta jurídica y termina con la decisión final del expediente. OBJETIVO: Ejecutar los procedimientos administrativos de adjudicación de baldíos, adjudicación de bienes fiscales patrimoniales, constitución, ampliación, saneamiento o restructuración de resguardos indígenas, titulación colectiva a comunidades negras, asignación de subsidios integrales de reforma agraria, e iniciativas comunitarias como mecanismos de acceso a tierras. | J40: 1. ACCTI-P-001 ADJUDICACIÓN DE BALDÍOS A ENTIDADES DE DERECHO PÚBLICO. 2. ACCTI-P-002 ADJUDI. PREDIOS ORDEN JUDICIAL-RES. LEY 1448 DE 2011. 3. ACCTI-P-003 ADJUDICACIÓN DE BALDÍOS A PERSONAS NATURALES. 4. ACCTI-P-004 SELECCIÓN DE BENEFICIARIOS Y ADJUDICACIÓN DE PREDIOS NO OCUPADOS. 5. ACCTI-P-005 REVOCATORIA DEL ACTO DE ADJUDICACIÓN. 6. ACCTI-P-006 FRACCIONAMIENTO DE PREDIOS RURALES POR DEBAJO DE LA UAF. 7. ACCTI-P-007 TITULACIÓN COLECTIVA A COMUNIDADES NEGRAS. 8. ACCTI-P-008 CONSTIT, AMPLIAC, SANEAM O REESTRUCT DE RESG INDÍGENAS. 9. ACCTI-P-009 IMPLEM. INICIATIVAS COMUNIT. CON ENFO. DIFER. ÉTNICO ASOC. AL COMPON. DE LEGALIZ. 10. ACCTI-P-010 COMPRA DIRECTA DE PREDIOS. 11. ACCTI-P-011 ADJUDICACIÓN DEL SUBSIDIO INTEGRAL DE REFORMA AGRARIA – SIRA. 12. ACCTI-P-012 INGRESO DE PREDIOS AL REGISTRO DE INMUEBLES RURALES – RIR. 13. ACCTI-P-013 ADJUDICACIÓN DE PREDIOS OCUPADOS – REGULARIZACIÓN. 14. ACCTI-P-014 REVOCAT. TITULACIÓN DE BALDÍOS EN EL MARCO DEL PROCE. ÚNICO DE OSPR. 15. ACCTI-P-015 TRÁMITE ESPECIAL EN CASO DE OCUPACIÓN DE HECHO DE PREDIOS. 16. ACCTI-P-016-ADQUISICIÓN DEL PREDIO. 17. ACCTI-P-017-MATER. SUBS. – APOYO PARA CUBRIR LOS REQUER. FINANC. IMPLEM PROY. PRODUC SIT, SIDRA, SIRA. 18. ACCTI-P-018 COMPRA DIRECTA DE PREDIOS PARA REINCORPORACIÓN Y NORMALIZACIÓN. | K40: 1. Dirección de Acceso a Tierras. 2. Subdirección de Acceso a Tierras por Demanda y Descongestión. 3. Subdirección de Acceso a Tierras en Zonas Focalizadas. 4. Subdirección de Administración de Tierras de la Nación. 5. Dirección de Asuntos Étnicos. 6. Subdirección de Asuntos Étnicos. 7. UGT's
E41: ADMINISTRACIÓN DE TIERRAS | G41: ALCANCE: Inicia con la información recibida por los diferentes modelos de atención e informes de seguimiento de las distintas adjudicaciones realizadas y finaliza con la administración del Fondo Nacional Agrario y baldíos, realización de mecanismos de administración, constitución y delimitación de zonas de reservas, protección de territorios ancestarles de comunidades indígenas, revocatoria del acto de adjudicación y limitaciones a la propiedad. OBJETIVO: Adelantar las diferentes acciones necesarias para la administración de los bienes fiscales patrimoniales de la Agencia y las tierras baldías de la Nación, conforme a la vocación productiva y uso del suelo, promoviendo las condiciones socioeconómicas y ambientales del territorio. | J41: 1. ADMTI-P-001 CONSTITUCIÓN DE ZONAS DE RESERVA CAMPESINA. 2. ADMTI-P-002 PROTECCIÓN TERRITORIOS ANCESTRALES DE COMUNIDADES INDÍGENAS. 3. ADMTI-P-003 RECIBO DE LOS PREDIOS RURALES CON EXTINCIÓN JUDICIAL DE DOMINIO. 4. ADMTI-P-004 ADMINISTRACIÓN DE PREDIOS FISCALES PATRIMONIALES. 5. ADMTI-P-005 APERTURA DE FOLIO DE MATRÍCULA INMOBILIARIA DE PREDIOS BALDÍOS A NOMBRE DE LA NACIÓN. 6. ADMTI-P-006 LIMITACIONES DE LA PROPIEDAD. 7. ADMTI-P-007 ADMINISTRACIÓN DE PREDIOS BALDÍOS. 8. ADMTI-P-008 PROCESO ADMINISTRATIVO. 9. ADMTI-P-009 EXPROPIACIÓN DE TIERRAS. 10. ADMTI-P-010 REALIZACIÓN DE ESTUDIOS TÉCNICOS. 11. ADMTI-P-011 SOLICITUDES DE SUSTRACCIÓN EN ZONAS DE RESERVA FORESTAL DE LEY 2ª DE 1959. 12. ADMTI-P-012 ASIGNACIÓN DERECHOS DE USO. 13. ADMTI-P-014 INTEGRACIONES AL PATRIMONIO. | K41: 1. Dirección de Acceso a Tierras. 2. Subdirección de Administración de Tierras de la Nación. 3. Dirección de Asuntos Étnicos. 4. Subdirección de Asuntos Étnicos. 5. UGT's.
E42: EVALUACIÓN DEL IMPACTO DEL ORDENAMIENTO SOCIAL DE LA PROPIEDAD RURAL | G42: ALCANCE: Desde la identificación de variables a evaluar hasta la presentación de los resultados del Impacto del Ordenamiento Social de la Propiedad Rural. OBJETIVO: Evaluar el impacto de las acciones que realiza la Agencia Nacional de Tierras para la implementación de la política de Ordenamiento Social de la Propiedad Rural. | K42: 1. Oficina del Planeación.
E43: GESTIÓN DE LA INFORMACIÓN | G43: ALCANCE: Desde la conceptualización de los servicios de tecnología de información y comunicaciones, y gestión de la información de geografía y topografía de la Entidad hasta el uso, administración y soporte. OBJETIVO: Prestar servicios de tecnologías de información y comunicaciones, y geografía y topografía oportunos para la operación y la toma de decisiones de la Agencia. | J43: 1. GINFO-P-002 DISPOSICIÓN DE LA INFORMACIÓN. 2. GINFO-P-003 CONSTRUCCIÓN DE SOFTWARE. 3. GINFO-P-005 PUBLICACIÓN DE INFORMACIÓN PÁGINA WEB. 4. GINFO-P-006 SOLICITUDES DE INFORMACIÓN A OTRAS ENTIDADES. 5.GINFO-P-007-LEVANTAMIENTO TOPOGRÁFICO. | K43: 1. Dirección General (Comunicaciones y Topografía). 2.Secretaria General. 3. Dirección de Gestión del Ordenamiento Social de la Propiedad. 4. Subdirección de Sistemas de Información de Tierras.
E44: GESTIÓN DEL TALENTO HUMANO | G44: ALCANCE: Inicia con la planeación, selección y vinculación del personal idóneo, competente y con las habilidades requeridas; y termina con el retiro del servidor público. OBJETIVO: Administrar el Talento Humano de la Agencia y promover su desarrollo; a través del diseño y ejecución de políticas, programas y procedimientos que contribuyan a la optimización de las competencias de los servidores públicos, promoviendo su capacitación y valoración en condiciones de bienestar, salud y seguridad social. | J44: 1. GTHU-P-001 FORMACIÓN Y CAPACITACIÓN. 2. GTHU-P-002 SISTEMA DE ESTÍMULOS. 3. GTHU-P-003 SISTEMA DE GESTIÓN DE LA SEGURIDAD Y SALUD EN EL TRABAJO. 4. GTHU-P-004 CONTROL DEL CUMPLIMIENTO DE LA JORNADA LABORAL Y HORARIO DE TRABAJO. 5. GTHU-P-005 PRESTACIÓN DEL SERVICIO DE AUXILIAR JURÍDICO AD HONÓREM O PASANTE. 6. GTHU-P-006 SELECCIÓN DEL PERSONAL. 7. GTHU-P-007 PROYECTOS DE APRENDIZAJE EN EQUIPOS. 8. GTHU-P-008 VINCULACIÓN DEL PERSONAL. 9. GTHU-P-009 DESVINCULACIÓN DE PERSONAL. 10. GTHU-P-010 SUSCRIPCIÓN ACUERDOS DE GESTIÓN. 11. GTHU-P-011 TRÁMITE DE LICENCIAS POR ENFERMEDAD, MATERNIDAD, PATERNIDAD O LUTO. 12. GTHU-P-012 TRÁMITE DE COMISIONES DE SERVICIOS AL EXTERIOR PARA FUNCIONARIOS. 13.GTHU-P-013 AUTORIZACIÓN DE PERMISOS. 14. GTHU-P-014 PROGRAMACIÓN Y FORMALIZACIÓN DE VACACIONES. 15. GTHU-P-015 TRÁMITE DE LICENCIAS NO REMUNERADAS. 16. GTHU-P-016 CONTROL INTERNO DISCIPLINARIO-PROCESO ORDINARIO. 17. GTHU-P-017 INDUCCIÓN, REINDUCCIÓN Y ENTRENAMIENTO ESPECÍFICO EN EL PUESTO DE TRABAJO. 18. GTHU-P-018 CONTROL INTERNO DISCIPLINARIO – PROCESO VERBAL. 19. GTHU-P-019 EVALUACIÓN DEL DESEMPEÑO LABORAL. | K44: 1. Subdirección de Talento Humano. 2. Secretaría General.
E45: APOYO JURÍDICO | G45: ALCANCE: Desde la asesoría jurídica al Director y demás dependencias, hasta las actuaciones judiciales tendientes a la debida defensa de los intereses de la entidad. OBJETIVO: Asesorar y dar soporte jurídico a las diferentes dependencias, a través de la emisión de conceptos y demás soportes legales que sean necesarios, así como realizar todas las actuaciones tendientes a la debida defensa de los intereses de la entidad. | J45: 1. APJUR-P-002 REPRESENTACIÓN JURÍDICA. 2. APJUR-P-003 VIABILIDAD DE DOCUMENTO PARA FIRMA DEL DIRECTOR DE LA AGENCIA NACIONAL DE TIERRAS. 3. APJUR-P-004 GESTIÓN DE COBRO COACTIVO. 4. APJUR-P-005 ADMINISTRACIÓN DEL NORMOGRAMA DE LA AGENCIA NACIONAL DE TIERRAS. | K45: 1. Oficina Jurídica
E46: ADQUISICIÓN DE BIENES Y SERVICIOS | G46: ALCANCE: Desde la programación y análisis de las necesidades de la Agencia hasta la terminación y/o liquidación del contrato. OBJETIVO: Adelantar la adquisición de bienes y/o servicios de la Agencia a través de los mecanismos definidos para la selección, elaboración, celebración, formalización, ejecución, terminación y/o liquidación de los contratos. | J46: 1. ADQBS-P-001 GESTIÓN PRE CONTRACTUAL – GENERALIDADES. 2. ADQBS-P-002 LIQUIDACIÓN BILATERAL DE CONVENIOS O CONTRATOS. 3. ADQBS-P-003 PROGRAMACIÓN ADMINISTRACIÓN, MODIFICACIÓN Y SEGUIMIENTO DEL PAABS. 4. ADQBS-P-004 GESTIÓN CONTRACTUAL. 5. ADQBS-P-005 LIQUIDACIÓN UNILATERAL DE CONVENIOS O CONTRATOS. 6. ADQBS-P-006 CONTRATACIÓN DIRECTA. 7. ADQBS-P-007 CONTRATACIÓN DE MÍNIMA CUANTÍA. | K46: 1. Subdirección Administrativa y Financiera. 2. Secretaría General.
E47: ADMINISTRACIÓN DE BIENES Y SERVICIOS | G47: ALCANCE: Desde la recepción de los bienes y servicios, hasta la disposición final de los bienes y el recibido a satisfacción de los servicios. OBJETIVO: Gestionar la Administración y mantenimiento de bienes y servicios necesarios para la ejecución de los procesos de la entidad. | J47: 1. ADMBS-P-001 NUMERACIÓN NOTIFICACIÓN COMUNICACIÓN Y PUBLICACIÓN DE RESOLUCIONES Y AUTOS. 2. ADMBS-P-002 TRÁMITE DE DESPLAZAMIENTOS AL EXTERIOR PARA CONTRATISTAS. 3. ADMBS-P-003 SOLICITUD DE BACKUP DE EQUIPOS DE USUARIO FINAL. 4. ADMBS-P-004 SOLICITUD SERVICIO DE TRANSPORTE TERRESTRE SEDES Y BOGOTÁ. 5. ADMBS-P-005 GESTIÓN DE REQUERIMIENTOS. 6. ADMBS-P-006 SOLICITUD AUTORIZACIÓN LEGALIZACIÓN Y PAGO DE DESPLAZAMIENTOS AL INTERIOR. 7. ADMBS-P-007 RECONSTRUCCIÓN DE EXPEDIENTES. 8. ADMBS-P-008 ENTRADA DE ALMACÉN. 9. ADMBS-P-009 BÚSQUEDA Y ATENCIÓN DE SOLICITUDES DEL ARCHIVO CENTRALIZADO. 10. ADMBS-P-010 PRÉSTAMO Y SUMINISTRO DE DOCUMENTOS UBICADOS EN EL ARCHIVO CENTRALIZADO. 11. ADMBS-P-011 TRANSFERENCIAS DOCUMENTALES PRIMARIAS. | K47: 1. Subdirección Administrativa y Financiera. 2. Secretaría General.
E48: GESTIÓN FINANCIERA | G48: ALCANCE: Desde la elaboración del anteproyecto de presupuesto de la ANT, hasta la presentación de los estados financieros. OBJETIVO: Administrar los recursos e información financiera con base en las necesidades de las dependencias de la Agencia y organismos estatales requirentes, a través de mecanismos de dirección, registro, ejecución, control y seguimiento de los recursos. | J48: 1. GEFIN-P-001 FORMULACIÓN DE ANTEPROYECTO DE PRESUPUESTO DE LA ANT. 2. GEFIN-P-002 PAGO ACREEDORES VARIOS. 3. GEFIN-P-003 SOLICITUD EXPEDICIÓN Y MODIFICACIÓN DE CERTIFICADOS DE DISPONIBILIDAD PRESUPUESTAL. 4. GEFIN-P-004 GESTIÓN DE PAGOS. 5. GEFIN-P-005 GESTIÓN DE ADMINISTRACIÓN DEL PAC. 6. GEFIN-P-006 PREPARACIÓN Y PRESENTACIÓN DE ESTADOS FINANCIEROS. 7. GEFIN-P-007 REGISTRO DE INGRESOS. 8. GEFIN-P-008 CAJA MENOR. | K48: 1. Secretaría General. 2. Subdirección Administrativa y Financiera. 3. Subdirección de Administracion de Tierras de la Nación. 4. Oficina de Planeación
E49: SEGUIMIENTO, EVALUACIÓN Y MEJORA | G49: ALCANCE: Desde el reporte y análisis de información y datos, la determinación de las causas probables de los incumplimientos y tendencias negativas hasta la formulación de acciones correctivas, preventivas y de mejora. OBJETIVO: Analizar la información proveniente de la retroalimentación del desempeño de procesos, planes, programas y proyectos, para la toma de decisiones y formulación de nuevas acciones orientadas a elevar el nivel de cumplimiento, transparencia y mejora institucional. | J49: 1. SEYM-P-002 GESTIÓN DEL PLAN DE MEJORAMIENTO. 2. SEYM-P-003 CONTROL DE SALIDAS NO CONFORMES. 3. SEYM-P-005 SEGUIMIENTO AL DESEMPEÑO. 4. SEYM-P-006 SEGUIMIENTO A LA EJECUCIÓN PRESUPUESTAL Y DE METAS. 5. SEYM-P-007 REALIZACIÓN DE AUDITORÍAS, INFORMES OBLIGATORIOS Y-O SEGUIMIENTOS. | K49: 1. Oficina de Control Interno. 2. Oficina de Planeación. 3. Oficina del Inspector de Gestión de Tierras. 4. Secretaría General

Sheet 3-IDENTIFICACIÓN DEL RIESGO
D3: FORMA | E3: MAPA DE RIESGOS DE CORRUPCIÓN | L3: CÓDIGO
D4: ACTIVIDAD | E4: GESTIÓN PARA LA TRANSPARENCIA | L4: VERSIÓN
D5: PROCEDIMIENTO | E5: ELABORACIÓN DE PLAN ANTICORRUPCIÓN Y DE ATENCIÓN AL CIUDADANO | L5: FECHA
D6: PROCESO | E6: COMUNICACIÓN Y GESTIÓN CON GRUPOS DE INTERÉS
B7: IDENTIFICACIÓN DEL RIESGO
B8: "Definición de riesgo de corrupción: Es la posibilidad de que, por acción u omisión, se use el poder para desviar la gestión de lo público hacia un beneficio privado. “Esto implica que las prácticas corruptas son realizadas por actores públicos y/o privados con poder e incidencia en la toma de decisiones y la administración de los bienes públicos” (Conpes N° 167 de 2013).". DAFP 2018
B9: FICHA DE IDENTIFICACIÓN DEL RIESGO
B10: PROCESO | D10: OBJETIVO DEL PROCESO | E10: RESPONSABLES DEL PROCESO | F10: ¿QUÉ PUEDE SUCEDER? Identificar la afectación del cumplimiento del objetivo estratégico o del proceso según sea el caso. | H10: ¿CÓMO O POR QUÉ PUEDE SUCEDER? Establecer las causas a partir de los factores determinados en el contexto. | J10: ¿CUÁNDO PUEDE SUCEDER? de acuerdo con el desarrollo del proceso, el momento o tarea critica en la que se puede materializar el riesgo. | L10: ¿QUÉ CONSECUENCIAS TENDRÍA SU MATERIALIZACIÓN? Determinar los posibles efectos por la materialización del riesgo | N10: RIESGO DE CORRUPCIÓN
N11: Acción u omisión | O11: Uso del poder | P11: Desviar la gestión de lo público | Q11: Beneficio privado
B12: ='2 - CONTEXTO'!E34 -> DIRECCIONAMIENTO ESTRATÉGICO | D12: Establecer los lineamientos estratégicos y el esquema de operación de la Agencia Nacional de Tierras, asegurando la disponibilidad de los recursos necesarios para su aplicación. | E12: ='2 - CONTEXTO'!K34 -> 1. Oficina del Planeación. 2. Dirección General. | F12: 1 | G12: Definición de lineamientos estratégicos para beneficiar grupos de interés contrarios a los objetivos de Reforma Rural Integral y de Ordenamiento Social de la Propiedad Rural | H12: Injerencia mediática de grupos de interés | J12: Formulación del Plan de Acción Anual | L12: Desatención de prioridades PND, Compes. ODS y Posconflicto | N12: SI | O12: SI | P12: SI | Q12: SI
H13: Causa 2 Riesgo 1 | L13: Consecuencia 2 Riesgo 1
F14: 2 | G14: Riesgo 2 | H14: Causa 1 Riesgo 2 | L14: Consecuencia 1 Riesgo 2
H15: Causa 2 Riesgo 2 | L15: Consecuencia 2 Riesgo 2
F16: 3 | G16: Riesgo 3 | H16: Causa 1 Riesgo 3 | L16: Consecuencia 1 Riesgo 3
H17: Causa 2 Riesgo 3 | L17: Consecuencia 2 Riesgo 3
F18: 4 | G18: Riesgo 4 | H18: Causa 1 Riesgo 4 | L18: Consecuencia 1 Riesgo 4
H19: Causa 2 Riesgo 4 | L19: Consecuencia 2 Riesgo 4
F20: 5 | G20: Riesgo 5 | H20: Causa 1 Riesgo 5 | L20: Consecuencia 1 Riesgo 5
H21: Causa 2 Riesgo 5 | L21: Consecuencia 2 Riesgo 5
B22: ='2 - CONTEXTO'!E35 -> COMUNICACIÓN Y GESTIÓN CON GRUPOS DE INTERÉS | D22: Establecer lineamientos para la comunicación y coordinación intra e interinstitucional, que proporcione a los grupos de interés información veraz, objetiva y oportuna de la misión, objetivos y gestión de la Agencia Nacional de Tierras. | E22: ='2 - CONTEXTO'!K35 -> 1. Dirección General. 2. Secretaría General. 3. Oficina de Planeación. 4. Oficina Jurídica. 5. Oficina del Inspector de la Gestión de Tierras. 6. Oficina de Control Interno. | F22: 1 | G22: Alterar información destinada a la consolidación de los informes de gestión, para beneficio propio o favorecimiento de grupos de interés, partidos políticos o particulares. | H22: Incumplimiento de metas | J22: Gestión de la comunicación Interna y externa | L22: favorecimiento indebido a grupos de interés. | N22: SI | O22: SI | P22: SI | Q22: SI
H23: Causa 2 Riesgo 1 | L23: Consecuencia 2 Riesgo 1
F24: 2 | G24: Riesgo 2 | H24: Causa 1 Riesgo 2 | L24: Consecuencia 1 Riesgo 2
H25: Causa 2 Riesgo 2 | L25: Consecuencia 2 Riesgo 2
F26: 3 | G26: Riesgo 3 | H26: Causa 1 Riesgo 3 | L26: Consecuencia 1 Riesgo 3
H27: Causa 2 Riesgo 3 | L27: Consecuencia 2 Riesgo 3
F28: 4 | G28: Riesgo 4 | H28: Causa 1 Riesgo 4 | L28: Consecuencia 1 Riesgo 4
H29: Causa 2 Riesgo 4 | L29: Consecuencia 2 Riesgo 4
F30: 5 | G30: Riesgo 5 | H30: Causa 1 Riesgo 5 | L30: Consecuencia 1 Riesgo 5
H31: Causa 2 Riesgo 5 | L31: Consecuencia 2 Riesgo 5
B32: ='2 - CONTEXTO'!E36 -> INTELIGENCIA DE LA INFORMACIÓN | D32: Definir e implementar políticas, lineamientos, modelos y estándares de gestión, manejo, control y análisis de la Información, asegurando su confiabilidad y alineación de los objetivos estratégicos de TI con los objetivos estratégicos institucionales y sectoriales para el logro del ordenamiento social de la propiedad rural. | E32: ='2 - CONTEXTO'!K36 -> 1. Dirección de Gestión del Ordenamiento Social de la Propiedad. 2. Oficina de Planeación. | F32: 1 | G32: Estructurar proyectos de TI para beneficio específico de un tercero o propio. | H32: Tráfico de influencias. | J32: Elaboración de ficha técnica de contratación | L32: Perdida de la eficiencia tecnológica. | N32: SI | O32: SI | P32: SI | Q32: SI
H33: Manejo indebido de la información | L33: Afectación del desarrollo de las actividades misionales.
F34: 2 | G34: Riesgo 2 | H34: Causa 1 Riesgo 2 | L34: Consecuencia 1 Riesgo 2
H35: Causa 2 Riesgo 2 | L35: Consecuencia 2 Riesgo 2
F36: 3 | G36: Riesgo 3 | H36: Causa 1 Riesgo 3 | L36: Consecuencia 1 Riesgo 3
H37: Causa 2 Riesgo 3 | L37: Consecuencia 2 Riesgo 3
F38: 4 | G38: Riesgo 4 | H38: Causa 1 Riesgo 4 | L38: Consecuencia 1 Riesgo 4
H39: Causa 2 Riesgo 4 | L39: Consecuencia 2 Riesgo 4
F40: 5 | G40: Riesgo 5 | H40: Causa 1 Riesgo 5 | L40: Consecuencia 1 Riesgo 5
H41: Causa 2 Riesgo 5 | L41: Consecuencia 2 Riesgo 5
B42: ='2 - CONTEXTO'!E37 -> GESTIÓN DEL MODELO DE ATENCIÓN | D42: Asegurar la atención al ciudadano, mediante los modelos de atención por oferta, demanda y descongestión, que permita detectar las necesidades de ordenamiento social de la propiedad rural. | E42: ='2 - CONTEXTO'!K37 -> 1. Secretaría General. 2. Dirección de Gestión del Ordenamiento social de la Propiedad. 3. Dirección Acceso a Tierras. 4. Dirección Gestión Jurídica de Tierras. 5. Dirección Asuntos Étnicos. | F42: 1 | G42: Omitir o dilatar intencionalmente la gestión de PQRSD para beneficio propio o de terceros | H42: Intereses económicos | J42: En cualquiera de las fases de la gestión de PQRSD | L42: Pérdida de la credibilidad institucional e investigaciones y sanciones | N42: SI | O42: SI | P42: SI | Q42: SI
H43: Ofrecimiento de sobornos | L43: Inoportunidad en el servicio al ciudadano
F44: 2 | G44: Solicitar y/o recibir dinero o cualquier otro beneficio personal a cambio de la promesa de éxito en la realización o priorización de un trámite | H44: Amenazas | J44: En cualquiera de los contactos con los usuarios y ciudadanos | L44: Pérdida de la credibilidad institucional e investigaciones y sanciones | N44: SI | O44: SI | P44: SI | Q44: SI
H45: Sobornos | L45: Oportunidad para estafas a ciudadanos
F46: 3 | G46: Riesgo 3 | H46: Causa 1 Riesgo 3 | L46: Consecuencia 1 Riesgo 3
H47: Causa 2 Riesgo 3 | L47: Consecuencia 2 Riesgo 3
F48: 4 | G48: Riesgo 4 | H48: Causa 1 Riesgo 4 | L48: Consecuencia 1 Riesgo 4
H49: Causa 2 Riesgo 4 | L49: Consecuencia 2 Riesgo 4
F50: 5 | G50: Riesgo 5 | H50: Causa 1 Riesgo 5 | L50: Consecuencia 1 Riesgo 5
H51: Causa 2 Riesgo 5 | L51: Consecuencia 2 Riesgo 5
B52: ='2 - CONTEXTO'!E38 -> PLANIFICACIÓN DEL ORDENAMIENTO SOCIAL DE LA PROPIEDAD | D52: Determinar las acciones necesarias a cargo de la Entidad para consolidar el Ordenamiento Social de la Propiedad Rural considerando los modelos de atención por oferta, demanda y descongestión. | E52: ='2 - CONTEXTO'!K38 -> 1. Dirección General. 2. Dirección de Gestión del Ordenamiento Social de Propiedad. 3. Subdirección de Planeación Operativa. 4. Subdirección de Sistemas de Información. 5. Dirección de Acceso a Tierras. 6. Dirección de Gestión Jurídica de Tierras. 7. Dirección de Asuntos Étnicos. 8. UGT's 9. Secretaría General (servicio al ciudadano) | F52: 1 | G52: Alterar u omitir la información física o jurídica de los predios durante la Formulación e implementación de Planes de Ordenamiento Social de la Propiedad, para favorecer a terceros. | H52: Presencia de intereses políticos | J52: Durante la recolección y analisis de la información primaria para la formulación e implementación del Plan de Ordenamiento Social de la propiedad en el municipio programado. | L52: Investigaciones y sanciones. | N52: SI | O52: SI | P52: SI | Q52: SI
H53: Debilidad en la auditoria de la información del componente físico-jurídico capturada en campo. | L53: Perdida de credibilidad institucional
F54: 2 | G54: Solicitar o recibir dinero o dádivas por la realización u omisión de actuaciones como gestores catastrales, con el propósito de beneficiar a un tercero | H54: Presencia de intereses políticos y/o económicos | J54: Durante el levatamiento del Barrido predial masivo y el analisis de información | L54: Investigaciones y sanciones. | N54: SI | O54: SI | P54: SI | Q54: SI
H55: Causa 2 Riesgo 2 | L55: Perdida de credibilidad institucional
F56: 3 | G56: Solicitar o recibir dadivas por inscripción en el Registro de Sujetos de Ordenamiento | H56: Falta de ética profesional del funcionario o personal vinculado a la entidad. | J56: En el proceso de valoración de la solicitud | L56: Deterioro de la imagen institucional. | N56: SI | O56: SI | P56: SI | Q56: SI
H57: Falta de controles en el manejo de la información | L57: Hallazgos, observaciones y/o acciones sancionatorias por parte de los organismos de control.
F58: 4 | G58: Alterar u omitir información en desarrollo del procedimiento de Registro de Sujetos de Ordenamiento, para favorecer a terceros. | H58: Desconocimiento de la normatividad y lineamientos establecidos para el desarrollo del registro de sujetos de ordenamiento | J58: En el proceso de valoración y calidad puede alterarse u omitir información | L58: Pérdida de la credibilidad institucional. | N58: SI | O58: SI | P58: SI | Q58: SI
H59: Causa 2 Riesgo 4 | L59: Demandas contra la entidad y/o funcionarios
F60: 5 | G60: Alterar u omitir informacion en la expedicion de actos administrativos sobre la implementacion de los POSPR | H60: Deficiencias en la planeacion sobre los municipios a programar y/o desprogramar en la implementacion de los Planes de Ordenamiento Social de La Propiedad Rural | J60: Cuando se implementen los Planes de Ordenamiento Social de La Propiedad Rural | L60: Expedicion de actos administrativos con falsa motivacion para la programacion y/o desprogramacion de municipios en la implementacion de los POSPR | N60: SI | O60: SI | P60: SI | Q60: SI
H61: Causa 2 Riesgo 5 | L61: Consecuencia 2 Riesgo 5
F62: 6 | G62: Los servidores públicos y/o colaboradores de las UGT, solicitan o reciben dadivas por diligenciamiento o entrega del Formulario de Inscripción de Sujetos de Ordenamiento - FISO | H62: 1. Falta de ética profesional del funcionario o personal vinculado a la entidad. | J62: En el diligenciamiento o entrega del Formulario de Inscripción de Sujetos de Ordenamiento - FISO | L62: 1. Afectación de credibilidad e imagen institucional | N62: SI | O62: SI | P62: SI | Q62: SI
H63: 2. Falta de controles en el manejo de la información | L63: Consecuencia 2 Riesgo 6
B64: ='2 - CONTEXTO'!E39 -> SEGURIDAD JURÍDICA SOBRE LA TITULARIDAD DE LA TIERRA Y LOS TERRITORIOS | D64: Adelantar los procedimientos administrativos especiales agrarios y acompañar la formalización de los bienes privados, para establecer la naturaleza jurídica y la relación con la tierra. | E64: ='2 - CONTEXTO'!K39 -> 1. Dirección de Gestión Jurídica de Tierras. 2. Subdirección de procesos Agrarios y Gestión Jurídica. 3. Subdirección de seguridad Jurídica. 4. Dirección Asuntos Étnicos. 5. Subdirección Asuntos Étnicos. 6. UGT's | F64: 1 | G64: Servidores públicos o colaboradores de la ANT, que en beneficio propio o de un tercero manipulen, destruyan, dilaten omitan o incidan indebidamente en trámites o actuaciones administrativas de procesos agrarios o formalización de la propiedad privada rural. | H64: Deficiencias en la comunicación y desconocimiento de los usuarios sobre los trámites de procesos agrarios y formalización de la propiedad privada rural, acorde a la normatividad vigente. | J64: En cualquiera de las fases de los procesos agrarios y de formalización. | L64: Desgaste administrativo para subsanar la actuación. | N64: SI | O64: SI | P64: SI | Q64: SI
H65: Causa 2 Riesgo 1 | L65: Deterioro de la imagen institucional.
F66: 2 | G66: Servidores públicos y/o colaboradores de las UGT reciben dádivas por agilizar, omitir o dilatar trámites para el desarrollo de procesos agrarios | H66: 1. Deficiencias en la comunicación y desconocimiento de los usuarios sobre los trámites de procesos agrarios y formalización de la propiedad privada rural, acorde a la normatividad vigente | J66: En las fases inciales de los procesos agrarios y de formalización. | L66: 1. Afectación de credibilidad e imagen institucional | N66: SI | O66: SI | P66: SI | Q66: SI
H67: 2. Interés de terceros en la dilatar u orientar la decisión de procesos agrarios. | L67: Consecuencia 2 Riesgo 2
F68: 3 | G68: Riesgo 3 | H68: Causa 1 Riesgo 3 | L68: Consecuencia 1 Riesgo 3
H69: Causa 2 Riesgo 3 | L69: Consecuencia 2 Riesgo 3
F70: 4 | G70: Riesgo 4 | H70: Causa 1 Riesgo 4 | L70: Consecuencia 1 Riesgo 4
H71: Causa 2 Riesgo 4 | L71: Consecuencia 2 Riesgo 4
F72: 5 | G72: Riesgo 5 | H72: Causa 1 Riesgo 5 | L72: Consecuencia 1 Riesgo 5
H73: Causa 2 Riesgo 5 | L73: Consecuencia 2 Riesgo 5
B74: ='2 - CONTEXTO'!E40 -> ACCESO A LA PROPIEDAD DE LA TIERRA Y LOS TERRITORIOS | D74: Ejecutar los procedimientos administrativos de adjudicación de baldíos, adjudicación de bienes fiscales patrimoniales, constitución, ampliación, saneamiento o restructuración de resguardos indígenas, titulación colectiva a comunidades negras, asignación de subsidios integrales de reforma agraria, e iniciativas comunitarias como mecanismos de acceso a tierras. | E74: ='2 - CONTEXTO'!K40 -> 1. Dirección de Acceso a Tierras. 2. Subdirección de Acceso a Tierras por Demanda y Descongestión. 3. Subdirección de Acceso a Tierras en Zonas Focalizadas. 4. Subdirección de Administración de Tierras de la Nación. 5. Dirección de Asuntos Étnicos. 6. Subdirección de Asuntos Étnicos. 7. UGT's | F74: 1 | G74: Manipulación y/u omisión de la información obtenida en la visita agronómica o estudio preliminar y complementario de títulos de expedientes de Compra Directa de la DAT para beneficio propio o de particulares. | H74: Presencia de intereses particulares o conductas de recibir o solicitar beneficios en la visita agronómica o en el estudio preliminar y complementario de títulos por parte del profesional de Compra Directa de la DAT designado para la revisión | J74: Durante el desarrollo de la visita agronómica del predio y en la realización del estudio complementario de títulos | L74: Afectación en el logro de indicadores y metas asociadas a compra de predios en actividades misionales | N74: SI | O74: SI | P74: SI | Q74: SI
H75: Desarrollo de actividades por fuera de las normas, procedimientos, parámetros y criterios establecidos para beneficio propio o de terceros. Así como, baja cobertura de inducción y/o capacitación en procesos y procedimientos internos de la DAT relacionados con el riesgo identificado. | L75: Investigaciones y/o hallazgos presentados por parte de órganos de control
F76: 2 | G76: Manipulación de la información durante las actividades de verificación de requisitos minimos del predio de tipo jurídico, técnico o ambiental bajo el cual se materialice un subsidio, para beneficio propio o de un tercero | H76: Presencia de intereses particulares o conductas de recibir o solicitar beneficios por parte de los profesionales asignados para el estudio de predios objeto de materialización del subsidio | J76: Durante la valoración integral del predio, en el marco del análisis de los requisitos minimos del predio de tipo jurídico, técnico o ambiental. | L76: Afectación en el logro de indicadores y metas asociadas a adquisición de predios en zonas focalizadas | N76: SI | O76: SI | P76: SI | Q76: SI
H77: Desconocimiento de los requisitos establecidos en los Procedimientos ACCTI-P-016 Materialización del Subsidio - Adquisición del predio y ACCTI-P-017 Materialización del subsidio- Implementación del proyecto productivo por parte del equipo profesional asignado | L77: Investigaciones internas (control interno) o externas (por parte de órganos de control)
F78: 3 | G78: Manipulación de la información en las diferentes etapas del procedimiento de Revocatoria Directa de la DAT para beneficio propio y/o de particulares | H78: En la elaboración del informe técnico-jurídico preliminar y definitivo, se puede favorecer intereses a particualres a efectos de establecer el inicio fase adminitrativa y/o judicial | J78: Durante el desarrollo de etapas del procedimiento de Revocatoria Directa, según requisitos establecidos con énfasis en la emisión de la Resolución de decisión de fondo del trámite de Revocatoria | L78: Afectación en el logro de indicadores y metas asociadas a Limitación a la Propiedad aprobadas en al SATN | N78: SI | O78: SI | P78: SI | Q78: SI
H79: Desconocimiento de los requisitos establecidos en el Procedimiento ACCTI-P-005 Revocatoria Baldios a Persona Natural -Ley 160/94 y ACCTI-P-014 Titulación de Baldíos POSPR, por parte de colaboradores nuevos que ingresan al Grupo de Revocatoria | L79: Investigaciones internas (control interno) o externas (por parte de órganos de control)
F80: 4 | G80: Manipulación de la información entregada a las subdirecciones misionales según el POSPR-P-006 P Procedimiento Unico de Ordenamiento Social de la Propiedad, para beneficio propio o de terceros | H80: Presencia de intereses particulares o conductas de recibir o solicitar beneficios por parte de los profesionales asignados para la adjudicación de predios baldios en las zonas focalizadas | J80: Durante la validación de la información remitida por parte DGOSP, como en la elaboración del informe técnico - jurídico preliminar y definitivo en el marco del procedimiento unico | L80: Afectación en el logro de indicadores y metas asociadas a adjudicación de predios baldios y bienes fiscales patrimoniales en los municipios focalizados | N80: SI | O80: SI | P80: SI | Q80: SI
H81: Desconocimiento de los requisitos establecidos en el Procedimiento POSPR-P-006 PROCEDIMIENTO ÚNICO DE ORDENAMIENTO SOCIAL DE LA PROPIEDAD,para la adjudicaciónn de predios baldios en los municipios focalizados, por parte del equipo profesional asignado | L81: Investigaciones internas (control interno) o externas (por parte de órganos de control)
F82: 5 | G82: Adquisición de predios sin pleno cumplimiento de requisitos o por fuera de las necesidades y prioridades establecidos por la ANT, para beneficio de particulares | H82: Presencia de intereses particulares (tramitadores, estafadores, políticos, empresarios, terratenientes, Grupos Armados Organizados y Grupos de Delincuencia Organizada) para la adquisición de predios, incluidas las conductas de recibir o solicitar beneficios por parte de un servidor público o contratista de operadores. | J82: En la verificación de requisitos. | L82: Detrimento patrimonial debido al abuso indebido de los recursos de la entidad. | N82: SI | O82: SI | P82: SI | Q82: SI
H83: Debilidades en el seguimiento y aplicación de los controles establecidos en el procedimiento. | L83: Demanda y sanciones judiciales.
F84: 6 | G84: Desviación de recursos en el desarrollo del proceso de la iniciativa Comunitaria con enfoque diferencial étnico para beneficio de un contratista o funcionario o un tercero. | H84: Omisión de la construcción participativa de la iniciativa comunitaria | J84: En la formulación y ejecución de la iniciativa comunitaria. | L84: Vulneración en derechos colectivos de comunidades. | N84: SI | O84: SI | P84: SI | Q84: SI
H85: Intervención de un tercero en la construcción de la iniciativa comunitaria. | L85: Detrimento patrimonial
F86: 7 | G86: Dilación en la atención a las solicitudes de comunidades étnicas favorenciendo intereses particulares. | H86: Aplicación del manual de criterios de priorización para la atención de solicitudes de comunidades étnicas con intereses particulares. | J86: En cualquier etapa de la ejecución del procedimiento asignado a los diferentes Equipos de formalización por parte de la Subdirección y Dirección de Asuntos Étnicos. | L86: Inequidad por no atención a las solicitudes presentadas por comunidades Étnicas | N86: SI | O86: SI | P86: SI | Q86: SI
H87: Causa 2 Riesgo 7 | L87: Consecuencia 2 Riesgo 7
F88: 8 | G88: Favorecimiento en la atención de solicitudes de formalización de territorios colectivos a comunidades étnicas específicas por parte de la Subdirección de Asuntos Étnicos, desconociendo el principio de equidad. | H88: Desconocimiento intencional por parte del encargado del trámite de la fecha de presentación de las solicitudes para favorecimiento a un tercero con fines particulares inobservando los criterios de priorización y ponderación. | J88: En el momento de recepción de la solicitud del procedimiento de formalización. | L88: Inequidad por no atención a las solicitudes presentadas por comunidades Étnicas | N88: SI | O88: SI | P88: SI | Q88: SI
H89: Causa 2 Riesgo 8 | L89: Consecuencia 2 Riesgo 8
F90: 9 | G90: Solicitud y/o aceptación de dádivas por agilizar trámites o proferir decisiones administrativas en beneficio de un particular y/o tercero para la adjudicación de bienes | H90: 1. Falta de estrategias para potencializar la cultura de legalidad, transparencia y sentido de pertenencia | J90: En el desarrollo de las fases administrativas | L90: 1. Afectación de credibilidad e imagen institucional | N90: SI | O90: SI | P90: SI | Q90: SI
H91: 2. Baja cobertura de capacitaciones frente a responsabilidades disciplinarias, fiscales o penales por incurrir en potenciales actos de corrupcion con alcance a contratistas y funcionarios | L91: Consecuencia 2 Riesgo 9
B92: ='2 - CONTEXTO'!E41 -> ADMINISTRACIÓN DE TIERRAS | D92: Adelantar las diferentes acciones necesarias para la administración de los bienes fiscales patrimoniales de la Agencia y las tierras baldías de la Nación, conforme a la vocación productiva y uso del suelo, promoviendo las condiciones socioeconómicas y ambientales del territorio. | E92: ='2 - CONTEXTO'!K41 -> 1. Dirección de Acceso a Tierras. 2. Subdirección de Administración de Tierras de la Nación. 3. Dirección de Asuntos Étnicos. 4. Subdirección de Asuntos Étnicos. 5. UGT's. | F92: 1 | G92: Solicitud o aceptación de dádivas por agilizar trámites o proferir decisiones administrativas relacionadas con solicitudes de limitación a la propiedad para beneficio de un particular y/o tercero | H92: Presencia de intereses particulares o conductas de recibir o solicitar beneficios en la verificación del estudio del caso recibido para limitación de la propiedad por parte del profesional de SATN designado para el trámite | J92: Durante el trámite de la solicitud de limitación a la propiedad para decidir el sentido de la respuesta frente al cumplimiento de requisitos | L92: Detrimento patrimonial o defraudación tanto de los particulares como del Estado | N92: SI | O92: SI | P92: SI | Q92: SI
H93: Desconocimiento de los requisitos establecidos en el Procedimiento ADMTI-P-006 Limitación a la Propiedad por parte de colaboradores nuevos que ingresan al grupo funcional de LP en la SATN | L93: Investigaciones internas (control interno) o externas (por parte de órganos de control)
F94: 2 | G94: Uso de la información sobre adjudicación de baldíos a Entidades de Derecho Público para beneficio particular o de terceros | H94: Presencia de intereses particulares o conductas de recibir o solicitar beneficios en la adjudicación de terrenos baldíos de la Nación a Entidades de Derecho Público por parte del profesional de SATN designado | J94: Durante el desarrollo del procedimiento con énfasis en la aceptación de la solicitud y en la expedición del acto administrativo de la decisión | L94: Afectación en el logro de indicadores y metas asociadas a Entidades de Derecho Público aprobadas en la SATN | N94: SI | O94: SI | P94: SI | Q94: SI
H95: Desconocimiento de los requisitos establecidos en el Procedimiento de Adjudicación de Baldíos a Entidades de Derecho Público por colaboradores nuevos que ingresan al grupo funcional de EDP en la SATN | L95: Investigaciones internas (control interno) o externas (por parte de órganos de control)
F96: 3 | G96: Ofrecer en la UGT promesa de éxito en la realización o priorización de un trámite a cambio de un beneficio personal | H96: 1. Falta de ética profesional del funcionario o personal vinculado a la entidad. | J96: En cualquiera de las fases del procedimiento de limitación de propiedad | L96: 1. Afectación de credibilidad e imagen institucional | N96: SI | O96: SI | P96: SI | Q96: SI
H97: 2. Presiones por las partes interesadas | L97: Consecuencia 2 Riesgo 3
F98: 4 | G98: Riesgo 4 | H98: Causa 1 Riesgo 4 | L98: Consecuencia 1 Riesgo 4
H99: Causa 2 Riesgo 4 | L99: Consecuencia 2 Riesgo 4
F100: 5 | G100: Riesgo 5 | H100: Causa 1 Riesgo 5 | L100: Consecuencia 1 Riesgo 5
H101: Causa 2 Riesgo 5 | L101: Consecuencia 2 Riesgo 5
B102: ='2 - CONTEXTO'!E42 -> EVALUACIÓN DEL IMPACTO DEL ORDENAMIENTO SOCIAL DE LA PROPIEDAD RURAL | D102: Determinar las acciones necesarias a cargo de la Entidad para consolidar el Ordenamiento Social de la Propiedad Rural considerando los modelos de atención por oferta, demanda y descongestión. | E102: ='2 - CONTEXTO'!K42 -> 1. Oficina del Planeación. | F102: 1 | G102: SIN IDENTIFICACIÓN DE RIESGOS DE CORRUPCIÓN | H102: Causa 1 Riesgo 1 | L102: Consecuencia 1 Riesgo 1
...

Sheet 4-VALORACIÓN DEL RIESGO
E2: FORMA | G2: MAPA DE RIESGOS DE CORRUPCIÓN | AE2: CÓDIGO
E3: ACTIVIDAD | G3: GESTIÓN PARA LA TRANSPARENCIA | AE3: VERSIÓN
E4: PROCEDIMIENTO | G4: ELABORACIÓN DE PLAN ANTICORRUPCIÓN Y DE ATENCIÓN AL CIUDADANO | AE4: FECHA
E5: PROCESO | G5: COMUNICACIÓN Y GESTIÓN CON GRUPOS DE INTERÉS
B6: VALORACIÓN DEL RIESGO INHERENTE
B7: "¿EN QUÉ CONSISTE?, En establecer la probabilidad de ocurrencia del riesgo y el nivel de consecuencia o impacto, con el fin de estimar la zona de riesgo inicial (RIESGO INHERENTE).". DAFP 2018
B8: FICHA DE VALORACIÓN DEL RIESGO INHERENTE
B9: PROCESO | D9: RESPONSABLES DEL PROCESO | E9: DESCRIPCIÓN DEL RIESGO | G9: PROBABILIDAD CASI SEGURO: Se espera que el evento ocurra en la mayoría de las circunstancias. (Frecuencia: más de 1 vez al año.) PROBABLE: Es viable que el evento ocurra en la mayoría de las circunstancias. (Frecuencia: Al menos 1 vez en el último año.) POSIBLE: El evento podrá ocurrir en algún momento. (Frecuencia: Al menos 1 vez en los últimos 2 años.) IMPROBABLE: El evento puede ocurrir en algún momento. (Frecuencia: Al menos 1 vez en los últimos 5 años.) RARA VEZ: El evento puede ocurrir solo en circunstancias excepcionales. (No se ha presentado en los últimos 5 años.) | H9: Valor Probabilidad (celda de calculo automatizado) | I9: IMPACTO Si el riesgo de corrupción se materializa podría… (responder SI o NO) Responder afirmativamente de UNA a CINCO pregunta (s) genera un impacto moderado. Responder afirmativamente de SEIS a ONCE preguntas genera un impacto mayor. Responder afirmativamente de DOCE a DIECINUEVE preguntas genera un impacto catastrófico. | AD9: Valor Impacto (celda de calculo automatizado) | AE9: RIESGO INHERENTE | AF9: OPCIÓN DE MANEJO
I10: ¿Afectar al grupo de funcionarios del proceso? | J10: ¿Afectar el cumplimiento de metas y objetivos de la dependencia? | K10: ¿Afectar el cumplimiento de misión de la entidad? | L10: ¿Afectar el cumplimiento de la misión del sector al que pertenece la entidad? | M10: ¿Generar pérdida de confianza de la entidad, afectando su reputación? | N10: ¿Generar pérdida de recursos económicos? | O10: ¿Afectar la generación de los productos o la prestación de servicios? | P10: ¿Dar lugar al detrimento de calidad de vida de la comunidad por la pérdida del bien, servicios o recursos públicos? | Q10: ¿Generar pérdida de información de la entidad? | R10: ¿Generar intervención de los órganos de control, de la Fiscalía u otro ente? | S10: ¿Dar lugar a procesos sancionatorios? | T10: ¿Dar lugar a procesos disciplinarios? | U10: ¿Dar lugar a procesos fiscales? | V10: ¿Dar lugar a procesos penales? | W10: ¿Generar pérdida de credibilidad del sector? | X10: ¿Ocasionar lesiones físicas o pérdida de vidas humanas? | Y10: ¿Afectar la imagen regional? | Z10: ¿Afectar la imagen nacional? | AA10: ¿Generar daño ambiental? | AB10: Total respuestas afirmativas | AC10: IMPACTO
B11: ='3-IDENTIFICACIÓN DEL RIESGO'!B12 -> DIRECCIONAMIENTO ESTRATÉGICO | D11: ='3-IDENTIFICACIÓN DEL RIESGO'!E12 -> 1. Oficina del Planeación. 2. Dirección General. | E11: ='3-IDENTIFICACIÓN DEL RIESGO'!G12 -> Definición de lineamientos estratégicos para beneficiar grupos de interés contrarios a los objetivos de Reforma Rural Integral y de Ordenamiento Social de la Propiedad Rural | G11: Posible | H11: =IF(G11="Casi Seguro",5,IF(G11="Probable",4,IF(G11="Posible",3,IF(G11="Improbable",2,IF(G11="Rara Vez",1))))) -> 3 | I11: NO | J11: SI | K11: SI | L11: SI | M11: SI | N11: NO | O11: NO | P11: SI | Q11: NO | R11: SI | S11: SI | T11: SI | U11: SI | V11: NO | W11: SI | X11: NO | Y11: NO | Z11: SI | AA11: SI | AB11: =COUNTIF(I11:AA11,"SI") -> 12 | AC11: =IF(AB11<6,"Moderado",IF(AB11<12,"Mayor",IF(AB11<20,"Catastrófico"))) -> Catastrófico | AD11: =IF(AC11="Catastrófico",5,IF(AC11="Mayor",4,IF(AC11="Moderado",3))) -> 5 | AE11: =IF(OR(AND(AC11="Moderado",G11="Rara Vez"),AND(AC11="Moderado",G11="Improbable")),"Moderado",IF(OR(AND(AC11="Mayor",G11="Improbable"),AND(AC11="Mayor",G11="Rara Vez"),AND(AC11="Moderado",G11="Probable"),AND(AC11="Moderado",G11="Posible")),"Alto",IF(OR(AND(AC11="Moderado",G11="Casi Seguro"),AND(AC11="Mayor",G11="Posible"),AND(AC11="Mayor",G11="Probable"),AND(AC11="Mayor",G11="Casi Seguro")),"Extremo",IF(AC11="Catastrófico","Extremo")))) -> Extremo | AF11: Reducir
E12: ='3-IDENTIFICACIÓN DEL RIESGO'!G14 -> Riesgo 2 | H12: =IF(G12="Casi Seguro",5,IF(G12="Probable",4,IF(G12="Posible",3,IF(G12="Improbable",2,IF(G12="Rara Vez",1))))) -> FALSE | AB12: =COUNTIF(I12:AA12,"SI") -> 0 | AC12: =IF(AB12<6,"Moderado",IF(AB12<12,"Mayor",IF(AB12<20,"Catastrófico"))) -> Moderado | AD12: =IF(AC12="Catastrófico",5,IF(AC12="Mayor",4,IF(AC12="Moderado",3))) -> 3 | AE12: =IF(OR(AND(AC12="Moderado",G12="Rara Vez"),AND(AC12="Moderado",G12="Improbable")),"Moderado",IF(OR(AND(AC12="Mayor",G12="Improbable"),AND(AC12="Mayor",G12="Rara Vez"),AND(AC12="Moderado",G12="Probable"),AND(AC12="Moderado",G12="Posible")),"Alto",IF(OR(AND(AC12="Moderado",G12="Casi Seguro"),AND(AC12="Mayor",G12="Posible"),AND(AC12="Mayor",G12="Probable"),AND(AC12="Mayor",G12="Casi Seguro")),"Extremo",IF(AC12="Catastrófico","Extremo")))) -> FALSE | AF12: Reducir
E13: ='3-IDENTIFICACIÓN DEL RIESGO'!G16 -> Riesgo 3 | H13: =IF(G13="Casi Seguro",5,IF(G13="Probable",4,IF(G13="Posible",3,IF(G13="Improbable",2,IF(G13="Rara Vez",1))))) -> FALSE | AB13: =COUNTIF(I13:AA13,"SI") -> 0 | AC13: =IF(AB13<6,"Moderado",IF(AB13<12,"Mayor",IF(AB13<20,"Catastrófico"))) -> Moderado | AD13: =IF(AC13="Catastrófico",5,IF(AC13="Mayor",4,IF(AC13="Moderado",3))) -> 3 | AE13: =IF(OR(AND(AC13="Moderado",G13="Rara Vez"),AND(AC13="Moderado",G13="Improbable")),"Moderado",IF(OR(AND(AC13="Mayor",G13="Improbable"),AND(AC13="Mayor",G13="Rara Vez"),AND(AC13="Moderado",G13="Probable"),AND(AC13="Moderado",G13="Posible")),"Alto",IF(OR(AND(AC13="Moderado",G13="Casi Seguro"),AND(AC13="Mayor",G13="Posible"),AND(AC13="Mayor",G13="Probable"),AND(AC13="Mayor",G13="Casi Seguro")),"Extremo",IF(AC13="Catastrófico","Extremo")))) -> FALSE | AF13: Reducir
E14: ='3-IDENTIFICACIÓN DEL RIESGO'!G18 -> Riesgo 4 | H14: =IF(G14="Casi Seguro",5,IF(G14="Probable",4,IF(G14="Posible",3,IF(G14="Improbable",2,IF(G14="Rara Vez",1))))) -> FALSE | AB14: =COUNTIF(I14:AA14,"SI") -> 0 | AC14: =IF(AB14<6,"Moderado",IF(AB14<12,"Mayor",IF(AB14<20,"Catastrófico"))) -> Moderado | AD14: =IF(AC14="Catastrófico",5,IF(AC14="Mayor",4,IF(AC14="Moderado",3))) -> 3 | AE14: =IF(OR(AND(AC14="Moderado",G14="Rara Vez"),AND(AC14="Moderado",G14="Improbable")),"Moderado",IF(OR(AND(AC14="Mayor",G14="Improbable"),AND(AC14="Mayor",G14="Rara Vez"),AND(AC14="Moderado",G14="Probable"),AND(AC14="Moderado",G14="Posible")),"Alto",IF(OR(AND(AC14="Moderado",G14="Casi Seguro"),AND(AC14="Mayor",G14="Posible"),AND(AC14="Mayor",G14="Probable"),AND(AC14="Mayor",G14="Casi Seguro")),"Extremo",IF(AC14="Catastrófico","Extremo")))) -> FALSE | AF14: Reducir
E15: ='3-IDENTIFICACIÓN DEL RIESGO'!G20 -> Riesgo 5 | H15: =IF(G15="Casi Seguro",5,IF(G15="Probable",4,IF(G15="Posible",3,IF(G15="Improbable",2,IF(G15="Rara Vez",1))))) -> FALSE | AB15: =COUNTIF(I15:AA15,"SI") -> 0 | AC15: =IF(AB15<6,"Moderado",IF(AB15<12,"Mayor",IF(AB15<20,"Catastrófico"))) -> Moderado | AD15: =IF(AC15="Catastrófico",5,IF(AC15="Mayor",4,IF(AC15="Moderado",3))) -> 3 | AE15: =IF(OR(AND(AC15="Moderado",G15="Rara Vez"),AND(AC15="Moderado",G15="Improbable")),"Moderado",IF(OR(AND(AC15="Mayor",G15="Improbable"),AND(AC15="Mayor",G15="Rara Vez"),AND(AC15="Moderado",G15="Probable"),AND(AC15="Moderado",G15="Posible")),"Alto",IF(OR(AND(AC15="Moderado",G15="Casi Seguro"),AND(AC15="Mayor",G15="Posible"),AND(AC15="Mayor",G15="Probable"),AND(AC15="Mayor",G15="Casi Seguro")),"Extremo",IF(AC15="Catastrófico","Extremo")))) -> FALSE | AF15: Reducir
B16: ='3-IDENTIFICACIÓN DEL RIESGO'!B22 -> COMUNICACIÓN Y GESTIÓN CON GRUPOS DE INTERÉS | D16: ='3-IDENTIFICACIÓN DEL RIESGO'!E22 -> 1. Dirección General. 2. Secretaría General. 3. Oficina de Planeación. 4. Oficina Jurídica. 5. Oficina del Inspector de la Gestión de Tierras. 6. Oficina de Control Interno. | E16: ='3-IDENTIFICACIÓN DEL RIESGO'!G22 -> Alterar información destinada a la consolidación de los informes de gestión, para beneficio propio o favorecimiento de grupos de interés, partidos políticos o particulares. | G16: Posible | H16: =IF(G16="Casi Seguro",5,IF(G16="Probable",4,IF(G16="Posible",3,IF(G16="Improbable",2,IF(G16="Rara Vez",1))))) -> 3 | I16: SI | J16: SI | K16: SI | L16: SI | M16: SI | N16: NO | O16: NO | P16: NO | Q16: SI | R16: SI | S16: SI | T16: SI | U16: SI | V16: NO | W16: SI | X16: NO | Y16: SI | Z16: SI | AA16: NO | AB16: =COUNTIF(I16:AA16,"SI") -> 13 | AC16: =IF(AB16<6,"Moderado",IF(AB16<12,"Mayor",IF(AB16<20,"Catastrófico"))) -> Catastrófico | AD16: =IF(AC16="Catastrófico",5,IF(AC16="Mayor",4,IF(AC16="Moderado",3))) -> 5 | AE16: =IF(OR(AND(AC16="Moderado",G16="Rara Vez"),AND(AC16="Moderado",G16="Improbable")),"Moderado",IF(OR(AND(AC16="Mayor",G16="Improbable"),AND(AC16="Mayor",G16="Rara Vez"),AND(AC16="Moderado",G16="Probable"),AND(AC16="Moderado",G16="Posible")),"Alto",IF(OR(AND(AC16="Moderado",G16="Casi Seguro"),AND(AC16="Mayor",G16="Posible"),AND(AC16="Mayor",G16="Probable"),AND(AC16="Mayor",G16="Casi Seguro")),"Extremo",IF(AC16="Catastrófico","Extremo")))) -> Extremo | AF16: Reducir
E17: ='3-IDENTIFICACIÓN DEL RIESGO'!G24 -> Riesgo 2 | H17: =IF(G17="Casi Seguro",5,IF(G17="Probable",4,IF(G17="Posible",3,IF(G17="Improbable",2,IF(G17="Rara Vez",1))))) -> FALSE | AB17: =COUNTIF(I17:AA17,"SI") -> 0 | AC17: =IF(AB17<6,"Moderado",IF(AB17<12,"Mayor",IF(AB17<20,"Catastrófico"))) -> Moderado | AD17: =IF(AC17="Catastrófico",5,IF(AC17="Mayor",4,IF(AC17="Moderado",3))) -> 3 | AE17: =IF(OR(AND(AC17="Moderado",G17="Rara Vez"),AND(AC17="Moderado",G17="Improbable")),"Moderado",IF(OR(AND(AC17="Mayor",G17="Improbable"),AND(AC17="Mayor",G17="Rara Vez"),AND(AC17="Moderado",G17="Probable"),AND(AC17="Moderado",G17="Posible")),"Alto",IF(OR(AND(AC17="Moderado",G17="Casi Seguro"),AND(AC17="Mayor",G17="Posible"),AND(AC17="Mayor",G17="Probable"),AND(AC17="Mayor",G17="Casi Seguro")),"Extremo",IF(AC17="Catastrófico","Extremo")))) -> FALSE | AF17: Reducir
E18: ='3-IDENTIFICACIÓN DEL RIESGO'!G26 -> Riesgo 3 | H18: =IF(G18="Casi Seguro",5,IF(G18="Probable",4,IF(G18="Posible",3,IF(G18="Improbable",2,IF(G18="Rara Vez",1))))) -> FALSE | AB18: =COUNTIF(I18:AA18,"SI") -> 0 | AC18: =IF(AB18<6,"Moderado",IF(AB18<12,"Mayor",IF(AB18<20,"Catastrófico"))) -> Moderado | AD18: =IF(AC18="Catastrófico",5,IF(AC18="Mayor",4,IF(AC18="Moderado",3))) -> 3 | AE18: =IF(OR(AND(AC18="Moderado",G18="Rara Vez"),AND(AC18="Moderado",G18="Improbable")),"Moderado",IF(OR(AND(AC18="Mayor",G18="Improbable"),AND(AC18="Mayor",G18="Rara Vez"),AND(AC18="Moderado",G18="Probable"),AND(AC18="Moderado",G18="Posible")),"Alto",IF(OR(AND(AC18="Moderado",G18="Casi Seguro"),AND(AC18="Mayor",G18="Posible"),AND(AC18="Mayor",G18="Probable"),AND(AC18="Mayor",G18="Casi Seguro")),"Extremo",IF(AC18="Catastrófico","Extremo")))) -> FALSE | AF18: Reducir
E19: ='3-IDENTIFICACIÓN DEL RIESGO'!G28 -> Riesgo 4 | H19: =IF(G19="Casi Seguro",5,IF(G19="Probable",4,IF(G19="Posible",3,IF(G19="Improbable",2,IF(G19="Rara Vez",1))))) -> FALSE | AB19: =COUNTIF(I19:AA19,"SI") -> 0 | AC19: =IF(AB19<6,"Moderado",IF(AB19<12,"Mayor",IF(AB19<20,"Catastrófico"))) -> Moderado | AD19: =IF(AC19="Catastrófico",5,IF(AC19="Mayor",4,IF(AC19="Moderado",3))) -> 3 | AE19: =IF(OR(AND(AC19="Moderado",G19="Rara Vez"),AND(AC19="Moderado",G19="Improbable")),"Moderado",IF(OR(AND(AC19="Mayor",G19="Improbable"),AND(AC19="Mayor",G19="Rara Vez"),AND(AC19="Moderado",G19="Probable"),AND(AC19="Moderado",G19="Posible")),"Alto",IF(OR(AND(AC19="Moderado",G19="Casi Seguro"),AND(AC19="Mayor",G19="Posible"),AND(AC19="Mayor",G19="Probable"),AND(AC19="Mayor",G19="Casi Seguro")),"Extremo",IF(AC19="Catastrófico","Extremo")))) -> FALSE | AF19: Reducir
E20: ='3-IDENTIFICACIÓN DEL RIESGO'!G30 -> Riesgo 5 | H20: =IF(G20="Casi Seguro",5,IF(G20="Probable",4,IF(G20="Posible",3,IF(G20="Improbable",2,IF(G20="Rara Vez",1))))) -> FALSE | AB20: =COUNTIF(I20:AA20,"SI") -> 0 | AC20: =IF(AB20<6,"Moderado",IF(AB20<12,"Mayor",IF(AB20<20,"Catastrófico"))) -> Moderado | AD20: =IF(AC20="Catastrófico",5,IF(AC20="Mayor",4,IF(AC20="Moderado",3))) -> 3 | AE20: =IF(OR(AND(AC20="Moderado",G20="Rara Vez"),AND(AC20="Moderado",G20="Improbable")),"Moderado",IF(OR(AND(AC20="Mayor",G20="Improbable"),AND(AC20="Mayor",G20="Rara Vez"),AND(AC20="Moderado",G20="Probable"),AND(AC20="Moderado",G20="Posible")),"Alto",IF(OR(AND(AC20="Moderado",G20="Casi Seguro"),AND(AC20="Mayor",G20="Posible"),AND(AC20="Mayor",G20="Probable"),AND(AC20="Mayor",G20="Casi Seguro")),"Extremo",IF(AC20="Catastrófico","Extremo")))) -> FALSE | AF20: Reducir
B21: ='3-IDENTIFICACIÓN DEL RIESGO'!B32 -> INTELIGENCIA DE LA INFORMACIÓN | D21: ='3-IDENTIFICACIÓN DEL RIESGO'!E32 -> 1. Dirección de Gestión del Ordenamiento Social de la Propiedad. 2. Oficina de Planeación. | E21: ='3-IDENTIFICACIÓN DEL RIESGO'!G32 -> Estructurar proyectos de TI para beneficio específico de un tercero o propio. | G21: Rara Vez | H21: =IF(G21="Casi Seguro",5,IF(G21="Probable",4,IF(G21="Posible",3,IF(G21="Improbable",2,IF(G21="Rara Vez",1))))) -> 1 | I21: NO | J21: SI | K21: SI | L21: NO | M21: SI | N21: SI | O21: SI | P21: NO | Q21: NO | R21: SI | S21: NO | T21: NO | U21: SI | V21: NO | W21: NO | X21: NO | Y21: NO | Z21: SI | AA21: NO | AB21: =COUNTIF(I21:AA21,"SI") -> 8 | AC21: =IF(AB21<6,"Moderado",IF(AB21<12,"Mayor",IF(AB21<20,"Catastrófico"))) -> Mayor | AD21: =IF(AC21="Catastrófico",5,IF(AC21="Mayor",4,IF(AC21="Moderado",3))) -> 4 | AE21: =IF(OR(AND(AC21="Moderado",G21="Rara Vez"),AND(AC21="Moderado",G21="Improbable")),"Moderado",IF(OR(AND(AC21="Mayor",G21="Improbable"),AND(AC21="Mayor",G21="Rara Vez"),AND(AC21="Moderado",G21="Probable"),AND(AC21="Moderado",G21="Posible")),"Alto",IF(OR(AND(AC21="Moderado",G21="Casi Seguro"),AND(AC21="Mayor",G21="Posible"),AND(AC21="Mayor",G21="Probable"),AND(AC21="Mayor",G21="Casi Seguro")),"Extremo",IF(AC21="Catastrófico","Extremo")))) -> Alto | AF21: Reducir
E22: ='3-IDENTIFICACIÓN DEL RIESGO'!G34 -> Riesgo 2 | H22: =IF(G22="Casi Seguro",5,IF(G22="Probable",4,IF(G22="Posible",3,IF(G22="Improbable",2,IF(G22="Rara Vez",1))))) -> FALSE | AB22: =COUNTIF(I22:AA22,"SI") -> 0 | AC22: =IF(AB22<6,"Moderado",IF(AB22<12,"Mayor",IF(AB22<20,"Catastrófico"))) -> Moderado | AD22: =IF(AC22="Catastrófico",5,IF(AC22="Mayor",4,IF(AC22="Moderado",3))) -> 3 | AE22: =IF(OR(AND(AC22="Moderado",G22="Rara Vez"),AND(AC22="Moderado",G22="Improbable")),"Moderado",IF(OR(AND(AC22="Mayor",G22="Improbable"),AND(AC22="Mayor",G22="Rara Vez"),AND(AC22="Moderado",G22="Probable"),AND(AC22="Moderado",G22="Posible")),"Alto",IF(OR(AND(AC22="Moderado",G22="Casi Seguro"),AND(AC22="Mayor",G22="Posible"),AND(AC22="Mayor",G22="Probable"),AND(AC22="Mayor",G22="Casi Seguro")),"Extremo",IF(AC22="Catastrófico","Extremo")))) -> FALSE | AF22: Reducir
E23: ='3-IDENTIFICACIÓN DEL RIESGO'!G36 -> Riesgo 3 | H23: =IF(G23="Casi Seguro",5,IF(G23="Probable",4,IF(G23="Posible",3,IF(G23="Improbable",2,IF(G23="Rara Vez",1))))) -> FALSE | AB23: =COUNTIF(I23:AA23,"SI") -> 0 | AC23: =IF(AB23<6,"Moderado",IF(AB23<12,"Mayor",IF(AB23<20,"Catastrófico"))) -> Moderado | AD23: =IF(AC23="Catastrófico",5,IF(AC23="Mayor",4,IF(AC23="Moderado",3))) -> 3 | AE23: =IF(OR(AND(AC23="Moderado",G23="Rara Vez"),AND(AC23="Moderado",G23="Improbable")),"Moderado",IF(OR(AND(AC23="Mayor",G23="Improbable"),AND(AC23="Mayor",G23="Rara Vez"),AND(AC23="Moderado",G23="Probable"),AND(AC23="Moderado",G23="Posible")),"Alto",IF(OR(AND(AC23="Moderado",G23="Casi Seguro"),AND(AC23="Mayor",G23="Posible"),AND(AC23="Mayor",G23="Probable"),AND(AC23="Mayor",G23="Casi Seguro")),"Extremo",IF(AC23="Catastrófico","Extremo")))) -> FALSE | AF23: Reducir
E24: ='3-IDENTIFICACIÓN DEL RIESGO'!G38 -> Riesgo 4 | H24: =IF(G24="Casi Seguro",5,IF(G24="Probable",4,IF(G24="Posible",3,IF(G24="Improbable",2,IF(G24="Rara Vez",1))))) -> FALSE | AB24: =COUNTIF(I24:AA24,"SI") -> 0 | AC24: =IF(AB24<6,"Moderado",IF(AB24<12,"Mayor",IF(AB24<20,"Catastrófico"))) -> Moderado | AD24: =IF(AC24="Catastrófico",5,IF(AC24="Mayor",4,IF(AC24="Moderado",3))) -> 3 | AE24: =IF(OR(AND(AC24="Moderado",G24="Rara Vez"),AND(AC24="Moderado",G24="Improbable")),"Moderado",IF(OR(AND(AC24="Mayor",G24="Improbable"),AND(AC24="Mayor",G24="Rara Vez"),AND(AC24="Moderado",G24="Probable"),AND(AC24="Moderado",G24="Posible")),"Alto",IF(OR(AND(AC24="Moderado",G24="Casi Seguro"),AND(AC24="Mayor",G24="Posible"),AND(AC24="Mayor",G24="Probable"),AND(AC24="Mayor",G24="Casi Seguro")),"Extremo",IF(AC24="Catastrófico","Extremo")))) -> FALSE | AF24: Reducir
E25: ='3-IDENTIFICACIÓN DEL RIESGO'!G40 -> Riesgo 5 | H25: =IF(G25="Casi Seguro",5,IF(G25="Probable",4,IF(G25="Posible",3,IF(G25="Improbable",2,IF(G25="Rara Vez",1))))) -> FALSE | AB25: =COUNTIF(I25:AA25,"SI") -> 0 | AC25: =IF(AB25<6,"Moderado",IF(AB25<12,"Mayor",IF(AB25<20,"Catastrófico"))) -> Moderado | AD25: =IF(AC25="Catastrófico",5,IF(AC25="Mayor",4,IF(AC25="Moderado",3))) -> 3 | AE25: =IF(OR(AND(AC25="Moderado",G25="Rara Vez"),AND(AC25="Moderado",G25="Improbable")),"Moderado",IF(OR(AND(AC25="Mayor",G25="Improbable"),AND(AC25="Mayor",G25="Rara Vez"),AND(AC25="Moderado",G25="Probable"),AND(AC25="Moderado",G25="Posible")),"Alto",IF(OR(AND(AC25="Moderado",G25="Casi Seguro"),AND(AC25="Mayor",G25="Posible"),AND(AC25="Mayor",G25="Probable"),AND(AC25="Mayor",G25="Casi Seguro")),"Extremo",IF(AC25="Catastrófico","Extremo")))) -> FALSE | AF25: Reducir
B26: ='3-IDENTIFICACIÓN DEL RIESGO'!B42 -> GESTIÓN DEL MODELO DE ATENCIÓN | D26: ='3-IDENTIFICACIÓN DEL RIESGO'!E42 -> 1. Secretaría General. 2. Dirección de Gestión del Ordenamiento social de la Propiedad. 3. Dirección Acceso a Tierras. 4. Dirección Gestión Jurídica de Tierras. 5. Dirección Asuntos Étnicos. | E26: ='3-IDENTIFICACIÓN DEL RIESGO'!G42 -> Omitir o dilatar intencionalmente la gestión de PQRSD para beneficio propio o de terceros | G26: Posible | H26: =IF(G26="Casi Seguro",5,IF(G26="Probable",4,IF(G26="Posible",3,IF(G26="Improbable",2,IF(G26="Rara Vez",1))))) -> 3 | I26: NO | J26: SI | K26: NO | L26: SI | M26: SI | N26: NO | O26: SI | P26: SI | Q26: SI | R26: SI | S26: SI | T26: SI | U26: NO | V26: SI | W26: SI | X26: NO | Y26: NO | Z26: SI | AA26: NO | AB26: =COUNTIF(I26:AA26,"SI") -> 12 | AC26: =IF(AB26<6,"Moderado",IF(AB26<12,"Mayor",IF(AB26<20,"Catastrófico"))) -> Catastrófico | AD26: =IF(AC26="Catastrófico",5,IF(AC26="Mayor",4,IF(AC26="Moderado",3))) -> 5 | AE26: =IF(OR(AND(AC26="Moderado",G26="Rara Vez"),AND(AC26="Moderado",G26="Improbable")),"Moderado",IF(OR(AND(AC26="Mayor",G26="Improbable"),AND(AC26="Mayor",G26="Rara Vez"),AND(AC26="Moderado",G26="Probable"),AND(AC26="Moderado",G26="Posible")),"Alto",IF(OR(AND(AC26="Moderado",G26="Casi Seguro"),AND(AC26="Mayor",G26="Posible"),AND(AC26="Mayor",G26="Probable"),AND(AC26="Mayor",G26="Casi Seguro")),"Extremo",IF(AC26="Catastrófico","Extremo")))) -> Extremo | AF26: Reducir
E27: ='3-IDENTIFICACIÓN DEL RIESGO'!G44 -> Solicitar y/o recibir dinero o cualquier otro beneficio personal a cambio de la promesa de éxito en la realización o priorización de un trámite | G27: Posible | H27: =IF(G27="Casi Seguro",5,IF(G27="Probable",4,IF(G27="Posible",3,IF(G27="Improbable",2,IF(G27="Rara Vez",1))))) -> 3 | I27: SI | J27: NO | K27: NO | L27: NO | M27: SI | N27: NO | O27: SI | P27: SI | Q27: NO | R27: SI | S27: SI | T27: SI | U27: SI | V27: SI | W27: SI | X27: NO | Y27: SI | Z27: SI | AA27: NO | AB27: =COUNTIF(I27:AA27,"SI") -> 12 | AC27: =IF(AB27<6,"Moderado",IF(AB27<12,"Mayor",IF(AB27<20,"Catastrófico"))) -> Catastrófico | AD27: =IF(AC27="Catastrófico",5,IF(AC27="Mayor",4,IF(AC27="Moderado",3))) -> 5 | AE27: =IF(OR(AND(AC27="Moderado",G27="Rara Vez"),AND(AC27="Moderado",G27="Improbable")),"Moderado",IF(OR(AND(AC27="Mayor",G27="Improbable"),AND(AC27="Mayor",G27="Rara Vez"),AND(AC27="Moderado",G27="Probable"),AND(AC27="Moderado",G27="Posible")),"Alto",IF(OR(AND(AC27="Moderado",G27="Casi Seguro"),AND(AC27="Mayor",G27="Posible"),AND(AC27="Mayor",G27="Probable"),AND(AC27="Mayor",G27="Casi Seguro")),"Extremo",IF(AC27="Catastrófico","Extremo")))) -> Extremo | AF27: Reducir
E28: ='3-IDENTIFICACIÓN DEL RIESGO'!G46 -> Riesgo 3 | H28: =IF(G28="Casi Seguro",5,IF(G28="Probable",4,IF(G28="Posible",3,IF(G28="Improbable",2,IF(G28="Rara Vez",1))))) -> FALSE | AB28: =COUNTIF(I28:AA28,"SI") -> 0 | AC28: =IF(AB28<6,"Moderado",IF(AB28<12,"Mayor",IF(AB28<20,"Catastrófico"))) -> Moderado | AD28: =IF(AC28="Catastrófico",5,IF(AC28="Mayor",4,IF(AC28="Moderado",3))) -> 3 | AE28: =IF(OR(AND(AC28="Moderado",G28="Rara Vez"),AND(AC28="Moderado",G28="Improbable")),"Moderado",IF(OR(AND(AC28="Mayor",G28="Improbable"),AND(AC28="Mayor",G28="Rara Vez"),AND(AC28="Moderado",G28="Probable"),AND(AC28="Moderado",G28="Posible")),"Alto",IF(OR(AND(AC28="Moderado",G28="Casi Seguro"),AND(AC28="Mayor",G28="Posible"),AND(AC28="Mayor",G28="Probable"),AND(AC28="Mayor",G28="Casi Seguro")),"Extremo",IF(AC28="Catastrófico","Extremo")))) -> FALSE | AF28: Reducir
E29: ='3-IDENTIFICACIÓN DEL RIESGO'!G48 -> Riesgo 4 | H29: =IF(G29="Casi Seguro",5,IF(G29="Probable",4,IF(G29="Posible",3,IF(G29="Improbable",2,IF(G29="Rara Vez",1))))) -> FALSE | AB29: =COUNTIF(I29:AA29,"SI") -> 0 | AC29: =IF(AB29<6,"Moderado",IF(AB29<12,"Mayor",IF(AB29<20,"Catastrófico"))) -> Moderado | AD29: =IF(AC29="Catastrófico",5,IF(AC29="Mayor",4,IF(AC29="Moderado",3))) -> 3 | AE29: =IF(OR(AND(AC29="Moderado",G29="Rara Vez"),AND(AC29="Moderado",G29="Improbable")),"Moderado",IF(OR(AND(AC29="Mayor",G29="Improbable"),AND(AC29="Mayor",G29="Rara Vez"),AND(AC29="Moderado",G29="Probable"),AND(AC29="Moderado",G29="Posible")),"Alto",IF(OR(AND(AC29="Moderado",G29="Casi Seguro"),AND(AC29="Mayor",G29="Posible"),AND(AC29="Mayor",G29="Probable"),AND(AC29="Mayor",G29="Casi Seguro")),"Extremo",IF(AC29="Catastrófico","Extremo")))) -> FALSE | AF29: Reducir
E30: ='3-IDENTIFICACIÓN DEL RIESGO'!G50 -> Riesgo 5 | H30: =IF(G30="Casi Seguro",5,IF(G30="Probable",4,IF(G30="Posible",3,IF(G30="Improbable",2,IF(G30="Rara Vez",1))))) -> FALSE | AB30: =COUNTIF(I30:AA30,"SI") -> 0 | AC30: =IF(AB30<6,"Moderado",IF(AB30<12,"Mayor",IF(AB30<20,"Catastrófico"))) -> Moderado | AD30: =IF(AC30="Catastrófico",5,IF(AC30="Mayor",4,IF(AC30="Moderado",3))) -> 3 | AE30: =IF(OR(AND(AC30="Moderado",G30="Rara Vez"),AND(AC30="Moderado",G30="Improbable")),"Moderado",IF(OR(AND(AC30="Mayor",G30="Improbable"),AND(AC30="Mayor",G30="Rara Vez"),AND(AC30="Moderado",G30="Probable"),AND(AC30="Moderado",G30="Posible")),"Alto",IF(OR(AND(AC30="Moderado",G30="Casi Seguro"),AND(AC30="Mayor",G30="Posible"),AND(AC30="Mayor",G30="Probable"),AND(AC30="Mayor",G30="Casi Seguro")),"Extremo",IF(AC30="Catastrófico","Extremo")))) -> FALSE | AF30: Reducir
B31: ='3-IDENTIFICACIÓN DEL RIESGO'!B52 -> PLANIFICACIÓN DEL ORDENAMIENTO SOCIAL DE LA PROPIEDAD | D31: ='3-IDENTIFICACIÓN DEL RIESGO'!E52 -> 1. Dirección General. 2. Dirección de Gestión del Ordenamiento Social de Propiedad. 3. Subdirección de Planeación Operativa. 4. Subdirección de Sistemas de Información. 5. Dirección de Acceso a Tierras. 6. Dirección de Gestión Jurídica de Tierras. 7. Dirección de Asuntos Étnicos. 8. UGT's 9. Secretaría General (servicio al ciudadano) | E31: ='3-IDENTIFICACIÓN DEL RIESGO'!G52 -> Alterar u omitir la información física o jurídica de los predios durante la Formulación e implementación de Planes de Ordenamiento Social de la Propiedad, para favorecer a terceros. | G31: Posible | H31: =IF(G31="Casi Seguro",5,IF(G31="Probable",4,IF(G31="Posible",3,IF(G31="Improbable",2,IF(G31="Rara Vez",1))))) -> 3 | I31: SI | J31: SI | K31: SI | L31: SI | M31: SI | N31: SI | O31: SI | P31: SI | Q31: SI | R31: SI | S31: SI | T31: SI | U31: NO | V31: SI | W31: SI | X31: NO | Y31: NO | Z31: NO | AA31: NO | AB31: =COUNTIF(I31:AA31,"SI") -> 14 | AC31: =IF(AB31<6,"Moderado",IF(AB31<12,"Mayor",IF(AB31<20,"Catastrófico"))) -> Catastrófico | AD31: =IF(AC31="Catastrófico",5,IF(AC31="Mayor",4,IF(AC31="Moderado",3))) -> 5 | AE31: =IF(OR(AND(AC31="Moderado",G31="Rara Vez"),AND(AC31="Moderado",G31="Improbable")),"Moderado",IF(OR(AND(AC31="Mayor",G31="Improbable"),AND(AC31="Mayor",G31="Rara Vez"),AND(AC31="Moderado",G31="Probable"),AND(AC31="Moderado",G31="Posible")),"Alto",IF(OR(AND(AC31="Moderado",G31="Casi Seguro"),AND(AC31="Mayor",G31="Posible"),AND(AC31="Mayor",G31="Probable"),AND(AC31="Mayor",G31="Casi Seguro")),"Extremo",IF(AC31="Catastrófico","Extremo")))) -> Extremo | AF31: Reducir
E32: ='3-IDENTIFICACIÓN DEL RIESGO'!G54 -> Solicitar o recibir dinero o dádivas por la realización u omisión de actuaciones como gestores catastrales, con el propósito de beneficiar a un tercero | G32: Posible | H32: =IF(G32="Casi Seguro",5,IF(G32="Probable",4,IF(G32="Posible",3,IF(G32="Improbable",2,IF(G32="Rara Vez",1))))) -> 3 | I32: SI | J32: SI | K32: SI | L32: SI | M32: SI | N32: SI | O32: SI | P32: SI | Q32: SI | R32: SI | S32: SI | T32: SI | U32: SI | V32: SI | W32: SI | X32: NO | Y32: NO | Z32: NO | AA32: NO | AB32: =COUNTIF(I32:AA32,"SI") -> 15 | AC32: =IF(AB32<6,"Moderado",IF(AB32<12,"Mayor",IF(AB32<20,"Catastrófico"))) -> Catastrófico | AD32: =IF(AC32="Catastrófico",5,IF(AC32="Mayor",4,IF(AC32="Moderado",3))) -> 5 | AE32: =IF(OR(AND(AC32="Moderado",G32="Rara Vez"),AND(AC32="Moderado",G32="Improbable")),"Moderado",IF(OR(AND(AC32="Mayor",G32="Improbable"),AND(AC32="Mayor",G32="Rara Vez"),AND(AC32="Moderado",G32="Probable"),AND(AC32="Moderado",G32="Posible")),"Alto",IF(OR(AND(AC32="Moderado",G32="Casi Seguro"),AND(AC32="Mayor",G32="Posible"),AND(AC32="Mayor",G32="Probable"),AND(AC32="Mayor",G32="Casi Seguro")),"Extremo",IF(AC32="Catastrófico","Extremo")))) -> Extremo | AF32: Reducir
E33: ='3-IDENTIFICACIÓN DEL RIESGO'!G56 -> Solicitar o recibir dadivas por inscripción en el Registro de Sujetos de Ordenamiento | G33: Rara Vez | H33: =IF(G33="Casi Seguro",5,IF(G33="Probable",4,IF(G33="Posible",3,IF(G33="Improbable",2,IF(G33="Rara Vez",1))))) -> 1 | I33: SI | J33: NO | K33: SI | L33: NO | M33: SI | N33: SI | O33: NO | P33: NO | Q33: SI | R33: SI | S33: SI | T33: SI | U33: NO | V33: NO | W33: SI | X33: NO | Y33: NO | Z33: SI | AA33: NO | AB33: =COUNTIF(I33:AA33,"SI") -> 10 | AC33: =IF(AB33<6,"Moderado",IF(AB33<12,"Mayor",IF(AB33<20,"Catastrófico"))) -> Mayor | AD33: =IF(AC33="Catastrófico",5,IF(AC33="Mayor",4,IF(AC33="Moderado",3))) -> 4 | AE33: =IF(OR(AND(AC33="Moderado",G33="Rara Vez"),AND(AC33="Moderado",G33="Improbable")),"Moderado",IF(OR(AND(AC33="Mayor",G33="Improbable"),AND(AC33="Mayor",G33="Rara Vez"),AND(AC33="Moderado",G33="Probable"),AND(AC33="Moderado",G33="Posible")),"Alto",IF(OR(AND(AC33="Moderado",G33="Casi Seguro"),AND(AC33="Mayor",G33="Posible"),AND(AC33="Mayor",G33="Probable"),AND(AC33="Mayor",G33="Casi Seguro")),"Extremo",IF(AC33="Catastrófico","Extremo")))) -> Alto | AF33: Reducir
E34: ='3-IDENTIFICACIÓN DEL RIESGO'!G58 -> Alterar u omitir información en desarrollo del procedimiento de Registro de Sujetos de Ordenamiento, para favorecer a terceros. | G34: Rara Vez | H34: =IF(G34="Casi Seguro",5,IF(G34="Probable",4,IF(G34="Posible",3,IF(G34="Improbable",2,IF(G34="Rara Vez",1))))) -> 1 | I34: SI | J34: NO | K34: NO | L34: NO | M34: SI | N34: SI | O34: NO | P34: NO | Q34: SI | R34: SI | S34: SI | T34: SI | U34: NO | V34: NO | W34: SI | X34: NO | Y34: NO | Z34: SI | AA34: NO | AB34: =COUNTIF(I34:AA34,"SI") -> 9 | AC34: =IF(AB34<6,"Moderado",IF(AB34<12,"Mayor",IF(AB34<20,"Catastrófico"))) -> Mayor | AD34: =IF(AC34="Catastrófico",5,IF(AC34="Mayor",4,IF(AC34="Moderado",3))) -> 4 | AE34: =IF(OR(AND(AC34="Moderado",G34="Rara Vez"),AND(AC34="Moderado",G34="Improbable")),"Moderado",IF(OR(AND(AC34="Mayor",G34="Improbable"),AND(AC34="Mayor",G34="Rara Vez"),AND(AC34="Moderado",G34="Probable"),AND(AC34="Moderado",G34="Posible")),"Alto",IF(OR(AND(AC34="Moderado",G34="Casi Seguro"),AND(AC34="Mayor",G34="Posible"),AND(AC34="Mayor",G34="Probable"),AND(AC34="Mayor",G34="Casi Seguro")),"Extremo",IF(AC34="Catastrófico","Extremo")))) -> Alto | AF34: Reducir
E35: ='3-IDENTIFICACIÓN DEL RIESGO'!G60 -> Alterar u omitir informacion en la expedicion de actos administrativos sobre la implementacion de los POSPR | G35: Posible | H35: =IF(G35="Casi Seguro",5,IF(G35="Probable",4,IF(G35="Posible",3,IF(G35="Improbable",2,IF(G35="Rara Vez",1))))) -> 3 | I35: SI | J35: SI | K35: SI | L35: SI | M35: SI | N35: NO | O35: SI | P35: SI | Q35: NO | R35: SI | S35: SI | T35: SI | U35: NO | V35: SI | W35: SI | X35: NO | Y35: NO | Z35: NO | AA35: NO | AB35: =COUNTIF(I35:AA35,"SI") -> 12 | AC35: =IF(AB35<6,"Moderado",IF(AB35<12,"Mayor",IF(AB35<20,"Catastrófico"))) -> Catastrófico | AD35: =IF(AC35="Catastrófico",5,IF(AC35="Mayor",4,IF(AC35="Moderado",3))) -> 5 | AE35: =IF(OR(AND(AC35="Moderado",G35="Rara Vez"),AND(AC35="Moderado",G35="Improbable")),"Moderado",IF(OR(AND(AC35="Mayor",G35="Improbable"),AND(AC35="Mayor",G35="Rara Vez"),AND(AC35="Moderado",G35="Probable"),AND(AC35="Moderado",G35="Posible")),"Alto",IF(OR(AND(AC35="Moderado",G35="Casi Seguro"),AND(AC35="Mayor",G35="Posible"),AND(AC35="Mayor",G35="Probable"),AND(AC35="Mayor",G35="Casi Seguro")),"Extremo",IF(AC35="Catastrófico","Extremo")))) -> Extremo | AF35: Reducir
E36: ='3-IDENTIFICACIÓN DEL RIESGO'!G62 -> Los servidores públicos y/o colaboradores de las UGT, solicitan o reciben dadivas por diligenciamiento o entrega del Formulario de Inscripción de Sujetos de Ordenamiento - FISO | G36: Probable | I36: SI | J36: SI | K36: SI | L36: SI | M36: SI | N36: NO | O36: SI | P36: SI | Q36: SI | R36: SI | S36: SI | T36: SI | U36: NO | V36: SI | W36: SI | X36: NO | Y36: SI | Z36: SI | AA36: SI | AB36: =COUNTIF(I36:AA36,"SI") -> 16 | AC36: =IF(AB36<6,"Moderado",IF(AB36<12,"Mayor",IF(AB36<20,"Catastrófico"))) -> Catastrófico | AD36: =IF(AC36="Catastrófico",5,IF(AC36="Mayor",4,IF(AC36="Moderado",3))) -> 5 | AE36: =IF(OR(AND(AC36="Moderado",G36="Rara Vez"),AND(AC36="Moderado",G36="Improbable")),"Moderado",IF(OR(AND(AC36="Mayor",G36="Improbable"),AND(AC36="Mayor",G36="Rara Vez"),AND(AC36="Moderado",G36="Probable"),AND(AC36="Moderado",G36="Posible")),"Alto",IF(OR(AND(AC36="Moderado",G36="Casi Seguro"),AND(AC36="Mayor",G36="Posible"),AND(AC36="Mayor",G36="Probable"),AND(AC36="Mayor",G36="Casi Seguro")),"Extremo",IF(AC36="Catastrófico","Extremo")))) -> Extremo | AF36: Reducir
B37: ='3-IDENTIFICACIÓN DEL RIESGO'!B64 -> SEGURIDAD JURÍDICA SOBRE LA TITULARIDAD DE LA TIERRA Y LOS TERRITORIOS | D37: ='3-IDENTIFICACIÓN DEL RIESGO'!E64 -> 1. Dirección de Gestión Jurídica de Tierras. 2. Subdirección de procesos Agrarios y Gestión Jurídica. 3. Subdirección de seguridad Jurídica. 4. Dirección Asuntos Étnicos. 5. Subdirección Asuntos Étnicos. 6. UGT's | E37: ='3-IDENTIFICACIÓN DEL RIESGO'!G64 -> Servidores públicos o colaboradores de la ANT, que en beneficio propio o de un tercero manipulen, destruyan, dilaten omitan o incidan indebidamente en trámites o actuaciones administrativas de procesos agrarios o formalización de la propiedad privada rural. | G37: Rara Vez | H37: =IF(G37="Casi Seguro",5,IF(G37="Probable",4,IF(G37="Posible",3,IF(G37="Improbable",2,IF(G37="Rara Vez",1))))) -> 1 | I37: SI | J37: SI | K37: NO | L37: NO | M37: SI | N37: SI | O37: SI | P37: SI | Q37: SI | R37: SI | S37: SI | T37: SI | U37: SI | V37: SI | W37: SI | X37: NO | Y37: SI | Z37: NO | AA37: SI | AB37: =COUNTIF(I37:AA37,"SI") -> 15 | AC37: =IF(AB37<6,"Moderado",IF(AB37<12,"Mayor",IF(AB37<20,"Catastrófico"))) -> Catastrófico | AD37: =IF(AC37="Catastrófico",5,IF(AC37="Mayor",4,IF(AC37="Moderado",3))) -> 5 | AE37: =IF(OR(AND(AC37="Moderado",G37="Rara Vez"),AND(AC37="Moderado",G37="Improbable")),"Moderado",IF(OR(AND(AC37="Mayor",G37="Improbable"),AND(AC37="Mayor",G37="Rara Vez"),AND(AC37="Moderado",G37="Probable"),AND(AC37="Moderado",G37="Posible")),"Alto",IF(OR(AND(AC37="Moderado",G37="Casi Seguro"),AND(AC37="Mayor",G37="Posible"),AND(AC37="Mayor",G37="Probable"),AND(AC37="Mayor",G37="Casi Seguro")),"Extremo",IF(AC37="Catastrófico","Extremo")))) -> Extremo | AF37: Reducir
E38: ='3-IDENTIFICACIÓN DEL RIESGO'!G66 -> Servidores públicos y/o colaboradores de las UGT reciben dádivas por agilizar, omitir o dilatar trámites para el desarrollo de procesos agrarios | G38: Probable | H38: =IF(G38="Casi Seguro",5,IF(G38="Probable",4,IF(G38="Posible",3,IF(G38="Improbable",2,IF(G38="Rara Vez",1))))) -> 4 | I38: SI | J38: SI | K38: SI | L38: SI | M38: SI | N38: NO | O38: SI | P38: SI | Q38: SI | R38: SI | S38: SI | T38: SI | U38: NO | V38: SI | W38: SI | X38: NO | Y38: SI | Z38: SI | AA38: SI | AB38: =COUNTIF(I38:AA38,"SI") -> 16 | AC38: =IF(AB38<6,"Moderado",IF(AB38<12,"Mayor",IF(AB38<20,"Catastrófico"))) -> Catastrófico | AD38: =IF(AC38="Catastrófico",5,IF(AC38="Mayor",4,IF(AC38="Moderado",3))) -> 5 | AE38: =IF(OR(AND(AC38="Moderado",G38="Rara Vez"),AND(AC38="Moderado",G38="Improbable")),"Moderado",IF(OR(AND(AC38="Mayor",G38="Improbable"),AND(AC38="Mayor",G38="Rara Vez"),AND(AC38="Moderado",G38="Probable"),AND(AC38="Moderado",G38="Posible")),"Alto",IF(OR(AND(AC38="Moderado",G38="Casi Seguro"),AND(AC38="Mayor",G38="Posible"),AND(AC38="Mayor",G38="Probable"),AND(AC38="Mayor",G38="Casi Seguro")),"Extremo",IF(AC38="Catastrófico","Extremo")))) -> Extremo | AF38: Reducir
E39: ='3-IDENTIFICACIÓN DEL RIESGO'!G68 -> Riesgo 3 | H39: =IF(G39="Casi Seguro",5,IF(G39="Probable",4,IF(G39="Posible",3,IF(G39="Improbable",2,IF(G39="Rara Vez",1))))) -> FALSE | AB39: =COUNTIF(I39:AA39,"SI") -> 0 | AC39: =IF(AB39<6,"Moderado",IF(AB39<12,"Mayor",IF(AB39<20,"Catastrófico"))) -> Moderado | AD39: =IF(AC39="Catastrófico",5,IF(AC39="Mayor",4,IF(AC39="Moderado",3))) -> 3 | AE39: =IF(OR(AND(AC39="Moderado",G39="Rara Vez"),AND(AC39="Moderado",G39="Improbable")),"Moderado",IF(OR(AND(AC39="Mayor",G39="Improbable"),AND(AC39="Mayor",G39="Rara Vez"),AND(AC39="Moderado",G39="Probable"),AND(AC39="Moderado",G39="Posible")),"Alto",IF(OR(AND(AC39="Moderado",G39="Casi Seguro"),AND(AC39="Mayor",G39="Posible"),AND(AC39="Mayor",G39="Probable"),AND(AC39="Mayor",G39="Casi Seguro")),"Extremo",IF(AC39="Catastrófico","Extremo")))) -> FALSE | AF39: Reducir
E40: ='3-IDENTIFICACIÓN DEL RIESGO'!G70 -> Riesgo 4 | H40: =IF(G40="Casi Seguro",5,IF(G40="Probable",4,IF(G40="Posible",3,IF(G40="Improbable",2,IF(G40="Rara Vez",1))))) -> FALSE | AB40: =COUNTIF(I40:AA40,"SI") -> 0 | AC40: =IF(AB40<6,"Moderado",IF(AB40<12,"Mayor",IF(AB40<20,"Catastrófico"))) -> Moderado | AD40: =IF(AC40="Catastrófico",5,IF(AC40="Mayor",4,IF(AC40="Moderado",3))) -> 3 | AE40: =IF(OR(AND(AC40="Moderado",G40="Rara Vez"),AND(AC40="Moderado",G40="Improbable")),"Moderado",IF(OR(AND(AC40="Mayor",G40="Improbable"),AND(AC40="Mayor",G40="Rara Vez"),AND(AC40="Moderado",G40="Probable"),AND(AC40="Moderado",G40="Posible")),"Alto",IF(OR(AND(AC40="Moderado",G40="Casi Seguro"),AND(AC40="Mayor",G40="Posible"),AND(AC40="Mayor",G40="Probable"),AND(AC40="Mayor",G40="Casi Seguro")),"Extremo",IF(AC40="Catastrófico","Extremo")))) -> FALSE | AF40: Reducir
E41: ='3-IDENTIFICACIÓN DEL RIESGO'!G72 -> Riesgo 5 | H41: =IF(G41="Casi Seguro",5,IF(G41="Probable",4,IF(G41="Posible",3,IF(G41="Improbable",2,IF(G41="Rara Vez",1))))) -> FALSE | AB41: =COUNTIF(I41:AA41,"SI") -> 0 | AC41: =IF(AB41<6,"Moderado",IF(AB41<12,"Mayor",IF(AB41<20,"Catastrófico"))) -> Moderado | AD41: =IF(AC41="Catastrófico",5,IF(AC41="Mayor",4,IF(AC41="Moderado",3))) -> 3 | AE41: =IF(OR(AND(AC41="Moderado",G41="Rara Vez"),AND(AC41="Moderado",G41="Improbable")),"Moderado",IF(OR(AND(AC41="Mayor",G41="Improbable"),AND(AC41="Mayor",G41="Rara Vez"),AND(AC41="Moderado",G41="Probable"),AND(AC41="Moderado",G41="Posible")),"Alto",IF(OR(AND(AC41="Moderado",G41="Casi Seguro"),AND(AC41="Mayor",G41="Posible"),AND(AC41="Mayor",G41="Probable"),AND(AC41="Mayor",G41="Casi Seguro")),"Extremo",IF(AC41="Catastrófico","Extremo")))) -> FALSE | AF41: Reducir
B42: ='3-IDENTIFICACIÓN DEL RIESGO'!B74 -> ACCESO A LA PROPIEDAD DE LA TIERRA Y LOS TERRITORIOS | D42: ='3-IDENTIFICACIÓN DEL RIESGO'!E74 -> 1. Dirección de Acceso a Tierras. 2. Subdirección de Acceso a Tierras por Demanda y Descongestión. 3. Subdirección de Acceso a Tierras en Zonas Focalizadas. 4. Subdirección de Administración de Tierras de la Nación. 5. Dirección de Asuntos Étnicos. 6. Subdirección de Asuntos Étnicos. 7. UGT's | E42: ='3-IDENTIFICACIÓN DEL RIESGO'!G74 -> Manipulación y/u omisión de la información obtenida en la visita agronómica o estudio preliminar y complementario de títulos de expedientes de Compra Directa de la DAT para beneficio propio o de particulares. | G42: Probable | H42: =IF(G42="Casi Seguro",5,IF(G42="Probable",4,IF(G42="Posible",3,IF(G42="Improbable",2,IF(G42="Rara Vez",1))))) -> 4 | I42: SI | J42: SI | K42: SI | L42: SI | M42: SI | N42: SI | O42: SI | P42: SI | Q42: SI | R42: SI | S42: SI | T42: SI | U42: SI | V42: SI | W42: SI | X42: NO | Y42: SI | Z42: SI | AA42: SI | AB42: =COUNTIF(I42:AA42,"SI") -> 18 | AC42: =IF(AB42<6,"Moderado",IF(AB42<12,"Mayor",IF(AB42<20,"Catastrófico"))) -> Catastrófico | AD42: =IF(AC42="Catastrófico",5,IF(AC42="Mayor",4,IF(AC42="Moderado",3))) -> 5 | AE42: =IF(OR(AND(AC42="Moderado",G42="Rara Vez"),AND(AC42="Moderado",G42="Improbable")),"Moderado",IF(OR(AND(AC42="Mayor",G42="Improbable"),AND(AC42="Mayor",G42="Rara Vez"),AND(AC42="Moderado",G42="Probable"),AND(AC42="Moderado",G42="Posible")),"Alto",IF(OR(AND(AC42="Moderado",G42="Casi Seguro"),AND(AC42="Mayor",G42="Posible"),AND(AC42="Mayor",G42="Probable"),AND(AC42="Mayor",G42="Casi Seguro")),"Extremo",IF(AC42="Catastrófico","Extremo")))) -> Extremo | AF42: Reducir
E43: ='3-IDENTIFICACIÓN DEL RIESGO'!G76 -> Manipulación de la información durante las actividades de verificación de requisitos minimos del predio de tipo jurídico, técnico o ambiental bajo el cual se materialice un subsidio, para beneficio propio o de un tercero | G43: Probable | H43: =IF(G43="Casi Seguro",5,IF(G43="Probable",4,IF(G43="Posible",3,IF(G43="Improbable",2,IF(G43="Rara Vez",1))))) -> 4 | I43: SI | J43: SI | K43: SI | L43: SI | M43: SI | N43: SI | O43: SI | P43: SI | Q43: NO | R43: SI | S43: SI | T43: SI | U43: SI | V43: SI | W43: SI | X43: NO | Y43: SI | Z43: SI | AA43: NO | AB43: =COUNTIF(I43:AA43,"SI") -> 16 | AC43: =IF(AB43<6,"Moderado",IF(AB43<12,"Mayor",IF(AB43<20,"Catastrófico"))) -> Catastrófico | AD43: =IF(AC43="Catastrófico",5,IF(AC43="Mayor",4,IF(AC43="Moderado",3))) -> 5 | AE43: =IF(OR(AND(AC43="Moderado",G43="Rara Vez"),AND(AC43="Moderado",G43="Improbable")),"Moderado",IF(OR(AND(AC43="Mayor",G43="Improbable"),AND(AC43="Mayor",G43="Rara Vez"),AND(AC43="Moderado",G43="Probable"),AND(AC43="Moderado",G43="Posible")),"Alto",IF(OR(AND(AC43="Moderado",G43="Casi Seguro"),AND(AC43="Mayor",G43="Posible"),AND(AC43="Mayor",G43="Probable"),AND(AC43="Mayor",G43="Casi Seguro")),"Extremo",IF(AC43="Catastrófico","Extremo")))) -> Extremo | AF43: Reducir
E44: ='3-IDENTIFICACIÓN DEL RIESGO'!G78 -> Manipulación de la información en las diferentes etapas del procedimiento de Revocatoria Directa de la DAT para beneficio propio y/o de particulares | G44: Probable | H44: =IF(G44="Casi Seguro",5,IF(G44="Probable",4,IF(G44="Posible",3,IF(G44="Improbable",2,IF(G44="Rara Vez",1))))) -> 4 | I44: SI | J44: SI | K44: SI | L44: SI | M44: SI | N44: SI | O44: SI | P44: SI | Q44: NO | R44: SI | S44: SI | T44: SI | U44: SI | V44: SI | W44: SI | X44: NO | Y44: SI | Z44: SI | AA44: NO | AB44: =COUNTIF(I44:AA44,"SI") -> 16 | AC44: =IF(AB44<6,"Moderado",IF(AB44<12,"Mayor",IF(AB44<20,"Catastrófico"))) -> Catastrófico | AD44: =IF(AC44="Catastrófico",5,IF(AC44="Mayor",4,IF(AC44="Moderado",3))) -> 5 | AE44: =IF(OR(AND(AC44="Moderado",G44="Rara Vez"),AND(AC44="Moderado",G44="Improbable")),"Moderado",IF(OR(AND(AC44="Mayor",G44="Improbable"),AND(AC44="Mayor",G44="Rara Vez"),AND(AC44="Moderado",G44="Probable"),AND(AC44="Moderado",G44="Posible")),"Alto",IF(OR(AND(AC44="Moderado",G44="Casi Seguro"),AND(AC44="Mayor",G44="Posible"),AND(AC44="Mayor",G44="Probable"),AND(AC44="Mayor",G44="Casi Seguro")),"Extremo",IF(AC44="Catastrófico","Extremo")))) -> Extremo | AF44: Reducir
E45: ='3-IDENTIFICACIÓN DEL RIESGO'!G80 -> Manipulación de la información entregada a las subdirecciones misionales según el POSPR-P-006 P Procedimiento Unico de Ordenamiento Social de la Propiedad, para beneficio propio o de terceros | G45: Probable | H45: =IF(G45="Casi Seguro",5,IF(G45="Probable",4,IF(G45="Posible",3,IF(G45="Improbable",2,IF(G45="Rara Vez",1))))) -> 4 | I45: SI | J45: SI | K45: SI | L45: SI | M45: SI | N45: SI | O45: SI | P45: SI | Q45: SI | R45: SI | S45: SI | T45: SI | U45: SI | V45: SI | W45: SI | X45: NO | Y45: SI | Z45: SI | AA45: NO | AB45: =COUNTIF(I45:AA45,"SI") -> 17 | AC45: =IF(AB45<6,"Moderado",IF(AB45<12,"Mayor",IF(AB45<20,"Catastrófico"))) -> Catastrófico | AD45: =IF(AC45="Catastrófico",5,IF(AC45="Mayor",4,IF(AC45="Moderado",3))) -> 5 | AE45: =IF(OR(AND(AC45="Moderado",G45="Rara Vez"),AND(AC45="Moderado",G45="Improbable")),"Moderado",IF(OR(AND(AC45="Mayor",G45="Improbable"),AND(AC45="Mayor",G45="Rara Vez"),AND(AC45="Moderado",G45="Probable"),AND(AC45="Moderado",G45="Posible")),"Alto",IF(OR(AND(AC45="Moderado",G45="Casi Seguro"),AND(AC45="Mayor",G45="Posible"),AND(AC45="Mayor",G45="Probable"),AND(AC45="Mayor",G45="Casi Seguro")),"Extremo",IF(AC45="Catastrófico","Extremo")))) -> Extremo | AF45: Reducir
E46: ='3-IDENTIFICACIÓN DEL RIESGO'!G82 -> Adquisición de predios sin pleno cumplimiento de requisitos o por fuera de las necesidades y prioridades establecidos por la ANT, para beneficio de particulares | G46: Probable | H46: =IF(G46="Casi Seguro",5,IF(G46="Probable",4,IF(G46="Posible",3,IF(G46="Improbable",2,IF(G46="Rara Vez",1))))) -> 4 | I46: SI | J46: SI | K46: SI | L46: SI | M46: SI | N46: SI | O46: SI | P46: SI | Q46: SI | R46: SI | S46: SI | T46: SI | U46: SI | V46: SI | W46: SI | X46: NO | Y46: SI | Z46: SI | AA46: NO | AB46: =COUNTIF(I46:AA46,"SI") -> 17 | AC46: =IF(AB46<6,"Moderado",IF(AB46<12,"Mayor",IF(AB46<20,"Catastrófico"))) -> Catastrófico | AD46: =IF(AC46="Catastrófico",5,IF(AC46="Mayor",4,IF(AC46="Moderado",3))) -> 5 | AE46: =IF(OR(AND(AC46="Moderado",G46="Rara Vez"),AND(AC46="Moderado",G46="Improbable")),"Moderado",IF(OR(AND(AC46="Mayor",G46="Improbable"),AND(AC46="Mayor",G46="Rara Vez"),AND(AC46="Moderado",G46="Probable"),AND(AC46="Moderado",G46="Posible")),"Alto",IF(OR(AND(AC46="Moderado",G46="Casi Seguro"),AND(AC46="Mayor",G46="Posible"),AND(AC46="Mayor",G46="Probable"),AND(AC46="Mayor",G46="Casi Seguro")),"Extremo",IF(AC46="Catastrófico","Extremo")))) -> Extremo | AF46: Reducir
E47: ='3-IDENTIFICACIÓN DEL RIESGO'!G84 -> Desviación de recursos en el desarrollo del proceso de la iniciativa Comunitaria con enfoque diferencial étnico para beneficio de un contratista o funcionario o un tercero. | G47: Probable | H47: =IF(G47="Casi Seguro",5,IF(G47="Probable",4,IF(G47="Posible",3,IF(G47="Improbable",2,IF(G47="Rara Vez",1))))) -> 4 | I47: SI | J47: SI | K47: SI | L47: SI | M47: SI | N47: SI | O47: SI | P47: SI | Q47: NO | R47: SI | S47: SI | T47: SI | U47: SI | V47: SI | W47: SI | X47: NO | Y47: SI | Z47: SI | AA47: NO | AB47: =COUNTIF(I47:AA47,"SI") -> 16 | AC47: =IF(AB47<6,"Moderado",IF(AB47<12,"Mayor",IF(AB47<20,"Catastrófico"))) -> Catastrófico | AD47: =IF(AC47="Catastrófico",5,IF(AC47="Mayor",4,IF(AC47="Moderado",3))) -> 5 | AE47: =IF(OR(AND(AC47="Moderado",G47="Rara Vez"),AND(AC47="Moderado",G47="Improbable")),"Moderado",IF(OR(AND(AC47="Mayor",G47="Improbable"),AND(AC47="Mayor",G47="Rara Vez"),AND(AC47="Moderado",G47="Probable"),AND(AC47="Moderado",G47="Posible")),"Alto",IF(OR(AND(AC47="Moderado",G47="Casi Seguro"),AND(AC47="Mayor",G47="Posible"),AND(AC47="Mayor",G47="Probable"),AND(AC47="Mayor",G47="Casi Seguro")),"Extremo",IF(AC47="Catastrófico","Extremo")))) -> Extremo | AF47: Reducir
E48: ='3-IDENTIFICACIÓN DEL RIESGO'!G86 -> Dilación en la atención a las solicitudes de comunidades étnicas favorenciendo intereses particulares. | G48: Rara Vez | H48: =IF(G48="Casi Seguro",5,IF(G48="Probable",4,IF(G48="Posible",3,IF(G48="Improbable",2,IF(G48="Rara Vez",1))))) -> 1 | I48: SI | J48: SI | K48: SI | L48: NO | M48: SI | N48: SI | O48: SI | P48: SI | Q48: SI | R48: SI | S48: SI | T48: SI | U48: NO | V48: NO | W48: SI | X48: NO | Y48: NO | Z48: SI | AA48: NO | AB48: =COUNTIF(I48:AA48,"SI") -> 13 | AC48: =IF(AB48<6,"Moderado",IF(AB48<12,"Mayor",IF(AB48<20,"Catastrófico"))) -> Catastrófico | AD48: =IF(AC48="Catastrófico",5,IF(AC48="Mayor",4,IF(AC48="Moderado",3))) -> 5 | AE48: =IF(OR(AND(AC48="Moderado",G48="Rara Vez"),AND(AC48="Moderado",G48="Improbable")),"Moderado",IF(OR(AND(AC48="Mayor",G48="Improbable"),AND(AC48="Mayor",G48="Rara Vez"),AND(AC48="Moderado",G48="Probable"),AND(AC48="Moderado",G48="Posible")),"Alto",IF(OR(AND(AC48="Moderado",G48="Casi Seguro"),AND(AC48="Mayor",G48="Posible"),AND(AC48="Mayor",G48="Probable"),AND(AC48="Mayor",G48="Casi Seguro")),"Extremo",IF(AC48="Catastrófico","Extremo")))) -> Extremo | AF48: Reducir
E49: ='3-IDENTIFICACIÓN DEL RIESGO'!G88 -> Favorecimiento en la atención de solicitudes de formalización de territorios colectivos a comunidades étnicas específicas por parte de la Subdirección de Asuntos Étnicos, desconociendo el principio de equidad. | G49: Improbable | H49: =IF(G49="Casi Seguro",5,IF(G49="Probable",4,IF(G49="Posible",3,IF(G49="Improbable",2,IF(G49="Rara Vez",1))))) -> 2 | I49: SI | J49: SI | K49: SI | L49: NO | M49: SI | N49: SI | O49: SI | P49: SI | Q49: SI | R49: SI | S49: SI | T49: SI | U49: NO | V49: NO | W49: SI | X49: NO | Y49: NO | Z49: SI | AA49: NO | AB49: =COUNTIF(I49:AA49,"SI") -> 13 | AC49: =IF(AB49<6,"Moderado",IF(AB49<12,"Mayor",IF(AB49<20,"Catastrófico"))) -> Catastrófico | AD49: =IF(AC49="Catastrófico",5,IF(AC49="Mayor",4,IF(AC49="Moderado",3))) -> 5 | AE49: =IF(OR(AND(AC49="Moderado",G49="Rara Vez"),AND(AC49="Moderado",G49="Improbable")),"Moderado",IF(OR(AND(AC49="Mayor",G49="Improbable"),AND(AC49="Mayor",G49="Rara Vez"),AND(AC49="Moderado",G49="Probable"),AND(AC49="Moderado",G49="Posible")),"Alto",IF(OR(AND(AC49="Moderado",G49="Casi Seguro"),AND(AC49="Mayor",G49="Posible"),AND(AC49="Mayor",G49="Probable"),AND(AC49="Mayor",G49="Casi Seguro")),"Extremo",IF(AC49="Catastrófico","Extremo")))) -> Extremo | AF49: Reducir
E50: ='3-IDENTIFICACIÓN DEL RIESGO'!G90 -> Solicitud y/o aceptación de dádivas por agilizar trámites o proferir decisiones administrativas en beneficio de un particular y/o tercero para la adjudicación de bienes | G50: Probable | H50: =IF(G50="Casi Seguro",5,IF(G50="Probable",4,IF(G50="Posible",3,IF(G50="Improbable",2,IF(G50="Rara Vez",1))))) -> 4 | I50: SI | J50: SI | K50: SI | L50: SI | M50: SI | N50: NO | O50: SI | P50: SI | Q50: SI | R50: SI | S50: SI | T50: SI | U50: NO | V50: SI | W50: SI | X50: NO | Y50: SI | Z50: SI | AA50: SI | AB50: =COUNTIF(I50:AA50,"SI") -> 16 | AC50: =IF(AB50<6,"Moderado",IF(AB50<12,"Mayor",IF(AB50<20,"Catastrófico"))) -> Catastrófico | AD50: =IF(AC50="Catastrófico",5,IF(AC50="Mayor",4,IF(AC50="Moderado",3))) -> 5 | AE50: =IF(OR(AND(AC50="Moderado",G50="Rara Vez"),AND(AC50="Moderado",G50="Improbable")),"Moderado",IF(OR(AND(AC50="Mayor",G50="Improbable"),AND(AC50="Mayor",G50="Rara Vez"),AND(AC50="Moderado",G50="Probable"),AND(AC50="Moderado",G50="Posible")),"Alto",IF(OR(AND(AC50="Moderado",G50="Casi Seguro"),AND(AC50="Mayor",G50="Posible"),AND(AC50="Mayor",G50="Probable"),AND(AC50="Mayor",G50="Casi Seguro")),"Extremo",IF(AC50="Catastrófico","Extremo")))) -> Extremo | AF50: Reducir
B51: ='3-IDENTIFICACIÓN DEL RIESGO'!B92 -> ADMINISTRACIÓN DE TIERRAS | D51: ='3-IDENTIFICACIÓN DEL RIESGO'!E92 -> 1. Dirección de Acceso a Tierras. 2. Subdirección de Administración de Tierras de la Nación. 3. Dirección de Asuntos Étnicos. 4. Subdirección de Asuntos Étnicos. 5. UGT's. | E51: ='3-IDENTIFICACIÓN DEL RIESGO'!G92 -> Solicitud o aceptación de dádivas por agilizar trámites o proferir decisiones administrativas relacionadas con solicitudes de limitación a la propiedad para beneficio de un particular y/o tercero | G51: Probable | H51: =IF(G51="Casi Seguro",5,IF(G51="Probable",4,IF(G51="Posible",3,IF(G51="Improbable",2,IF(G51="Rara Vez",1))))) -> 4 | I51: SI | J51: SI | K51: SI | L51: SI | M51: SI | N51: NO | O51: SI | P51: SI | Q51: NO | R51: SI | S51: SI | T51: SI | U51: SI | V51: SI | W51: SI | X51: NO | Y51: SI | Z51: SI | AA51: SI | AB51: =COUNTIF(I51:AA51,"SI") -> 16 | AC51: =IF(AB51<6,"Moderado",IF(AB51<12,"Mayor",IF(AB51<20,"Catastrófico"))) -> Catastrófico | AD51: =IF(AC51="Catastrófico",5,IF(AC51="Mayor",4,IF(AC51="Moderado",3))) -> 5 | AE51: =IF(OR(AND(AC51="Moderado",G51="Rara Vez"),AND(AC51="Moderado",G51="Improbable")),"Moderado",IF(OR(AND(AC51="Mayor",G51="Improbable"),AND(AC51="Mayor",G51="Rara Vez"),AND(AC51="Moderado",G51="Probable"),AND(AC51="Moderado",G51="Posible")),"Alto",IF(OR(AND(AC51="Moderado",G51="Casi Seguro"),AND(AC51="Mayor",G51="Posible"),AND(AC51="Mayor",G51="Probable"),AND(AC51="Mayor",G51="Casi Seguro")),"Extremo",IF(AC51="Catastrófico","Extremo")))) -> Extremo | AF51: Reducir
E52: ='3-IDENTIFICACIÓN DEL RIESGO'!G94 -> Uso de la información sobre adjudicación de baldíos a Entidades de Derecho Público para beneficio particular o de terceros | G52: Posible | H52: =IF(G52="Casi Seguro",5,IF(G52="Probable",4,IF(G52="Posible",3,IF(G52="Improbable",2,IF(G52="Rara Vez",1))))) -> 3 | I52: SI | J52: SI | K52: SI | L52: SI | M52: SI | N52: SI | O52: SI | P52: SI | Q52: SI | R52: SI | S52: SI | T52: SI | U52: SI | V52: SI | W52: SI | X52: NO | Y52: SI | Z52: SI | AA52: SI | AB52: =COUNTIF(I52:AA52,"SI") -> 18 | AC52: =IF(AB52<6,"Moderado",IF(AB52<12,"Mayor",IF(AB52<20,"Catastrófico"))) -> Catastrófico | AD52: =IF(AC52="Catastrófico",5,IF(AC52="Mayor",4,IF(AC52="Moderado",3))) -> 5 | AE52: =IF(OR(AND(AC52="Moderado",G52="Rara Vez"),AND(AC52="Moderado",G52="Improbable")),"Moderado",IF(OR(AND(AC52="Mayor",G52="Improbable"),AND(AC52="Mayor",G52="Rara Vez"),AND(AC52="Moderado",G52="Probable"),AND(AC52="Moderado",G52="Posible")),"Alto",IF(OR(AND(AC52="Moderado",G52="Casi Seguro"),AND(AC52="Mayor",G52="Posible"),AND(AC52="Mayor",G52="Probable"),AND(AC52="Mayor",G52="Casi Seguro")),"Extremo",IF(AC52="Catastrófico","Extremo")))) -> Extremo | AF52: Reducir
E53: ='3-IDENTIFICACIÓN DEL RIESGO'!G96 -> Ofrecer en la UGT promesa de éxito en la realización o priorización de un trámite a cambio de un beneficio personal | G53: Probable | H53: =IF(G53="Casi Seguro",5,IF(G53="Probable",4,IF(G53="Posible",3,IF(G53="Improbable",2,IF(G53="Rara Vez",1))))) -> 4 | I53: SI | J53: SI | K53: SI | L53: SI | M53: SI | N53: NO | O53: SI | P53: SI | Q53: SI | R53: SI | S53: SI | T53: SI | U53: NO | V53: SI | W53: SI | X53: NO | Y53: SI | Z53: SI | AA53: SI | AB53: =COUNTIF(I53:AA53,"SI") -> 16 | AC53: =IF(AB53<6,"Moderado",IF(AB53<12,"Mayor",IF(AB53<20,"Catastrófico"))) -> Catastrófico | AD53: =IF(AC53="Catastrófico",5,IF(AC53="Mayor",4,IF(AC53="Moderado",3))) -> 5 | AE53: =IF(OR(AND(AC53="Moderado",G53="Rara Vez"),AND(AC53="Moderado",G53="Improbable")),"Moderado",IF(OR(AND(AC53="Mayor",G53="Improbable"),AND(AC53="Mayor",G53="Rara Vez"),AND(AC53="Moderado",G53="Probable"),AND(AC53="Moderado",G53="Posible")),"Alto",IF(OR(AND(AC53="Moderado",G53="Casi Seguro"),AND(AC53="Mayor",G53="Posible"),AND(AC53="Mayor",G53="Probable"),AND(AC53="Mayor",G53="Casi Seguro")),"Extremo",IF(AC53="Catastrófico","Extremo")))) -> Extremo | AF53: Reducir
E54: ='3-IDENTIFICACIÓN DEL RIESGO'!G98 -> Riesgo 4 | H54: =IF(G54="Casi Seguro",5,IF(G54="Probable",4,IF(G54="Posible",3,IF(G54="Improbable",2,IF(G54="Rara Vez",1))))) -> FALSE | AB54: =COUNTIF(I54:AA54,"SI") -> 0 | AC54: =IF(AB54<6,"Moderado",IF(AB54<12,"Mayor",IF(AB54<20,"Catastrófico"))) -> Moderado | AD54: =IF(AC54="Catastrófico",5,IF(AC54="Mayor",4,IF(AC54="Moderado",3))) -> 3 | AE54: =IF(OR(AND(AC54="Moderado",G54="Rara Vez"),AND(AC54="Moderado",G54="Improbable")),"Moderado",IF(OR(AND(AC54="Mayor",G54="Improbable"),AND(AC54="Mayor",G54="Rara Vez"),AND(AC54="Moderado",G54="Probable"),AND(AC54="Moderado",G54="Posible")),"Alto",IF(OR(AND(AC54="Moderado",G54="Casi Seguro"),AND(AC54="Mayor",G54="Posible"),AND(AC54="Mayor",G54="Probable"),AND(AC54="Mayor",G54="Casi Seguro")),"Extremo",IF(AC54="Catastrófico","Extremo")))) -> FALSE | AF54: Reducir
E55: ='3-IDENTIFICACIÓN DEL RIESGO'!G100 -> Riesgo 5 | H55: =IF(G55="Casi Seguro",5,IF(G55="Probable",4,IF(G55="Posible",3,IF(G55="Improbable",2,IF(G55="Rara Vez",1))))) -> FALSE | AB55: =COUNTIF(I55:AA55,"SI") -> 0 | AC55: =IF(AB55<6,"Moderado",IF(AB55<12,"Mayor",IF(AB55<20,"Catastrófico"))) -> Moderado | AD55: =IF(AC55="Catastrófico",5,IF(AC55="Mayor",4,IF(AC55="Moderado",3))) -> 3 | AE55: =IF(OR(AND(AC55="Moderado",G55="Rara Vez"),AND(AC55="Moderado",G55="Improbable")),"Moderado",IF(OR(AND(AC55="Mayor",G55="Improbable"),AND(AC55="Mayor",G55="Rara Vez"),AND(AC55="Moderado",G55="Probable"),AND(AC55="Moderado",G55="Posible")),"Alto",IF(OR(AND(AC55="Moderado",G55="Casi Seguro"),AND(AC55="Mayor",G55="Posible"),AND(AC55="Mayor",G55="Probable"),AND(AC55="Mayor",G55="Casi Seguro")),"Extremo",IF(AC55="Catastrófico","Extremo")))) -> FALSE | AF55: Reducir
B56: ='3-IDENTIFICACIÓN DEL RIESGO'!B102 -> EVALUACIÓN DEL IMPACTO DEL ORDENAMIENTO SOCIAL DE LA PROPIEDAD RURAL | D56: ='3-IDENTIFICACIÓN DEL RIESGO'!E102 -> 1. Oficina del Planeación. | E56: ='3-IDENTIFICACIÓN DEL RIESGO'!G102 -> SIN IDENTIFICACIÓN DE RIESGOS DE CORRUPCIÓN | H56: =IF(G56="Casi Seguro",5,IF(G56="Probable",4,IF(G56="Posible",3,IF(G56="Improbable",2,IF(G56="Rara Vez",1))))) -> FALSE | AB56: =COUNTIF(I56:AA56,"SI") -> 0 | AC56: =IF(AB56<6,"Moderado",IF(AB56<12,"Mayor",IF(AB56<20,"Catastrófico"))) -> Moderado | AD56: =IF(AC56="Catastrófico",5,IF(AC56="Mayor",4,IF(AC56="Moderado",3))) -> 3 | AE56: =IF(OR(AND(AC56="Moderado",G56="Rara Vez"),AND(AC56="Moderado",G56="Improbable")),"Moderado",IF(OR(AND(AC56="Mayor",G56="Improbable"),AND(AC56="Mayor",G56="Rara Vez"),AND(AC56="Moderado",G56="Probable"),AND(AC56="Moderado",G56="Posible")),"Alto",IF(OR(AND(AC56="Moderado",G56="Casi Seguro"),AND(AC56="Mayor",G56="Posible"),AND(AC56="Mayor",G56="Probable"),AND(AC56="Mayor",G56="Casi Seguro")),"Extremo",IF(AC56="Catastrófico","Extremo")))) -> FALSE | AF56: Reducir
E57: ='3-IDENTIFICACIÓN DEL RIESGO'!G104 -> Riesgo 2 | H57: =IF(G57="Casi Seguro",5,IF(G57="Probable",4,IF(G57="Posible",3,IF(G57="Improbable",2,IF(G57="Rara Vez",1))))) -> FALSE | AB57: =COUNTIF(I57:AA57,"SI") -> 0 | AC57: =IF(AB57<6,"Moderado",IF(AB57<12,"Mayor",IF(AB57<20,"Catastrófico"))) -> Moderado | AD57: =IF(AC57="Catastrófico",5,IF(AC57="Mayor",4,IF(AC57="Moderado",3))) -> 3 | AE57: =IF(OR(AND(AC57="Moderado",G57="Rara Vez"),AND(AC57="Moderado",G57="Improbable")),"Moderado",IF(OR(AND(AC57="Mayor",G57="Improbable"),AND(AC57="Mayor",G57="Rara Vez"),AND(AC57="Moderado",G57="Probable"),AND(AC57="Moderado",G57="Posible")),"Alto",IF(OR(AND(AC57="Moderado",G57="Casi Seguro"),AND(AC57="Mayor",G57="Posible"),AND(AC57="Mayor",G57="Probable"),AND(AC57="Mayor",G57="Casi Seguro")),"Extremo",IF(AC57="Catastrófico","Extremo")))) -> FALSE | AF57: Reducir
E58: ='3-IDENTIFICACIÓN DEL RIESGO'!G106 -> Riesgo 3 | H58: =IF(G58="Casi Seguro",5,IF(G58="Probable",4,IF(G58="Posible",3,IF(G58="Improbable",2,IF(G58="Rara Vez",1))))) -> FALSE | AB58: =COUNTIF(I58:AA58,"SI") -> 0 | AC58: =IF(AB58<6,"Moderado",IF(AB58<12,"Mayor",IF(AB58<20,"Catastrófico"))) -> Moderado | AD58: =IF(AC58="Catastrófico",5,IF(AC58="Mayor",4,IF(AC58="Moderado",3))) -> 3 | AE58: =IF(OR(AND(AC58="Moderado",G58="Rara Vez"),AND(AC58="Moderado",G58="Improbable")),"Moderado",IF(OR(AND(AC58="Mayor",G58="Improbable"),AND(AC58="Mayor",G58="Rara Vez"),AND(AC58="Moderado",G58="Probable"),AND(AC58="Moderado",G58="Posible")),"Alto",IF(OR(AND(AC58="Moderado",G58="Casi Seguro"),AND(AC58="Mayor",G58="Posible"),AND(AC58="Mayor",G58="Probable"),AND(AC58="Mayor",G58="Casi Seguro")),"Extremo",IF(AC58="Catastrófico","Extremo")))) -> FALSE | AF58: Reducir
E59: ='3-IDENTIFICACIÓN DEL RIESGO'!G108 -> Riesgo 4 | H59: =IF(G59="Casi Seguro",5,IF(G59="Probable",4,IF(G59="Posible",3,IF(G59="Improbable",2,IF(G59="Rara Vez",1))))) -> FALSE | AB59: =COUNTIF(I59:AA59,"SI") -> 0 | AC59: =IF(AB59<6,"Moderado",IF(AB59<12,"Mayor",IF(AB59<20,"Catastrófico"))) -> Moderado | AD59: =IF(AC59="Catastrófico",5,IF(AC59="Mayor",4,IF(AC59="Moderado",3))) -> 3 | AE59: =IF(OR(AND(AC59="Moderado",G59="Rara Vez"),AND(AC59="Moderado",G59="Improbable")),"Moderado",IF(OR(AND(AC59="Mayor",G59="Improbable"),AND(AC59="Mayor",G59="Rara Vez"),AND(AC59="Moderado",G59="Probable"),AND(AC59="Moderado",G59="Posible")),"Alto",IF(OR(AND(AC59="Moderado",G59="Casi Seguro"),AND(AC59="Mayor",G59="Posible"),AND(AC59="Mayor",G59="Probable"),AND(AC59="Mayor",G59="Casi Seguro")),"Extremo",IF(AC59="Catastrófico","Extremo")))) -> FALSE | AF59: Reducir
E60: ='3-IDENTIFICACIÓN DEL RIESGO'!G110 -> Riesgo 5 | H60: =IF(G60="Casi Seguro",5,IF(G60="Probable",4,IF(G60="Posible",3,IF(G60="Improbable",2,IF(G60="Rara Vez",1))))) -> FALSE | AB60: =COUNTIF(I60:AA60,"SI") -> 0 | AC60: =IF(AB60<6,"Moderado",IF(AB60<12,"Mayor",IF(AB60<20,"Catastrófico"))) -> Moderado | AD60: =IF(AC60="Catastrófico",5,IF(AC60="Mayor",4,IF(AC60="Moderado",3))) -> 3 | AE60: =IF(OR(AND(AC60="Moderado",G60="Rara Vez"),AND(AC60="Moderado",G60="Improbable")),"Moderado",IF(OR(AND(AC60="Mayor",G60="Improbable"),AND(AC60="Mayor",G60="Rara Vez"),AND(AC60="Moderado",G60="Probable"),AND(AC60="Moderado",G60="Posible")),"Alto",IF(OR(AND(AC60="Moderado",G60="Casi Seguro"),AND(AC60="Mayor",G60="Posible"),AND(AC60="Mayor",G60="Probable"),AND(AC60="Mayor",G60="Casi Seguro")),"Extremo",IF(AC60="Catastrófico","Extremo")))) -> FALSE | AF60: Reducir
B61: ='3-IDENTIFICACIÓN DEL RIESGO'!B112 -> GESTIÓN DE LA INFORMACIÓN | D61: ='3-IDENTIFICACIÓN DEL RIESGO'!E112 -> 1. Dirección General (Comunicaciones y Topografía). 2.Secretaria General. 3. Dirección de Gestión del Ordenamiento Social de la Propiedad. 4. Subdirección de Sistemas de Información de Tierras. | E61: ='3-IDENTIFICACIÓN DEL RIESGO'!G112 -> Manipulación de la información durante la visita técnica, levantamientos topográficos en campo y procesamiento de la información en oficina, afectando la cabida y linderos de los predios solicitados por el área misional, para beneficios particulares. | G61: Probable | H61: =IF(G61="Casi Seguro",5,IF(G61="Probable",4,IF(G61="Posible",3,IF(G61="Improbable",2,IF(G61="Rara Vez",1))))) -> 4 | I61: SI | J61: SI | K61: SI | L61: SI | M61: SI | N61: SI | O61: SI | P61: SI | Q61: SI | R61: SI | S61: SI | T61: SI | U61: SI | V61: SI | W61: SI | X61: NO | Y61: SI | Z61: SI | AA61: SI | AB61: =COUNTIF(I61:AA61,"SI") -> 18 | AC61: =IF(AB61<6,"Moderado",IF(AB61<12,"Mayor",IF(AB61<20,"Catastrófico"))) -> Catastrófico | AD61: =IF(AC61="Catastrófico",5,IF(AC61="Mayor",4,IF(AC61="Moderado",3))) -> 5 | AE61: =IF(OR(AND(AC61="Moderado",G61="Rara Vez"),AND(AC61="Moderado",G61="Improbable")),"Moderado",IF(OR(AND(AC61="Mayor",G61="Improbable"),AND(AC61="Mayor",G61="Rara Vez"),AND(AC61="Moderado",G61="Probable"),AND(AC61="Moderado",G61="Posible")),"Alto",IF(OR(AND(AC61="Moderado",G61="Casi Seguro"),AND(AC61="Mayor",G61="Posible"),AND(AC61="Mayor",G61="Probable"),AND(AC61="Mayor",G61="Casi Seguro")),"Extremo",IF(AC61="Catastrófico","Extremo")))) -> Extremo | AF61: Reducir
E62: ='3-IDENTIFICACIÓN DEL RIESGO'!G114 -> Riesgo 2 | H62: =IF(G62="Casi Seguro",5,IF(G62="Probable",4,IF(G62="Posible",3,IF(G62="Improbable",2,IF(G62="Rara Vez",1))))) -> FALSE | AB62: =COUNTIF(I62:AA62,"SI") -> 0 | AC62: =IF(AB62<6,"Moderado",IF(AB62<12,"Mayor",IF(AB62<20,"Catastrófico"))) -> Moderado | AD62: =IF(AC62="Catastrófico",5,IF(AC62="Mayor",4,IF(AC62="Moderado",3))) -> 3 | AE62: =IF(OR(AND(AC62="Moderado",G62="Rara Vez"),AND(AC62="Moderado",G62="Improbable")),"Moderado",IF(OR(AND(AC62="Mayor",G62="Improbable"),AND(AC62="Mayor",G62="Rara Vez"),AND(AC62="Moderado",G62="Probable"),AND(AC62="Moderado",G62="Posible")),"Alto",IF(OR(AND(AC62="Moderado",G62="Casi Seguro"),AND(AC62="Mayor",G62="Posible"),AND(AC62="Mayor",G62="Probable"),AND(AC62="Mayor",G62="Casi Seguro")),"Extremo",IF(AC62="Catastrófico","Extremo")))) -> FALSE | AF62: Reducir
E63: ='3-IDENTIFICACIÓN DEL RIESGO'!G116 -> Riesgo 3 | H63: =IF(G63="Casi Seguro",5,IF(G63="Probable",4,IF(G63="Posible",3,IF(G63="Improbable",2,IF(G63="Rara Vez",1))))) -> FALSE | AB63: =COUNTIF(I63:AA63,"SI") -> 0 | AC63: =IF(AB63<6,"Moderado",IF(AB63<12,"Mayor",IF(AB63<20,"Catastrófico"))) -> Moderado | AD63: =IF(AC63="Catastrófico",5,IF(AC63="Mayor",4,IF(AC63="Moderado",3))) -> 3 | AE63: =IF(OR(AND(AC63="Moderado",G63="Rara Vez"),AND(AC63="Moderado",G63="Improbable")),"Moderado",IF(OR(AND(AC63="Mayor",G63="Improbable"),AND(AC63="Mayor",G63="Rara Vez"),AND(AC63="Moderado",G63="Probable"),AND(AC63="Moderado",G63="Posible")),"Alto",IF(OR(AND(AC63="Moderado",G63="Casi Seguro"),AND(AC63="Mayor",G63="Posible"),AND(AC63="Mayor",G63="Probable"),AND(AC63="Mayor",G63="Casi Seguro")),"Extremo",IF(AC63="Catastrófico","Extremo")))) -> FALSE | AF63: Reducir
E64: ='3-IDENTIFICACIÓN DEL RIESGO'!G118 -> Riesgo 4 | H64: =IF(G64="Casi Seguro",5,IF(G64="Probable",4,IF(G64="Posible",3,IF(G64="Improbable",2,IF(G64="Rara Vez",1))))) -> FALSE | AB64: =COUNTIF(I64:AA64,"SI") -> 0 | AC64: =IF(AB64<6,"Moderado",IF(AB64<12,"Mayor",IF(AB64<20,"Catastrófico"))) -> Moderado | AD64: =IF(AC64="Catastrófico",5,IF(AC64="Mayor",4,IF(AC64="Moderado",3))) -> 3 | AE64: =IF(OR(AND(AC64="Moderado",G64="Rara Vez"),AND(AC64="Moderado",G64="Improbable")),"Moderado",IF(OR(AND(AC64="Mayor",G64="Improbable"),AND(AC64="Mayor",G64="Rara Vez"),AND(AC64="Moderado",G64="Probable"),AND(AC64="Moderado",G64="Posible")),"Alto",IF(OR(AND(AC64="Moderado",G64="Casi Seguro"),AND(AC64="Mayor",G64="Posible"),AND(AC64="Mayor",G64="Probable"),AND(AC64="Mayor",G64="Casi Seguro")),"Extremo",IF(AC64="Catastrófico","Extremo")))) -> FALSE | AF64: Reducir
E65: ='3-IDENTIFICACIÓN DEL RIESGO'!G120 -> Riesgo 5 | H65: =IF(G65="Casi Seguro",5,IF(G65="Probable",4,IF(G65="Posible",3,IF(G65="Improbable",2,IF(G65="Rara Vez",1))))) -> FALSE | AB65: =COUNTIF(I65:AA65,"SI") -> 0 | AC65: =IF(AB65<6,"Moderado",IF(AB65<12,"Mayor",IF(AB65<20,"Catastrófico"))) -> Moderado | AD65: =IF(AC65="Catastrófico",5,IF(AC65="Mayor",4,IF(AC65="Moderado",3))) -> 3 | AE65: =IF(OR(AND(AC65="Moderado",G65="Rara Vez"),AND(AC65="Moderado",G65="Improbable")),"Moderado",IF(OR(AND(AC65="Mayor",G65="Improbable"),AND(AC65="Mayor",G65="Rara Vez"),AND(AC65="Moderado",G65="Probable"),AND(AC65="Moderado",G65="Posible")),"Alto",IF(OR(AND(AC65="Moderado",G65="Casi Seguro"),AND(AC65="Mayor",G65="Posible"),AND(AC65="Mayor",G65="Probable"),AND(AC65="Mayor",G65="Casi Seguro")),"Extremo",IF(AC65="Catastrófico","Extremo")))) -> FALSE | AF65: Reducir
B66: ='3-IDENTIFICACIÓN DEL RIESGO'!B122 -> GESTIÓN DEL TALENTO HUMANO | D66: ='3-IDENTIFICACIÓN DEL RIESGO'!E122 -> 1. Subdirección de Talento Humano. 2. Secretaría General. | E66: ='3-IDENTIFICACIÓN DEL RIESGO'!G122 -> Vinculación de personal sin cumplimiento de requisitos mínimos en beneficio particular o de un tercero. | G66: Rara Vez | H66: =IF(G66="Casi Seguro",5,IF(G66="Probable",4,IF(G66="Posible",3,IF(G66="Improbable",2,IF(G66="Rara Vez",1))))) -> 1 | I66: SI | J66: SI | K66: NO | L66: NO | M66: SI | N66: SI | O66: SI | P66: NO | Q66: NO | R66: NO | S66: SI | T66: SI | U66: NO | V66: NO | W66: NO | X66: NO | Y66: NO | Z66: NO | AA66: NO | AB66: =COUNTIF(I66:AA66,"SI") -> 7 | AC66: =IF(AB66<6,"Moderado",IF(AB66<12,"Mayor",IF(AB66<20,"Catastrófico"))) -> Mayor | AD66: =IF(AC66="Catastrófico",5,IF(AC66="Mayor",4,IF(AC66="Moderado",3))) -> 4 | AE66: =IF(OR(AND(AC66="Moderado",G66="Rara Vez"),AND(AC66="Moderado",G66="Improbable")),"Moderado",IF(OR(AND(AC66="Mayor",G66="Improbable"),AND(AC66="Mayor",G66="Rara Vez"),AND(AC66="Moderado",G66="Probable"),AND(AC66="Moderado",G66="Posible")),"Alto",IF(OR(AND(AC66="Moderado",G66="Casi Seguro"),AND(AC66="Mayor",G66="Posible"),AND(AC66="Mayor",G66="Probable"),AND(AC66="Mayor",G66="Casi Seguro")),"Extremo",IF(AC66="Catastrófico","Extremo")))) -> Alto | AF66: Reducir
E67: ='3-IDENTIFICACIÓN DEL RIESGO'!G124 -> Pérdida o manipulación de expedientes de historia laboral para beneficio personal o de tercero. | G67: Rara Vez | H67: =IF(G67="Casi Seguro",5,IF(G67="Probable",4,IF(G67="Posible",3,IF(G67="Improbable",2,IF(G67="Rara Vez",1))))) -> 1 | I67: SI | J67: SI | K67: NO | L67: NO | M67: SI | N67: SI | O67: SI | P67: NO | Q67: SI | R67: SI | S67: SI | T67: SI | U67: SI | V67: SI | W67: NO | X67: NO | Y67: NO | Z67: NO | AA67: NO | AB67: =COUNTIF(I67:AA67,"SI") -> 11 | AC67: =IF(AB67<6,"Moderado",IF(AB67<12,"Mayor",IF(AB67<20,"Catastrófico"))) -> Mayor | AD67: =IF(AC67="Catastrófico",5,IF(AC67="Mayor",4,IF(AC67="Moderado",3))) -> 4 | AE67: =IF(OR(AND(AC67="Moderado",G67="Rara Vez"),AND(AC67="Moderado",G67="Improbable")),"Moderado",IF(OR(AND(AC67="Mayor",G67="Improbable"),AND(AC67="Mayor",G67="Rara Vez"),AND(AC67="Moderado",G67="Probable"),AND(AC67="Moderado",G67="Posible")),"Alto",IF(OR(AND(AC67="Moderado",G67="Casi Seguro"),AND(AC67="Mayor",G67="Posible"),AND(AC67="Mayor",G67="Probable"),AND(AC67="Mayor",G67="Casi Seguro")),"Extremo",IF(AC67="Catastrófico","Extremo")))) -> Alto | AF67: Reducir
E68: ='3-IDENTIFICACIÓN DEL RIESGO'!G126 -> Pérdida de documentación en los expedientes de procesos de investigación disciplinaria, en beneficio del o de los investigados | G68: Posible | H68: =IF(G68="Casi Seguro",5,IF(G68="Probable",4,IF(G68="Posible",3,IF(G68="Improbable",2,IF(G68="Rara Vez",1))))) -> 3 | I68: SI | J68: NO | K68: NO | L68: NO | M68: SI | N68: SI | O68: NO | P68: NO | Q68: SI | R68: SI | S68: SI | T68: SI | U68: SI | V68: SI | W68: SI | X68: NO | Y68: SI | Z68: SI | AA68: NO | AB68: =COUNTIF(I68:AA68,"SI") -> 12 | AC68: =IF(AB68<6,"Moderado",IF(AB68<12,"Mayor",IF(AB68<20,"Catastrófico"))) -> Catastrófico | AD68: =IF(AC68="Catastrófico",5,IF(AC68="Mayor",4,IF(AC68="Moderado",3))) -> 5 | AE68: =IF(OR(AND(AC68="Moderado",G68="Rara Vez"),AND(AC68="Moderado",G68="Improbable")),"Moderado",IF(OR(AND(AC68="Mayor",G68="Improbable"),AND(AC68="Mayor",G68="Rara Vez"),AND(AC68="Moderado",G68="Probable"),AND(AC68="Moderado",G68="Posible")),"Alto",IF(OR(AND(AC68="Moderado",G68="Casi Seguro"),AND(AC68="Mayor",G68="Posible"),AND(AC68="Mayor",G68="Probable"),AND(AC68="Mayor",G68="Casi Seguro")),"Extremo",IF(AC68="Catastrófico","Extremo")))) -> Extremo | AF68: Reducir
E69: ='3-IDENTIFICACIÓN DEL RIESGO'!G128 -> Prescripción o caducidad de la acción disciplinaria en favor de los implicados. | G69: Posible | H69: =IF(G69="Casi Seguro",5,IF(G69="Probable",4,IF(G69="Posible",3,IF(G69="Improbable",2,IF(G69="Rara Vez",1))))) -> 3 | I69: SI | J69: NO | K69: NO | L69: NO | M69: SI | N69: SI | O69: NO | P69: NO | Q69: SI | R69: SI | S69: SI | T69: SI | U69: SI | V69: SI | W69: SI | X69: NO | Y69: SI | Z69: SI | AA69: NO | AB69: =COUNTIF(I69:AA69,"SI") -> 12 | AC69: =IF(AB69<6,"Moderado",IF(AB69<12,"Mayor",IF(AB69<20,"Catastrófico"))) -> Catastrófico | AD69: =IF(AC69="Catastrófico",5,IF(AC69="Mayor",4,IF(AC69="Moderado",3))) -> 5 | AE69: =IF(OR(AND(AC69="Moderado",G69="Rara Vez"),AND(AC69="Moderado",G69="Improbable")),"Moderado",IF(OR(AND(AC69="Mayor",G69="Improbable"),AND(AC69="Mayor",G69="Rara Vez"),AND(AC69="Moderado",G69="Probable"),AND(AC69="Moderado",G69="Posible")),"Alto",IF(OR(AND(AC69="Moderado",G69="Casi Seguro"),AND(AC69="Mayor",G69="Posible"),AND(AC69="Mayor",G69="Probable"),AND(AC69="Mayor",G69="Casi Seguro")),"Extremo",IF(AC69="Catastrófico","Extremo")))) -> Extremo | AF69: Reducir
E70: ='3-IDENTIFICACIÓN DEL RIESGO'!G130 -> Riesgo 5 | H70: =IF(G70="Casi Seguro",5,IF(G70="Probable",4,IF(G70="Posible",3,IF(G70="Improbable",2,IF(G70="Rara Vez",1))))) -> FALSE | AB70: =COUNTIF(I70:AA70,"SI") -> 0 | AC70: =IF(AB70<6,"Moderado",IF(AB70<12,"Mayor",IF(AB70<20,"Catastrófico"))) -> Moderado | AD70: =IF(AC70="Catastrófico",5,IF(AC70="Mayor",4,IF(AC70="Moderado",3))) -> 3 | AE70: =IF(OR(AND(AC70="Moderado",G70="Rara Vez"),AND(AC70="Moderado",G70="Improbable")),"Moderado",IF(OR(AND(AC70="Mayor",G70="Improbable"),AND(AC70="Mayor",G70="Rara Vez"),AND(AC70="Moderado",G70="Probable"),AND(AC70="Moderado",G70="Posible")),"Alto",IF(OR(AND(AC70="Moderado",G70="Casi Seguro"),AND(AC70="Mayor",G70="Posible"),AND(AC70="Mayor",G70="Probable"),AND(AC70="Mayor",G70="Casi Seguro")),"Extremo",IF(AC70="Catastrófico","Extremo")))) -> FALSE | AF70: Reducir
B71: ='3-IDENTIFICACIÓN DEL RIESGO'!B132 -> APOYO JURÍDICO | D71: ='3-IDENTIFICACIÓN DEL RIESGO'!E132 -> 1. Oficina Jurídica | E71: ='3-IDENTIFICACIÓN DEL RIESGO'!G132 -> Emitir conceptos y viabilidades jurídicas para favorecer intereses propios o de terceros | G71: Posible | H71: =IF(G71="Casi Seguro",5,IF(G71="Probable",4,IF(G71="Posible",3,IF(G71="Improbable",2,IF(G71="Rara Vez",1))))) -> 3 | I71: SI | J71: NO | K71: SI | L71: SI | M71: SI | N71: SI | O71: SI | P71: SI | Q71: NO | R71: SI | S71: SI | T71: SI | U71: SI | V71: SI | W71: SI | X71: NO | Y71: SI | Z71: SI | AA71: SI | AB71: =COUNTIF(I71:AA71,"SI") -> 16 | AC71: =IF(AB71<6,"Moderado",IF(AB71<12,"Mayor",IF(AB71<20,"Catastrófico"))) -> Catastrófico | AD71: =IF(AC71="Catastrófico",5,IF(AC71="Mayor",4,IF(AC71="Moderado",3))) -> 5 | AE71: =IF(OR(AND(AC71="Moderado",G71="Rara Vez"),AND(AC71="Moderado",G71="Improbable")),"Moderado",IF(OR(AND(AC71="Mayor",G71="Improbable"),AND(AC71="Mayor",G71="Rara Vez"),AND(AC71="Moderado",G71="Probable"),AND(AC71="Moderado",G71="Posible")),"Alto",IF(OR(AND(AC71="Moderado",G71="Casi Seguro"),AND(AC71="Mayor",G71="Posible"),AND(AC71="Mayor",G71="Probable"),AND(AC71="Mayor",G71="Casi Seguro")),"Extremo",IF(AC71="Catastrófico","Extremo")))) -> Extremo | AF71: Reducir
E72: ='3-IDENTIFICACIÓN DEL RIESGO'!G134 -> Aplicación discrecional de las normas para favorecer intereses de terceros | G72: Probable | H72: =IF(G72="Casi Seguro",5,IF(G72="Probable",4,IF(G72="Posible",3,IF(G72="Improbable",2,IF(G72="Rara Vez",1))))) -> 4 | I72: SI | J72: NO | K72: SI | L72: SI | M72: SI | N72: SI | O72: SI | P72: SI | Q72: NO | R72: SI | S72: SI | T72: SI | U72: SI | V72: SI | W72: SI | X72: NO | Y72: SI | Z72: SI | AA72: SI | AB72: =COUNTIF(I72:AA72,"SI") -> 16 | AC72: =IF(AB72<6,"Moderado",IF(AB72<12,"Mayor",IF(AB72<20,"Catastrófico"))) -> Catastrófico | AD72: =IF(AC72="Catastrófico",5,IF(AC72="Mayor",4,IF(AC72="Moderado",3))) -> 5 | AE72: =IF(OR(AND(AC72="Moderado",G72="Rara Vez"),AND(AC72="Moderado",G72="Improbable")),"Moderado",IF(OR(AND(AC72="Mayor",G72="Improbable"),AND(AC72="Mayor",G72="Rara Vez"),AND(AC72="Moderado",G72="Probable"),AND(AC72="Moderado",G72="Posible")),"Alto",IF(OR(AND(AC72="Moderado",G72="Casi Seguro"),AND(AC72="Mayor",G72="Posible"),AND(AC72="Mayor",G72="Probable"),AND(AC72="Mayor",G72="Casi Seguro")),"Extremo",IF(AC72="Catastrófico","Extremo")))) -> Extremo | AF72: Reducir
E73: ='3-IDENTIFICACIÓN DEL RIESGO'!G136 -> No ejecutar las accciones de cobro coactivo para favorecer intereses propios o de terceros. | G73: Rara Vez | H73: =IF(G73="Casi Seguro",5,IF(G73="Probable",4,IF(G73="Posible",3,IF(G73="Improbable",2,IF(G73="Rara Vez",1))))) -> 1 | I73: SI | J73: NO | K73: NO | L73: NO | M73: SI | N73: SI | O73: NO | P73: SI | Q73: NO | R73: SI | S73: SI | T73: SI | U73: SI | V73: SI | W73: NO | X73: NO | Y73: SI | Z73: SI | AA73: NO | AB73: =COUNTIF(I73:AA73,"SI") -> 11 | AC73: =IF(AB73<6,"Moderado",IF(AB73<12,"Mayor",IF(AB73<20,"Catastrófico"))) -> Mayor | AD73: =IF(AC73="Catastrófico",5,IF(AC73="Mayor",4,IF(AC73="Moderado",3))) -> 4 | AE73: =IF(OR(AND(AC73="Moderado",G73="Rara Vez"),AND(AC73="Moderado",G73="Improbable")),"Moderado",IF(OR(AND(AC73="Mayor",G73="Improbable"),AND(AC73="Mayor",G73="Rara Vez"),AND(AC73="Moderado",G73="Probable"),AND(AC73="Moderado",G73="Posible")),"Alto",IF(OR(AND(AC73="Moderado",G73="Casi Seguro"),AND(AC73="Mayor",G73="Posible"),AND(AC73="Mayor",G73="Probable"),AND(AC73="Mayor",G73="Casi Seguro")),"Extremo",IF(AC73="Catastrófico","Extremo")))) -> Alto | AF73: Reducir
E74: ='3-IDENTIFICACIÓN DEL RIESGO'!G138 -> Orientar la defensa jurídica de la ANT o algunas de sus actuaciones en perjuicio de sus intereses para favorecer a un tercero. | G74: Posible | H74: =IF(G74="Casi Seguro",5,IF(G74="Probable",4,IF(G74="Posible",3,IF(G74="Improbable",2,IF(G74="Rara Vez",1))))) -> 3 | I74: SI | J74: NO | K74: SI | L74: SI | M74: SI | N74: SI | O74: SI | P74: SI | Q74: NO | R74: SI | S74: SI | T74: SI | U74: SI | V74: SI | W74: SI | X74: NO | Y74: SI | Z74: SI | AA74: SI | AB74: =COUNTIF(I74:AA74,"SI") -> 16 | AC74: =IF(AB74<6,"Moderado",IF(AB74<12,"Mayor",IF(AB74<20,"Catastrófico"))) -> Catastrófico | AD74: =IF(AC74="Catastrófico",5,IF(AC74="Mayor",4,IF(AC74="Moderado",3))) -> 5 | AE74: =IF(OR(AND(AC74="Moderado",G74="Rara Vez"),AND(AC74="Moderado",G74="Improbable")),"Moderado",IF(OR(AND(AC74="Mayor",G74="Improbable"),AND(AC74="Mayor",G74="Rara Vez"),AND(AC74="Moderado",G74="Probable"),AND(AC74="Moderado",G74="Posible")),"Alto",IF(OR(AND(AC74="Moderado",G74="Casi Seguro"),AND(AC74="Mayor",G74="Posible"),AND(AC74="Mayor",G74="Probable"),AND(AC74="Mayor",G74="Casi Seguro")),"Extremo",IF(AC74="Catastrófico","Extremo")))) -> Extremo | AF74: Reducir
E75: ='3-IDENTIFICACIÓN DEL RIESGO'!G140 -> Riesgo 5 | H75: =IF(G75="Casi Seguro",5,IF(G75="Probable",4,IF(G75="Posible",3,IF(G75="Improbable",2,IF(G75="Rara Vez",1))))) -> FALSE | AB75: =COUNTIF(I75:AA75,"SI") -> 0 | AC75: =IF(AB75<6,"Moderado",IF(AB75<12,"Mayor",IF(AB75<20,"Catastrófico"))) -> Moderado | AD75: =IF(AC75="Catastrófico",5,IF(AC75="Mayor",4,IF(AC75="Moderado",3))) -> 3 | AE75: =IF(OR(AND(AC75="Moderado",G75="Rara Vez"),AND(AC75="Moderado",G75="Improbable")),"Moderado",IF(OR(AND(AC75="Mayor",G75="Improbable"),AND(AC75="Mayor",G75="Rara Vez"),AND(AC75="Moderado",G75="Probable"),AND(AC75="Moderado",G75="Posible")),"Alto",IF(OR(AND(AC75="Moderado",G75="Casi Seguro"),AND(AC75="Mayor",G75="Posible"),AND(AC75="Mayor",G75="Probable"),AND(AC75="Mayor",G75="Casi Seguro")),"Extremo",IF(AC75="Catastrófico","Extremo")))) -> FALSE | AF75: Reducir
B76: ='3-IDENTIFICACIÓN DEL RIESGO'!B142 -> ADQUISICIÓN DE BIENES Y SERVICIOS | D76: ='3-IDENTIFICACIÓN DEL RIESGO'!E142 -> 1. Subdirección Administrativa y Financiera. 2. Secretaría General. | E76: ='3-IDENTIFICACIÓN DEL RIESGO'!G142 -> Celebración indebida de contratos en beneficio particular o de un tercero. | G76: Probable | H76: =IF(G76="Casi Seguro",5,IF(G76="Probable",4,IF(G76="Posible",3,IF(G76="Improbable",2,IF(G76="Rara Vez",1))))) -> 4 | I76: SI | J76: SI | K76: SI | L76: SI | M76: SI | N76: SI | O76: SI | P76: SI | Q76: SI | R76: SI | S76: SI | T76: SI | U76: SI | V76: SI | W76: SI | X76: NO | Y76: SI | Z76: SI | AA76: NO | AB76: =COUNTIF(I76:AA76,"SI") -> 17 | AC76: =IF(AB76<6,"Moderado",IF(AB76<12,"Mayor",IF(AB76<20,"Catastrófico"))) -> Catastrófico | AD76: =IF(AC76="Catastrófico",5,IF(AC76="Mayor",4,IF(AC76="Moderado",3))) -> 5 | AE76: =IF(OR(AND(AC76="Moderado",G76="Rara Vez"),AND(AC76="Moderado",G76="Improbable")),"Moderado",IF(OR(AND(AC76="Mayor",G76="Improbable"),AND(AC76="Mayor",G76="Rara Vez"),AND(AC76="Moderado",G76="Probable"),AND(AC76="Moderado",G76="Posible")),"Alto",IF(OR(AND(AC76="Moderado",G76="Casi Seguro"),AND(AC76="Mayor",G76="Posible"),AND(AC76="Mayor",G76="Probable"),AND(AC76="Mayor",G76="Casi Seguro")),"Extremo",IF(AC76="Catastrófico","Extremo")))) -> Extremo | AF76: Reducir
E77: ='3-IDENTIFICACIÓN DEL RIESGO'!G144 -> Aprobación de informes y pagos de contratos sin cumplimineto del objeto, obligaciones y/o requisitos contractuales en beneficio particular o de terceros. | G77: Probable | H77: =IF(G77="Casi Seguro",5,IF(G77="Probable",4,IF(G77="Posible",3,IF(G77="Improbable",2,IF(G77="Rara Vez",1))))) -> 4 | I77: SI | J77: SI | K77: SI | L77: SI | M77: SI | N77: SI | O77: SI | P77: SI | Q77: SI | R77: SI | S77: SI | T77: SI | U77: SI | V77: SI | W77: SI | X77: NO | Y77: SI | Z77: SI | AA77: NO | AB77: =COUNTIF(I77:AA77,"SI") -> 17 | AC77: =IF(AB77<6,"Moderado",IF(AB77<12,"Mayor",IF(AB77<20,"Catastrófico"))) -> Catastrófico | AD77: =IF(AC77="Catastrófico",5,IF(AC77="Mayor",4,IF(AC77="Moderado",3))) -> 5 | AE77: =IF(OR(AND(AC77="Moderado",G77="Rara Vez"),AND(AC77="Moderado",G77="Improbable")),"Moderado",IF(OR(AND(AC77="Mayor",G77="Improbable"),AND(AC77="Mayor",G77="Rara Vez"),AND(AC77="Moderado",G77="Probable"),AND(AC77="Moderado",G77="Posible")),"Alto",IF(OR(AND(AC77="Moderado",G77="Casi Seguro"),AND(AC77="Mayor",G77="Posible"),AND(AC77="Mayor",G77="Probable"),AND(AC77="Mayor",G77="Casi Seguro")),"Extremo",IF(AC77="Catastrófico","Extremo")))) -> Extremo | AF77: Reducir
E78: ='3-IDENTIFICACIÓN DEL RIESGO'!G146 -> Riesgo 3 | H78: =IF(G78="Casi Seguro",5,IF(G78="Probable",4,IF(G78="Posible",3,IF(G78="Improbable",2,IF(G78="Rara Vez",1))))) -> FALSE | AB78: =COUNTIF(I78:AA78,"SI") -> 0 | AC78: =IF(AB78<6,"Moderado",IF(AB78<12,"Mayor",IF(AB78<20,"Catastrófico"))) -> Moderado | AD78: =IF(AC78="Catastrófico",5,IF(AC78="Mayor",4,IF(AC78="Moderado",3))) -> 3 | AE78: =IF(OR(AND(AC78="Moderado",G78="Rara Vez"),AND(AC78="Moderado",G78="Improbable")),"Moderado",IF(OR(AND(AC78="Mayor",G78="Improbable"),AND(AC78="Mayor",G78="Rara Vez"),AND(AC78="Moderado",G78="Probable"),AND(AC78="Moderado",G78="Posible")),"Alto",IF(OR(AND(AC78="Moderado",G78="Casi Seguro"),AND(AC78="Mayor",G78="Posible"),AND(AC78="Mayor",G78="Probable"),AND(AC78="Mayor",G78="Casi Seguro")),"Extremo",IF(AC78="Catastrófico","Extremo")))) -> FALSE | AF78: Reducir
E79: ='3-IDENTIFICACIÓN DEL RIESGO'!G148 -> Riesgo 4 | H79: =IF(G79="Casi Seguro",5,IF(G79="Probable",4,IF(G79="Posible",3,IF(G79="Improbable",2,IF(G79="Rara Vez",1))))) -> FALSE | AB79: =COUNTIF(I79:AA79,"SI") -> 0 | AC79: =IF(AB79<6,"Moderado",IF(AB79<12,"Mayor",IF(AB79<20,"Catastrófico"))) -> Moderado | AD79: =IF(AC79="Catastrófico",5,IF(AC79="Mayor",4,IF(AC79="Moderado",3))) -> 3 | AE79: =IF(OR(AND(AC79="Moderado",G79="Rara Vez"),AND(AC79="Moderado",G79="Improbable")),"Moderado",IF(OR(AND(AC79="Mayor",G79="Improbable"),AND(AC79="Mayor",G79="Rara Vez"),AND(AC79="Moderado",G79="Probable"),AND(AC79="Moderado",G79="Posible")),"Alto",IF(OR(AND(AC79="Moderado",G79="Casi Seguro"),AND(AC79="Mayor",G79="Posible"),AND(AC79="Mayor",G79="Probable"),AND(AC79="Mayor",G79="Casi Seguro")),"Extremo",IF(AC79="Catastrófico","Extremo")))) -> FALSE | AF79: Reducir
E80: ='3-IDENTIFICACIÓN DEL RIESGO'!G150 -> Riesgo 5 | H80: =IF(G80="Casi Seguro",5,IF(G80="Probable",4,IF(G80="Posible",3,IF(G80="Improbable",2,IF(G80="Rara Vez",1))))) -> FALSE | AB80: =COUNTIF(I80:AA80,"SI") -> 0 | AC80: =IF(AB80<6,"Moderado",IF(AB80<12,"Mayor",IF(AB80<20,"Catastrófico"))) -> Moderado | AD80: =IF(AC80="Catastrófico",5,IF(AC80="Mayor",4,IF(AC80="Moderado",3))) -> 3 | AE80: =IF(OR(AND(AC80="Moderado",G80="Rara Vez"),AND(AC80="Moderado",G80="Improbable")),"Moderado",IF(OR(AND(AC80="Mayor",G80="Improbable"),AND(AC80="Mayor",G80="Rara Vez"),AND(AC80="Moderado",G80="Probable"),AND(AC80="Moderado",G80="Posible")),"Alto",IF(OR(AND(AC80="Moderado",G80="Casi Seguro"),AND(AC80="Mayor",G80="Posible"),AND(AC80="Mayor",G80="Probable"),AND(AC80="Mayor",G80="Casi Seguro")),"Extremo",IF(AC80="Catastrófico","Extremo")))) -> FALSE | AF80: Reducir
B81: ='3-IDENTIFICACIÓN DEL RIESGO'!B152 -> ADMINISTRACIÓN DE BIENES Y SERVICIOS | D81: ='3-IDENTIFICACIÓN DEL RIESGO'!E152 -> 1. Subdirección Administrativa y Financiera. 2. Secretaría General. | E81: ='3-IDENTIFICACIÓN DEL RIESGO'!G152 -> Pérdida o uso indebido de bienes devolutivos de la Agencia Nacional de Tierras para beneficio personal o de terceros | G81: Probable | H81: =IF(G81="Casi Seguro",5,IF(G81="Probable",4,IF(G81="Posible",3,IF(G81="Improbable",2,IF(G81="Rara Vez",1))))) -> 4 | I81: SI | J81: SI | K81: SI | L81: NO | M81: SI | N81: SI | O81: SI | P81: NO | Q81: NO | R81: SI | S81: SI | T81: SI | U81: SI | V81: SI | W81: NO | X81: NO | Y81: NO | Z81: NO | AA81: NO | AB81: =COUNTIF(I81:AA81,"SI") -> 11 | AC81: =IF(AB81<6,"Moderado",IF(AB81<12,"Mayor",IF(AB81<20,"Catastrófico"))) -> Mayor | AD81: =IF(AC81="Catastrófico",5,IF(AC81="Mayor",4,IF(AC81="Moderado",3))) -> 4 | AE81: =IF(OR(AND(AC81="Moderado",G81="Rara Vez"),AND(AC81="Moderado",G81="Improbable")),"Moderado",IF(OR(AND(AC81="Mayor",G81="Improbable"),AND(AC81="Mayor",G81="Rara Vez"),AND(AC81="Moderado",G81="Probable"),AND(AC81="Moderado",G81="Posible")),"Alto",IF(OR(AND(AC81="Moderado",G81="Casi Seguro"),AND(AC81="Mayor",G81="Posible"),AND(AC81="Mayor",G81="Probable"),AND(AC81="Mayor",G81="Casi Seguro")),"Extremo",IF(AC81="Catastrófico","Extremo")))) -> Extremo | AF81: Reducir
E82: ='3-IDENTIFICACIÓN DEL RIESGO'!G154 -> Pérdida o manipulación de expedientes con información institucional para beneficio particular o de un tercero | G82: Posible | H82: =IF(G82="Casi Seguro",5,IF(G82="Probable",4,IF(G82="Posible",3,IF(G82="Improbable",2,IF(G82="Rara Vez",1))))) -> 3 | I82: SI | J82: SI | K82: SI | L82: SI | M82: SI | N82: SI | O82: SI | P82: SI | Q82: SI | R82: SI | S82: SI | T82: SI | U82: SI | V82: SI | W82: SI | X82: NO | Y82: SI | Z82: SI | AA82: SI | AB82: =COUNTIF(I82:AA82,"SI") -> 18 | AC82: =IF(AB82<6,"Moderado",IF(AB82<12,"Mayor",IF(AB82<20,"Catastrófico"))) -> Catastrófico | AD82: =IF(AC82="Catastrófico",5,IF(AC82="Mayor",4,IF(AC82="Moderado",3))) -> 5 | AE82: =IF(OR(AND(AC82="Moderado",G82="Rara Vez"),AND(AC82="Moderado",G82="Improbable")),"Moderado",IF(OR(AND(AC82="Mayor",G82="Improbable"),AND(AC82="Mayor",G82="Rara Vez"),AND(AC82="Moderado",G82="Probable"),AND(AC82="Moderado",G82="Posible")),"Alto",IF(OR(AND(AC82="Moderado",G82="Casi Seguro"),AND(AC82="Mayor",G82="Posible"),AND(AC82="Mayor",G82="Probable"),AND(AC82="Mayor",G82="Casi Seguro")),"Extremo",IF(AC82="Catastrófico","Extremo")))) -> Extremo | AF82: Reducir
E83: ='3-IDENTIFICACIÓN DEL RIESGO'!G156 -> Riesgo 3 | H83: =IF(G83="Casi Seguro",5,IF(G83="Probable",4,IF(G83="Posible",3,IF(G83="Improbable",2,IF(G83="Rara Vez",1))))) -> FALSE | AB83: =COUNTIF(I83:AA83,"SI") -> 0 | AC83: =IF(AB83<6,"Moderado",IF(AB83<12,"Mayor",IF(AB83<20,"Catastrófico"))) -> Moderado | AD83: =IF(AC83="Catastrófico",5,IF(AC83="Mayor",4,IF(AC83="Moderado",3))) -> 3 | AE83: =IF(OR(AND(AC83="Moderado",G83="Rara Vez"),AND(AC83="Moderado",G83="Improbable")),"Moderado",IF(OR(AND(AC83="Mayor",G83="Improbable"),AND(AC83="Mayor",G83="Rara Vez"),AND(AC83="Moderado",G83="Probable"),AND(AC83="Moderado",G83="Posible")),"Alto",IF(OR(AND(AC83="Moderado",G83="Casi Seguro"),AND(AC83="Mayor",G83="Posible"),AND(AC83="Mayor",G83="Probable"),AND(AC83="Mayor",G83="Casi Seguro")),"Extremo",IF(AC83="Catastrófico","Extremo")))) -> FALSE | AF83: Reducir
E84: ='3-IDENTIFICACIÓN DEL RIESGO'!G158 -> Riesgo 4 | H84: =IF(G84="Casi Seguro",5,IF(G84="Probable",4,IF(G84="Posible",3,IF(G84="Improbable",2,IF(G84="Rara Vez",1))))) -> FALSE | AB84: =COUNTIF(I84:AA84,"SI") -> 0 | AC84: =IF(AB84<6,"Moderado",IF(AB84<12,"Mayor",IF(AB84<20,"Catastrófico"))) -> Moderado | AD84: =IF(AC84="Catastrófico",5,IF(AC84="Mayor",4,IF(AC84="Moderado",3))) -> 3 | AE84: =IF(OR(AND(AC84="Moderado",G84="Rara Vez"),AND(AC84="Moderado",G84="Improbable")),"Moderado",IF(OR(AND(AC84="Mayor",G84="Improbable"),AND(AC84="Mayor",G84="Rara Vez"),AND(AC84="Moderado",G84="Probable"),AND(AC84="Moderado",G84="Posible")),"Alto",IF(OR(AND(AC84="Moderado",G84="Casi Seguro"),AND(AC84="Mayor",G84="Posible"),AND(AC84="Mayor",G84="Probable"),AND(AC84="Mayor",G84="Casi Seguro")),"Extremo",IF(AC84="Catastrófico","Extremo")))) -> FALSE | AF84: Reducir
E85: ='3-IDENTIFICACIÓN DEL RIESGO'!G160 -> Riesgo 5 | H85: =IF(G85="Casi Seguro",5,IF(G85="Probable",4,IF(G85="Posible",3,IF(G85="Improbable",2,IF(G85="Rara Vez",1))))) -> FALSE | AB85: =COUNTIF(I85:AA85,"SI") -> 0 | AC85: =IF(AB85<6,"Moderado",IF(AB85<12,"Mayor",IF(AB85<20,"Catastrófico"))) -> Moderado | AD85: =IF(AC85="Catastrófico",5,IF(AC85="Mayor",4,IF(AC85="Moderado",3))) -> 3 | AE85: =IF(OR(AND(AC85="Moderado",G85="Rara Vez"),AND(AC85="Moderado",G85="Improbable")),"Moderado",IF(OR(AND(AC85="Mayor",G85="Improbable"),AND(AC85="Mayor",G85="Rara Vez"),AND(AC85="Moderado",G85="Probable"),AND(AC85="Moderado",G85="Posible")),"Alto",IF(OR(AND(AC85="Moderado",G85="Casi Seguro"),AND(AC85="Mayor",G85="Posible"),AND(AC85="Mayor",G85="Probable"),AND(AC85="Mayor",G85="Casi Seguro")),"Extremo",IF(AC85="Catastrófico","Extremo")))) -> FALSE | AF85: Reducir
B86: ='3-IDENTIFICACIÓN DEL RIESGO'!B162 -> GESTIÓN FINANCIERA | D86: ='3-IDENTIFICACIÓN DEL RIESGO'!E162 -> 1. Secretaría General. 2. Subdirección Administrativa y Financiera. 3. Subdirección de Administracion de Tierras de la Nación. 4. Oficina de Planeación | E86: ='3-IDENTIFICACIÓN DEL RIESGO'!G162 -> Constitución de obligaciones y/o pagos realizados por la Agencia Nacional de Tierras, sin el cumplimiento de requisitos legales, presupuestales y contables, en beneficio de un particular. | G86: Rara Vez | H86: =IF(G86="Casi Seguro",5,IF(G86="Probable",4,IF(G86="Posible",3,IF(G86="Improbable",2,IF(G86="Rara Vez",1))))) -> 1 | I86: SI | J86: SI | K86: NO | L86: NO | M86: SI | N86: SI | O86: NO | P86: SI | Q86: SI | R86: SI | S86: SI | T86: SI | U86: SI | V86: SI | W86: SI | X86: NO | Y86: SI | Z86: SI | AA86: NO | AB86: =COUNTIF(I86:AA86,"SI") -> 14 | AC86: =IF(AB86<6,"Moderado",IF(AB86<12,"Mayor",IF(AB86<20,"Catastrófico"))) -> Catastrófico | AD86: =IF(AC86="Catastrófico",5,IF(AC86="Mayor",4,IF(AC86="Moderado",3))) -> 5 | AE86: =IF(OR(AND(AC86="Moderado",G86="Rara Vez"),AND(AC86="Moderado",G86="Improbable")),"Moderado",IF(OR(AND(AC86="Mayor",G86="Improbable"),AND(AC86="Mayor",G86="Rara Vez"),AND(AC86="Moderado",G86="Probable"),AND(AC86="Moderado",G86="Posible")),"Alto",IF(OR(AND(AC86="Moderado",G86="Casi Seguro"),AND(AC86="Mayor",G86="Posible"),AND(AC86="Mayor",G86="Probable"),AND(AC86="Mayor",G86="Casi Seguro")),"Extremo",IF(AC86="Catastrófico","Extremo")))) -> Extremo | AF86: Reducir
E87: ='3-IDENTIFICACIÓN DEL RIESGO'!G164 -> Riesgo 2 | H87: =IF(G87="Casi Seguro",5,IF(G87="Probable",4,IF(G87="Posible",3,IF(G87="Improbable",2,IF(G87="Rara Vez",1))))) -> FALSE | AB87: =COUNTIF(I87:AA87,"SI") -> 0 | AC87: =IF(AB87<6,"Moderado",IF(AB87<12,"Mayor",IF(AB87<20,"Catastrófico"))) -> Moderado | AD87: =IF(AC87="Catastrófico",5,IF(AC87="Mayor",4,IF(AC87="Moderado",3))) -> 3 | AE87: =IF(OR(AND(AC87="Moderado",G87="Rara Vez"),AND(AC87="Moderado",G87="Improbable")),"Moderado",IF(OR(AND(AC87="Mayor",G87="Improbable"),AND(AC87="Mayor",G87="Rara Vez"),AND(AC87="Moderado",G87="Probable"),AND(AC87="Moderado",G87="Posible")),"Alto",IF(OR(AND(AC87="Moderado",G87="Casi Seguro"),AND(AC87="Mayor",G87="Posible"),AND(AC87="Mayor",G87="Probable"),AND(AC87="Mayor",G87="Casi Seguro")),"Extremo",IF(AC87="Catastrófico","Extremo")))) -> FALSE | AF87: Reducir
E88: ='3-IDENTIFICACIÓN DEL RIESGO'!G166 -> Riesgo 3 | H88: =IF(G88="Casi Seguro",5,IF(G88="Probable",4,IF(G88="Posible",3,IF(G88="Improbable",2,IF(G88="Rara Vez",1))))) -> FALSE | AB88: =COUNTIF(I88:AA88,"SI") -> 0 | AC88: =IF(AB88<6,"Moderado",IF(AB88<12,"Mayor",IF(AB88<20,"Catastrófico"))) -> Moderado | AD88: =IF(AC88="Catastrófico",5,IF(AC88="Mayor",4,IF(AC88="Moderado",3))) -> 3 | AE88: =IF(OR(AND(AC88="Moderado",G88="Rara Vez"),AND(AC88="Moderado",G88="Improbable")),"Moderado",IF(OR(AND(AC88="Mayor",G88="Improbable"),AND(AC88="Mayor",G88="Rara Vez"),AND(AC88="Moderado",G88="Probable"),AND(AC88="Moderado",G88="Posible")),"Alto",IF(OR(AND(AC88="Moderado",G88="Casi Seguro"),AND(AC88="Mayor",G88="Posible"),AND(AC88="Mayor",G88="Probable"),AND(AC88="Mayor",G88="Casi Seguro")),"Extremo",IF(AC88="Catastrófico","Extremo")))) -> FALSE | AF88: Reducir
E89: ='3-IDENTIFICACIÓN DEL RIESGO'!G168 -> Riesgo 4 | H89: =IF(G89="Casi Seguro",5,IF(G89="Probable",4,IF(G89="Posible",3,IF(G89="Improbable",2,IF(G89="Rara Vez",1))))) -> FALSE | AB89: =COUNTIF(I89:AA89,"SI") -> 0 | AC89: =IF(AB89<6,"Moderado",IF(AB89<12,"Mayor",IF(AB89<20,"Catastrófico"))) -> Moderado | AD89: =IF(AC89="Catastrófico",5,IF(AC89="Mayor",4,IF(AC89="Moderado",3))) -> 3 | AE89: =IF(OR(AND(AC89="Moderado",G89="Rara Vez"),AND(AC89="Moderado",G89="Improbable")),"Moderado",IF(OR(AND(AC89="Mayor",G89="Improbable"),AND(AC89="Mayor",G89="Rara Vez"),AND(AC89="Moderado",G89="Probable"),AND(AC89="Moderado",G89="Posible")),"Alto",IF(OR(AND(AC89="Moderado",G89="Casi Seguro"),AND(AC89="Mayor",G89="Posible"),AND(AC89="Mayor",G89="Probable"),AND(AC89="Mayor",G89="Casi Seguro")),"Extremo",IF(AC89="Catastrófico","Extremo")))) -> FALSE | AF89: Reducir
E90: ='3-IDENTIFICACIÓN DEL RIESGO'!G170 -> Riesgo 5 | H90: =IF(G90="Casi Seguro",5,IF(G90="Probable",4,IF(G90="Posible",3,IF(G90="Improbable",2,IF(G90="Rara Vez",1))))) -> FALSE | AB90: =COUNTIF(I90:AA90,"SI") -> 0 | AC90: =IF(AB90<6,"Moderado",IF(AB90<12,"Mayor",IF(AB90<20,"Catastrófico"))) -> Moderado | AD90: =IF(AC90="Catastrófico",5,IF(AC90="Mayor",4,IF(AC90="Moderado",3))) -> 3 | AE90: =IF(OR(AND(AC90="Moderado",G90="Rara Vez"),AND(AC90="Moderado",G90="Improbable")),"Moderado",IF(OR(AND(AC90="Mayor",G90="Improbable"),AND(AC90="Mayor",G90="Rara Vez"),AND(AC90="Moderado",G90="Probable"),AND(AC90="Moderado",G90="Posible")),"Alto",IF(OR(AND(AC90="Moderado",G90="Casi Seguro"),AND(AC90="Mayor",G90="Posible"),AND(AC90="Mayor",G90="Probable"),AND(AC90="Mayor",G90="Casi Seguro")),"Extremo",IF(AC90="Catastrófico","Extremo")))) -> FALSE | AF90: Reducir
B91: ='3-IDENTIFICACIÓN DEL RIESGO'!B172 -> SEGUIMIENTO, EVALUACIÓN Y MEJORA | D91: ='3-IDENTIFICACIÓN DEL RIESGO'!E172 -> 1. Oficina de Control Interno. 2. Oficina de Planeación. 3. Oficina del Inspector de Gestión de Tierras. 4. Secretaría General | E91: ='3-IDENTIFICACIÓN DEL RIESGO'!G172 -> Posibilidad de recibir o solicitar cualquier dádiva o beneficio con el fin de manipular la Informacion evidenciada en el proceso auditor para favorecer un tercero | G91: Rara Vez | H91: =IF(G91="Casi Seguro",5,IF(G91="Probable",4,IF(G91="Posible",3,IF(G91="Improbable",2,IF(G91="Rara Vez",1))))) -> 1 | I91: SI | J91: SI | K91: SI | L91: NO | M91: SI | N91: SI | O91: NO | P91: NO | Q91: SI | R91: SI | S91: SI | T91: SI | U91: SI | V91: SI | W91: NO | X91: NO | Y91: NO | Z91: NO | AA91: NO | AB91: =COUNTIF(I91:AA91,"SI") -> 11 | AC91: =IF(AB91<6,"Moderado",IF(AB91<12,"Mayor",IF(AB91<20,"Catastrófico"))) -> Mayor | AD91: =IF(AC91="Catastrófico",5,IF(AC91="Mayor",4,IF(AC91="Moderado",3))) -> 4 | AE91: =IF(OR(AND(AC91="Moderado",G91="Rara Vez"),AND(AC91="Moderado",G91="Improbable")),"Moderado",IF(OR(AND(AC91="Mayor",G91="Improbable"),AND(AC91="Mayor",G91="Rara Vez"),AND(AC91="Moderado",G91="Probable"),AND(AC91="Moderado",G91="Posible")),"Alto",IF(OR(AND(AC91="Moderado",G91="Casi Seguro"),AND(AC91="Mayor",G91="Posible"),AND(AC91="Mayor",G91="Probable"),AND(AC91="Mayor",G91="Casi Seguro")),"Extremo",IF(AC91="Catastrófico","Extremo")))) -> Alto | AF91: Reducir
E92: ='3-IDENTIFICACIÓN DEL RIESGO'!G174 -> Divulgación de información de ejercicios de auditoría y seguimientos a través de medios no autorizados para favorecer a terceros | G92: Rara Vez | H92: =IF(G92="Casi Seguro",5,IF(G92="Probable",4,IF(G92="Posible",3,IF(G92="Improbable",2,IF(G92="Rara Vez",1))))) -> 1 | I92: SI | J92: SI | K92: SI | L92: NO | M92: SI | N92: SI | O92: NO | P92: NO | Q92: SI | R92: SI | S92: SI | T92: SI | U92: SI | V92: SI | W92: NO | X92: NO | Y92: NO | Z92: NO | AA92: NO | AB92: =COUNTIF(I92:AA92,"SI") -> 11 | AC92: =IF(AB92<6,"Moderado",IF(AB92<12,"Mayor",IF(AB92<20,"Catastrófico"))) -> Mayor | AD92: =IF(AC92="Catastrófico",5,IF(AC92="Mayor",4,IF(AC92="Moderado",3))) -> 4 | AE92: =IF(OR(AND(AC92="Moderado",G92="Rara Vez"),AND(AC92="Moderado",G92="Improbable")),"Moderado",IF(OR(AND(AC92="Mayor",G92="Improbable"),AND(AC92="Mayor",G92="Rara Vez"),AND(AC92="Moderado",G92="Probable"),AND(AC92="Moderado",G92="Posible")),"Alto",IF(OR(AND(AC92="Moderado",G92="Casi Seguro"),AND(AC92="Mayor",G92="Posible"),AND(AC92="Mayor",G92="Probable"),AND(AC92="Mayor",G92="Casi Seguro")),"Extremo",IF(AC92="Catastrófico","Extremo")))) -> Alto | AF92: Reducir
E93: ='3-IDENTIFICACIÓN DEL RIESGO'!G176 -> Riesgo 3 | H93: =IF(G93="Casi Seguro",5,IF(G93="Probable",4,IF(G93="Posible",3,IF(G93="Improbable",2,IF(G93="Rara Vez",1))))) -> FALSE | AB93: =COUNTIF(I93:AA93,"SI") -> 0 | AC93: =IF(AB93<6,"Moderado",IF(AB93<12,"Mayor",IF(AB93<20,"Catastrófico"))) -> Moderado | AD93: =IF(AC93="Catastrófico",5,IF(AC93="Mayor",4,IF(AC93="Moderado",3))) -> 3 | AE93: =IF(OR(AND(AC93="Moderado",G93="Rara Vez"),AND(AC93="Moderado",G93="Improbable")),"Moderado",IF(OR(AND(AC93="Mayor",G93="Improbable"),AND(AC93="Mayor",G93="Rara Vez"),AND(AC93="Moderado",G93="Probable"),AND(AC93="Moderado",G93="Posible")),"Alto",IF(OR(AND(AC93="Moderado",G93="Casi Seguro"),AND(AC93="Mayor",G93="Posible"),AND(AC93="Mayor",G93="Probable"),AND(AC93="Mayor",G93="Casi Seguro")),"Extremo",IF(AC93="Catastrófico","Extremo")))) -> FALSE | AF93: Reducir
E94: ='3-IDENTIFICACIÓN DEL RIESGO'!G178 -> Riesgo 4 | H94: =IF(G94="Casi Seguro",5,IF(G94="Probable",4,IF(G94="Posible",3,IF(G94="Improbable",2,IF(G94="Rara Vez",1))))) -> FALSE | AB94: =COUNTIF(I94:AA94,"SI") -> 0 | AC94: =IF(AB94<6,"Moderado",IF(AB94<12,"Mayor",IF(AB94<20,"Catastrófico"))) -> Moderado | AD94: =IF(AC94="Catastrófico",5,IF(AC94="Mayor",4,IF(AC94="Moderado",3))) -> 3 | AE94: =IF(OR(AND(AC94="Moderado",G94="Rara Vez"),AND(AC94="Moderado",G94="Improbable")),"Moderado",IF(OR(AND(AC94="Mayor",G94="Improbable"),AND(AC94="Mayor",G94="Rara Vez"),AND(AC94="Moderado",G94="Probable"),AND(AC94="Moderado",G94="Posible")),"Alto",IF(OR(AND(AC94="Moderado",G94="Casi Seguro"),AND(AC94="Mayor",G94="Posible"),AND(AC94="Mayor",G94="Probable"),AND(AC94="Mayor",G94="Casi Seguro")),"Extremo",IF(AC94="Catastrófico","Extremo")))) -> FALSE | AF94: Reducir
E95: ='3-IDENTIFICACIÓN DEL RIESGO'!G180 -> Riesgo 5 | H95: =IF(G95="Casi Seguro",5,IF(G95="Probable",4,IF(G95="Posible",3,IF(G95="Improbable",2,IF(G95="Rara Vez",1))))) -> FALSE | AB95: =COUNTIF(I95:AA95,"SI") -> 0 | AC95: =IF(AB95<6,"Moderado",IF(AB95<12,"Mayor",IF(AB95<20,"Catastrófico"))) -> Moderado | AD95: =IF(AC95="Catastrófico",5,IF(AC95="Mayor",4,IF(AC95="Moderado",3))) -> 3 | AE95: =IF(OR(AND(AC95="Moderado",G95="Rara Vez"),AND(AC95="Moderado",G95="Improbable")),"Moderado",IF(OR(AND(AC95="Mayor",G95="Improbable"),AND(AC95="Mayor",G95="Rara Vez"),AND(AC95="Moderado",G95="Probable"),AND(AC95="Moderado",G95="Posible")),"Alto",IF(OR(AND(AC95="Moderado",G95="Casi Seguro"),AND(AC95="Mayor",G95="Posible"),AND(AC95="Mayor",G95="Probable"),AND(AC95="Mayor",G95="Casi Seguro")),"Extremo",IF(AC95="Catastrófico","Extremo")))) -> FALSE | AF95: Reducir

Sheet 5-CONTROLES
D2: FORMA | F2: MAPA DE RIESGOS DE CORRUPCIÓN | AQ2: CÓDIGO
D3: ACTIVIDAD | F3: GESTIÓN PARA LA TRANSPARENCIA | AQ3: VERSIÓN
D4: PROCEDIMIENTO | F4: ELABORACIÓN DE PLAN ANTICORRUPCIÓN Y DE ATENCIÓN AL CIUDADANO | AQ4: FECHA
D5: PROCESO | F5: COMUNICACIÓN Y GESTIÓN CON GRUPOS DE INTERÉS
B6: DISEÑO Y VALORACIÓN DE CONTROLES
B7: "Al momento de definir las actividades de control por parte de la primera línea de defensa, es importante considerar que los controles estén bien diseñados, es decir, que efectivamente estos mitigan las causas que hacen que el riesgo se materiali". DAFP 2018
B8: FICHA DE DISEÑO Y VALORACIÓN DE LOS CONTROLES | AD8: VALORACIÓN DEL RIESGO RESIDUAL
B9: PROCESO | C9: RESPONSABLES DEL PROCESO | D9: DESCRIPCIÓN DEL RIESGO | F9: DISEÑO DE CONTROLES | M9: VALORACIÓN DEL DISEÑO DEL CONTROL | AC9: VALORACIÓN DE LA EJECUCIÓN DEL CONTROL | AD9: SOLIDEZ INDIVIDUAL DEL CONTROL | AF9: CANTIDAD DE CONTROLES AL RIESGO | AG9: SOLIDEZ DEL CONJUNTO DE LOS CONTROLES | AI9: CONTROLES AYUDAN A DISMINUIR LA PROBABILIDAD | AJ9: Ajuste en mapa de calor (celda de calculo automatizado) | AK9: Nuevo valor Probabilidad (celda de calculo automatizado) | AL9: PROBABILIDAD RESIDUAL | AM9: CONTROLES AYUDAN A DISMINUIR EL IMPACTO | AN9: Ajuste en mapa de calor (celda de calculo automatizado) | AO9: Nuevo valor Impacto(celda de calculo automatizado) | AP9: IMPACTO RESIDUAL | AQ9: RIESGO RESIDUAL | AS9: OPCIÓN DE MANEJO
F10: RESPONSABLE | G10: PERIODICIDAD | H10: PROPÓSITO | I10: COMO SE REALIZA | J10: QUÉ PASA CON LAS OBSERVACIONES O DESVIACIONES | K10: EVIDENCIA | L10: ACTIVIDAD DE CONTROL AL RIESGO | M10: RESPONSABLE ¿Existe un responsable asignado a la ejecución del control? | O10: RESPONSABLE ¿El responsable tiene la autoridad y adecuada segregación de funciones en la ejecución del control? | Q10: PERIODICIDAD ¿La oportunidad en que se ejecuta el control ayuda a prevenir la mitigación del riesgo o a detectar la materialización del riesgo de manera oportuna? | S10: PROPÓSITO ¿Las actividades que se desarrollan en el control realmente buscan por si sola prevenir o detectar las causas que pueden dar origen al riesgo, Ej.: verificar, validar, cotejar, comparar, revisar, etc.? | U10: COMO SE REALIZA ¿La fuente de información que se utiliza en el desarrollo del control es información confiable que permita mitigar el riesgo? | W10: QUÉ PASA CON LAS OBSERVACIONES O DESVIACIONES ¿Las observaciones, desviaciones o diferencias identificadas como resultados de la ejecución del control son investigadas y resueltas de manera oportuna? | Y10: EVIDENCIA ¿Se deja evidencia o rastro de la ejecución del control que permita a cualquier tercero con la evidencia llegar a la misma conclusión? | AA10: Resultado de evaluación del diseño del control | AB10: Rango de calificación del diseño del control | AC10: *Fuerte: El control se ejecuta de manera consistente por parte del responsable. Moderado: El control se ejecuta algunas veces por parte del responsable. Débil: El control no se ejecuta por parte del responsable.
M11: Asignado / NO asignado | N11: Peso en la evaluación | O11: Adecuado / Inadecuado | P11: Peso en la evaluación | Q11: Oportuna / Inoportuna | R11: Peso en la evaluación | S11: Prevenir / Detectar / No es control | T11: Peso en la evaluación | U11: Confiable / No confiable | V11: Peso en la evaluación | W11: Se investigan oportunamente / No se investigan oportunamente | X11: Peso en la evaluación | Y11: Completa / Incompleta / No existe | Z11: Peso en la evaluación | AD11: SOLIDEZ | AE11: PESO | AG11: PESO | AH11: SOLIDEZ
B12: ='3-IDENTIFICACIÓN DEL RIESGO'!B12 -> DIRECCIONAMIENTO ESTRATÉGICO | C12: ='3-IDENTIFICACIÓN DEL RIESGO'!E12 -> 1. Oficina del Planeación. 2. Dirección General. | D12: ='3-IDENTIFICACIÓN DEL RIESGO'!G12 -> Definición de lineamientos estratégicos para beneficiar grupos de interés contrarios a los objetivos de Reforma Rural Integral y de Ordenamiento Social de la Propiedad Rural | F12: Consejo Directivo (Oficina de Planeación) | G12: Anual | H12: Asegurar que el Plan de Acción Anual y el Plan estratégico sean pertinentes a los objetivos de reforma rural integral y de Ordenamiento social de la propiedad rural. | I12: Es sesiones del Consejo Directivo se someten a aprobación y se discuten los compromisos, objetivos, acciones, mnetas, plazos y responsables propuestos por las dependencias en el plan de Acción Anual y en el Plan Estrategico cuatrienal. | J12: No se aprueban los Planes de Ación y los Planes estrategicos y se deben someter a ajustes orientados a que sean pertinentes a los objetivos de reforma rural integral y de Ordenamiento social de la propiedad rural. | K12: Actas de sesiones del Consejo Directivo. | L12: Aprobar Plan de Acción Anual Institucional y el Plan Estratégico Cuatrienal por parte del Consejo Directivo de la ANT | M12: Asignado | N12: =IF(M12="Asignado",15,IF(M12="NO asignado",0)) -> 15 | O12: Adecuado | P12: =IF(O12="Adecuado",15,IF(O12="Inadecuado",0)) -> 15 | Q12: Oportuna | R12: =IF(Q12="Oportuna",15,IF(Q12="Inoportuna",0)) -> 15 | S12: Prevenir | T12: =IF(S12="Prevenir",15,IF(S12="Detectar",10,IF(S12="No es un control",0))) -> 15 | U12: Confiable | V12: =IF(U12="Confiable",15,IF(U12="No confiable",0)) -> 15 | W12: Se investigan oportunamente | X12: =IF(W12="Se investigan oportunamente",15,IF(W12="No se investigan oportunamente",0)) -> 15 | Y12: Completa | Z12: =IF(Y12="Completa",10,IF(Y12="Incompleta",5,IF(Y12="No existe",0))) -> 10 | AA12: =N12+P12+R12+T12+V12+X12+Z12 -> 100 | AB12: =IF(AA12<86,"Débil",(IF(AA12<96,"Moderado","Fuerte"))) -> Fuerte | AC12: Fuerte | AD12: =IF(OR(AND(AB12="Fuerte",AC12="Moderado"),AND(AB12="Moderado",AC12="Fuerte"),AND(AB12="Moderado",AC12="Moderado")),"Moderado",IF(OR(AND(AB12="Fuerte",AC12="Débil"),AND(AB12="Moderado",AC12="Débil"),AND(AB12="Débil")),"Débil",IF(AND(AB12="Fuerte",AC12="Fuerte"),"Fuerte"))) -> Fuerte | AE12: =IF(AD12="Fuerte","100",IF(AD12="Moderado","50",IF(AD12="Débil","0"))) -> 100 | AF12: 1 | AG12: =(AE12+AE13)/AF12 -> 100 | AH12: =IF(AG12<50,"Débil",IF(AG12<=99,"Moderado",IF(AG12=100,"Fuerte",IF(AG12="","ERROR")))) -> Fuerte | AI12: Directamente | AJ12: =IF(AH12="Débil",0,IF(AND(AH12="Moderado",AI12="Directamente"),1,IF(AND(AH12="Moderado",AI12="No disminuye"),0,IF(AND(AH12="Fuerte",AI12="Directamente"),2,IF(AND(AH12="Fuerte",AI12="No disminuye"),0))))) -> 2 | AK12: =('4-VALORACIÓN DEL RIESGO'!H11-AJ12) -> 1 | AL12: =IF(AK12=5,"Casi Seguro",IF(AK12=4,"Probable",IF(AK12=3,"Posible",IF(AK12=2,"Improbable",IF(AK12=1,"Rara Vez",IF(AK12=0,"Rara Vez",IF(AK12<0,"Rara Vez"))))))) -> Rara Vez | AM12: No disminuye | AN12: =IF(AH12="Débil",0,IF(AND(AH12="Moderado",AM12="Directamente"),1,IF(AND(AH12="Moderado",AM12="Indirectamente"),0,IF(AND(AH12="Moderado",AM12="No disminuye"),0,IF(AND(AH12="Fuerte",AM12="Directamente"),2,IF(AND(AH12="Fuerte",AM12="Indirectamente"),1,IF(AND(AH12="Fuerte",AM12="No disminuye"),0))))))) -> 0 | AO12: =('4-VALORACIÓN DEL RIESGO'!AD11-AN12) -> 5 | AP12: =IF(AO12=5,"Catastrófico",IF(AO12=4,"Mayor",IF(AO12=3,"Moderado",IF(AO12=2,"Moderado",IF(AO12=1,"Moderado"))))) -> Catastrófico | AQ12: =IF(OR(AND(AP12="Moderado",AL12="Rara Vez"),AND(AP12="Moderado",AL12="Improbable")),"Moderado",IF(OR(AND(AP12="Mayor",AL12="Improbable"),AND(AP12="Mayor",AL12="Rara Vez"),AND(AP12="Moderado",AL12="Probable"),AND(AP12="Moderado",AL12="Posible")),"Alto",IF(OR(AND(AP12="Moderado",AL12="Casi Seguro"),AND(AP12="Mayor",AL12="Posible"),AND(AP12="Mayor",AL12="Probable"),AND(AP12="Mayor",AL12="Casi Seguro")),"Extremo",IF(AP12="Catastrófico","Extremo")))) -> Extremo | AS12: Acción preventiva
N13: =IF(M13="Asignado",15,IF(M13="NO asignado",0)) -> FALSE | P13: =IF(O13="Adecuado",15,IF(O13="Inadecuado",0)) -> FALSE | R13: =IF(Q13="Oportuna",15,IF(Q13="Inoportuna",0)) -> FALSE | T13: =IF(S13="Prevenir",15,IF(S13="Detectar",10,IF(S13="No es un control",0))) -> FALSE | V13: =IF(U13="Confiable",15,IF(U13="No confiable",0)) -> FALSE | X13: =IF(W13="Se investigan oportunamente",15,IF(W13="No se investigan oportunamente",0)) -> FALSE | Z13: =IF(Y13="Completa",10,IF(Y13="Incompleta",5,IF(Y13="No existe",0))) -> FALSE | AA13: =N13+P13+R13+T13+V13+X13+Z13 -> 0 | AB13: =IF(AA13<86,"Débil",(IF(AA13<96,"Moderado","Fuerte"))) -> Débil | AD13: =IF(OR(AND(AB13="Fuerte",AC13="Moderado"),AND(AB13="Moderado",AC13="Fuerte"),AND(AB13="Moderado",AC13="Moderado")),"Moderado",IF(OR(AND(AB13="Fuerte",AC13="Débil"),AND(AB13="Moderado",AC13="Débil"),AND(AB13="Débil")),"Débil",IF(AND(AB13="Fuerte",AC13="Fuerte"),"Fuerte"))) -> Débil | AE13: =IF(AD13="Fuerte","100",IF(AD13="Moderado","50",IF(AD13="Débil","0"))) -> 0
D14: ='3-IDENTIFICACIÓN DEL RIESGO'!G14 -> Riesgo 2 | N14: =IF(M14="Asignado",15,IF(M14="NO asignado",0)) -> FALSE | P14: =IF(O14="Adecuado",15,IF(O14="Inadecuado",0)) -> FALSE | R14: =IF(Q14="Oportuna",15,IF(Q14="Inoportuna",0)) -> FALSE | T14: =IF(S14="Prevenir",15,IF(S14="Detectar",10,IF(S14="No es un control",0))) -> FALSE | V14: =IF(U14="Confiable",15,IF(U14="No confiable",0)) -> FALSE | X14: =IF(W14="Se investigan oportunamente",15,IF(W14="No se investigan oportunamente",0)) -> FALSE | Z14: =IF(Y14="Completa",10,IF(Y14="Incompleta",5,IF(Y14="No existe",0))) -> FALSE | AA14: =N14+P14+R14+T14+V14+X14+Z14 -> 0 | AB14: =IF(AA14<86,"Débil",(IF(AA14<96,"Moderado","Fuerte"))) -> Débil | AD14: =IF(OR(AND(AB14="Fuerte",AC14="Moderado"),AND(AB14="Moderado",AC14="Fuerte"),AND(AB14="Moderado",AC14="Moderado")),"Moderado",IF(OR(AND(AB14="Fuerte",AC14="Débil"),AND(AB14="Moderado",AC14="Débil"),AND(AB14="Débil")),"Débil",IF(AND(AB14="Fuerte",AC14="Fuerte"),"Fuerte"))) -> Débil | AE14: =IF(AD14="Fuerte","100",IF(AD14="Moderado","50",IF(AD14="Débil","0"))) -> 0 | AG14: =(AE14+AE15)/AF14 -> #DIV/0! | AH14: =IF(AG14<50,"Débil",IF(AG14<=99,"Moderado",IF(AG14=100,"Fuerte",IF(AG14="","ERROR")))) -> #DIV/0! | AJ14: =IF(AH14="Débil",0,IF(AND(AH14="Moderado",AI14="Directamente"),1,IF(AND(AH14="Moderado",AI14="No disminuye"),0,IF(AND(AH14="Fuerte",AI14="Directamente"),2,IF(AND(AH14="Fuerte",AI14="No disminuye"),0))))) -> #DIV/0! | AK14: =('4-VALORACIÓN DEL RIESGO'!H12-AJ14) -> #DIV/0! | AL14: =IF(AK14=5,"Casi Seguro",IF(AK14=4,"Probable",IF(AK14=3,"Posible",IF(AK14=2,"Improbable",IF(AK14=1,"Rara Vez",IF(AK14=0,"Rara Vez",IF(AK14<0,"Rara Vez"))))))) -> #DIV/0! | AN14: =IF(AH14="Débil",0,IF(AND(AH14="Moderado",AM14="Directamente"),1,IF(AND(AH14="Moderado",AM14="Indirectamente"),0,IF(AND(AH14="Moderado",AM14="No disminuye"),0,IF(AND(AH14="Fuerte",AM14="Directamente"),2,IF(AND(AH14="Fuerte",AM14="Indirectamente"),1,IF(AND(AH14="Fuerte",AM14="No disminuye"),0))))))) -> #DIV/0! | AO14: =('4-VALORACIÓN DEL RIESGO'!AD12-AN14) -> #DIV/0! | AP14: =IF(AO14=5,"Catastrófico",IF(AO14=4,"Mayor",IF(AO14=3,"Moderado",IF(AO14=2,"Moderado",IF(AO14=1,"Moderado"))))) -> #DIV/0! | AQ14: =IF(OR(AND(AP14="Moderado",AL14="Rara Vez"),AND(AP14="Moderado",AL14="Improbable")),"Moderado",IF(OR(AND(AP14="Mayor",AL14="Improbable"),AND(AP14="Mayor",AL14="Rara Vez"),AND(AP14="Moderado",AL14="Probable"),AND(AP14="Moderado",AL14="Posible")),"Alto",IF(OR(AND(AP14="Moderado",AL14="Casi Seguro"),AND(AP14="Mayor",AL14="Posible"),AND(AP14="Mayor",AL14="Probable"),AND(AP14="Mayor",AL14="Casi Seguro")),"Extremo",IF(AP14="Catastrófico","Extremo")))) -> #DIV/0! | AS14: Acción preventiva
N15: =IF(M15="Asignado",15,IF(M15="NO asignado",0)) -> FALSE | P15: =IF(O15="Adecuado",15,IF(O15="Inadecuado",0)) -> FALSE | R15: =IF(Q15="Oportuna",15,IF(Q15="Inoportuna",0)) -> FALSE | T15: =IF(S15="Prevenir",15,IF(S15="Detectar",10,IF(S15="No es un control",0))) -> FALSE | V15: =IF(U15="Confiable",15,IF(U15="No confiable",0)) -> FALSE | X15: =IF(W15="Se investigan oportunamente",15,IF(W15="No se investigan oportunamente",0)) -> FALSE | Z15: =IF(Y15="Completa",10,IF(Y15="Incompleta",5,IF(Y15="No existe",0))) -> FALSE | AA15: =N15+P15+R15+T15+V15+X15+Z15 -> 0 | AB15: =IF(AA15<86,"Débil",(IF(AA15<96,"Moderado","Fuerte"))) -> Débil | AD15: =IF(OR(AND(AB15="Fuerte",AC15="Moderado"),AND(AB15="Moderado",AC15="Fuerte"),AND(AB15="Moderado",AC15="Moderado")),"Moderado",IF(OR(AND(AB15="Fuerte",AC15="Débil"),AND(AB15="Moderado",AC15="Débil"),AND(AB15="Débil")),"Débil",IF(AND(AB15="Fuerte",AC15="Fuerte"),"Fuerte"))) -> Débil | AE15: =IF(AD15="Fuerte","100",IF(AD15="Moderado","50",IF(AD15="Débil","0"))) -> 0
D16: ='3-IDENTIFICACIÓN DEL RIESGO'!G16 -> Riesgo 3 | N16: =IF(M16="Asignado",15,IF(M16="NO asignado",0)) -> FALSE | P16: =IF(O16="Adecuado",15,IF(O16="Inadecuado",0)) -> FALSE | R16: =IF(Q16="Oportuna",15,IF(Q16="Inoportuna",0)) -> FALSE | T16: =IF(S16="Prevenir",15,IF(S16="Detectar",10,IF(S16="No es un control",0))) -> FALSE | V16: =IF(U16="Confiable",15,IF(U16="No confiable",0)) -> FALSE | X16: =IF(W16="Se investigan oportunamente",15,IF(W16="No se investigan oportunamente",0)) -> FALSE | Z16: =IF(Y16="Completa",10,IF(Y16="Incompleta",5,IF(Y16="No existe",0))) -> FALSE | AA16: =N16+P16+R16+T16+V16+X16+Z16 -> 0 | AB16: =IF(AA16<86,"Débil",(IF(AA16<96,"Moderado","Fuerte"))) -> Débil | AD16: =IF(OR(AND(AB16="Fuerte",AC16="Moderado"),AND(AB16="Moderado",AC16="Fuerte"),AND(AB16="Moderado",AC16="Moderado")),"Moderado",IF(OR(AND(AB16="Fuerte",AC16="Débil"),AND(AB16="Moderado",AC16="Débil"),AND(AB16="Débil")),"Débil",IF(AND(AB16="Fuerte",AC16="Fuerte"),"Fuerte"))) -> Débil | AE16: =IF(AD16="Fuerte","100",IF(AD16="Moderado","50",IF(AD16="Débil","0"))) -> 0 | AG16: =(AE16+AE17)/AF16 -> #DIV/0! | AH16: =IF(AG16<50,"Débil",IF(AG16<=99,"Moderado",IF(AG16=100,"Fuerte",IF(AG16="","ERROR")))) -> #DIV/0! | AJ16: =IF(AH16="Débil",0,IF(AND(AH16="Moderado",AI16="Directamente"),1,IF(AND(AH16="Moderado",AI16="No disminuye"),0,IF(AND(AH16="Fuerte",AI16="Directamente"),2,IF(AND(AH16="Fuerte",AI16="No disminuye"),0))))) -> #DIV/0! | AK16: =('4-VALORACIÓN DEL RIESGO'!H13-AJ16) -> #DIV/0! | AL16: =IF(AK16=5,"Casi Seguro",IF(AK16=4,"Probable",IF(AK16=3,"Posible",IF(AK16=2,"Improbable",IF(AK16=1,"Rara Vez",IF(AK16=0,"Rara Vez",IF(AK16<0,"Rara Vez"))))))) -> #DIV/0! | AN16: =IF(AH16="Débil",0,IF(AND(AH16="Moderado",AM16="Directamente"),1,IF(AND(AH16="Moderado",AM16="Indirectamente"),0,IF(AND(AH16="Moderado",AM16="No disminuye"),0,IF(AND(AH16="Fuerte",AM16="Directamente"),2,IF(AND(AH16="Fuerte",AM16="Indirectamente"),1,IF(AND(AH16="Fuerte",AM16="No disminuye"),0))))))) -> #DIV/0! | AO16: =('4-VALORACIÓN DEL RIESGO'!AD13-AN16) -> #DIV/0! | AP16: =IF(AO16=5,"Catastrófico",IF(AO16=4,"Mayor",IF(AO16=3,"Moderado",IF(AO16=2,"Moderado",IF(AO16=1,"Moderado"))))) -> #DIV/0! | AQ16: =IF(OR(AND(AP16="Moderado",AL16="Rara Vez"),AND(AP16="Moderado",AL16="Improbable")),"Moderado",IF(OR(AND(AP16="Mayor",AL16="Improbable"),AND(AP16="Mayor",AL16="Rara Vez"),AND(AP16="Moderado",AL16="Probable"),AND(AP16="Moderado",AL16="Posible")),"Alto",IF(OR(AND(AP16="Moderado",AL16="Casi Seguro"),AND(AP16="Mayor",AL16="Posible"),AND(AP16="Mayor",AL16="Probable"),AND(AP16="Mayor",AL16="Casi Seguro")),"Extremo",IF(AP16="Catastrófico","Extremo")))) -> #DIV/0! | AS16: Acción preventiva
N17: =IF(M17="Asignado",15,IF(M17="NO asignado",0)) -> FALSE | P17: =IF(O17="Adecuado",15,IF(O17="Inadecuado",0)) -> FALSE | R17: =IF(Q17="Oportuna",15,IF(Q17="Inoportuna",0)) -> FALSE | T17: =IF(S17="Prevenir",15,IF(S17="Detectar",10,IF(S17="No es un control",0))) -> FALSE | V17: =IF(U17="Confiable",15,IF(U17="No confiable",0)) -> FALSE | X17: =IF(W17="Se investigan oportunamente",15,IF(W17="No se investigan oportunamente",0)) -> FALSE | Z17: =IF(Y17="Completa",10,IF(Y17="Incompleta",5,IF(Y17="No existe",0))) -> FALSE | AA17: =N17+P17+R17+T17+V17+X17+Z17 -> 0 | AB17: =IF(AA17<86,"Débil",(IF(AA17<96,"Moderado","Fuerte"))) -> Débil | AD17: =IF(OR(AND(AB17="Fuerte",AC17="Moderado"),AND(AB17="Moderado",AC17="Fuerte"),AND(AB17="Moderado",AC17="Moderado")),"Moderado",IF(OR(AND(AB17="Fuerte",AC17="Débil"),AND(AB17="Moderado",AC17="Débil"),AND(AB17="Débil")),"Débil",IF(AND(AB17="Fuerte",AC17="Fuerte"),"Fuerte"))) -> Débil | AE17: =IF(AD17="Fuerte","100",IF(AD17="Moderado","50",IF(AD17="Débil","0"))) -> 0
D18: ='3-IDENTIFICACIÓN DEL RIESGO'!G18 -> Riesgo 4 | N18: =IF(M18="Asignado",15,IF(M18="NO asignado",0)) -> FALSE | P18: =IF(O18="Adecuado",15,IF(O18="Inadecuado",0)) -> FALSE | R18: =IF(Q18="Oportuna",15,IF(Q18="Inoportuna",0)) -> FALSE | T18: =IF(S18="Prevenir",15,IF(S18="Detectar",10,IF(S18="No es un control",0))) -> FALSE | V18: =IF(U18="Confiable",15,IF(U18="No confiable",0)) -> FALSE | X18: =IF(W18="Se investigan oportunamente",15,IF(W18="No se investigan oportunamente",0)) -> FALSE | Z18: =IF(Y18="Completa",10,IF(Y18="Incompleta",5,IF(Y18="No existe",0))) -> FALSE | AA18: =N18+P18+R18+T18+V18+X18+Z18 -> 0 | AB18: =IF(AA18<86,"Débil",(IF(AA18<96,"Moderado","Fuerte"))) -> Débil | AD18: =IF(OR(AND(AB18="Fuerte",AC18="Moderado"),AND(AB18="Moderado",AC18="Fuerte"),AND(AB18="Moderado",AC18="Moderado")),"Moderado",IF(OR(AND(AB18="Fuerte",AC18="Débil"),AND(AB18="Moderado",AC18="Débil"),AND(AB18="Débil")),"Débil",IF(AND(AB18="Fuerte",AC18="Fuerte"),"Fuerte"))) -> Débil | AE18: =IF(AD18="Fuerte","100",IF(AD18="Moderado","50",IF(AD18="Débil","0"))) -> 0 | AG18: =(AE18+AE19)/AF18 -> #DIV/0! | AH18: =IF(AG18<50,"Débil",IF(AG18<=99,"Moderado",IF(AG18=100,"Fuerte",IF(AG18="","ERROR")))) -> #DIV/0! | AJ18: =IF(AH18="Débil",0,IF(AND(AH18="Moderado",AI18="Directamente"),1,IF(AND(AH18="Moderado",AI18="No disminuye"),0,IF(AND(AH18="Fuerte",AI18="Directamente"),2,IF(AND(AH18="Fuerte",AI18="No disminuye"),0))))) -> #DIV/0! | AK18: =('4-VALORACIÓN DEL RIESGO'!H14-AJ18) -> #DIV/0! | AL18: =IF(AK18=5,"Casi Seguro",IF(AK18=4,"Probable",IF(AK18=3,"Posible",IF(AK18=2,"Improbable",IF(AK18=1,"Rara Vez",IF(AK18=0,"Rara Vez",IF(AK18<0,"Rara Vez"))))))) -> #DIV/0! | AN18: =IF(AH18="Débil",0,IF(AND(AH18="Moderado",AM18="Directamente"),1,IF(AND(AH18="Moderado",AM18="Indirectamente"),0,IF(AND(AH18="Moderado",AM18="No disminuye"),0,IF(AND(AH18="Fuerte",AM18="Directamente"),2,IF(AND(AH18="Fuerte",AM18="Indirectamente"),1,IF(AND(AH18="Fuerte",AM18="No disminuye"),0))))))) -> #DIV/0! | AO18: =('4-VALORACIÓN DEL RIESGO'!AD14-AN18) -> #DIV/0! | AP18: =IF(AO18=5,"Catastrófico",IF(AO18=4,"Mayor",IF(AO18=3,"Moderado",IF(AO18=2,"Moderado",IF(AO18=1,"Moderado"))))) -> #DIV/0! | AQ18: =IF(OR(AND(AP18="Moderado",AL18="Rara Vez"),AND(AP18="Moderado",AL18="Improbable")),"Moderado",IF(OR(AND(AP18="Mayor",AL18="Improbable"),AND(AP18="Mayor",AL18="Rara Vez"),AND(AP18="Moderado",AL18="Probable"),AND(AP18="Moderado",AL18="Posible")),"Alto",IF(OR(AND(AP18="Moderado",AL18="Casi Seguro"),AND(AP18="Mayor",AL18="Posible"),AND(AP18="Mayor",AL18="Probable"),AND(AP18="Mayor",AL18="Casi Seguro")),"Extremo",IF(AP18="Catastrófico","Extremo")))) -> #DIV/0! | AS18: Acción preventiva
N19: =IF(M19="Asignado",15,IF(M19="NO asignado",0)) -> FALSE | P19: =IF(O19="Adecuado",15,IF(O19="Inadecuado",0)) -> FALSE | R19: =IF(Q19="Oportuna",15,IF(Q19="Inoportuna",0)) -> FALSE | T19: =IF(S19="Prevenir",15,IF(S19="Detectar",10,IF(S19="No es un control",0))) -> FALSE | V19: =IF(U19="Confiable",15,IF(U19="No confiable",0)) -> FALSE | X19: =IF(W19="Se investigan oportunamente",15,IF(W19="No se investigan oportunamente",0)) -> FALSE | Z19: =IF(Y19="Completa",10,IF(Y19="Incompleta",5,IF(Y19="No existe",0))) -> FALSE | AA19: =N19+P19+R19+T19+V19+X19+Z19 -> 0 | AB19: =IF(AA19<86,"Débil",(IF(AA19<96,"Moderado","Fuerte"))) -> Débil | AD19: =IF(OR(AND(AB19="Fuerte",AC19="Moderado"),AND(AB19="Moderado",AC19="Fuerte"),AND(AB19="Moderado",AC19="Moderado")),"Moderado",IF(OR(AND(AB19="Fuerte",AC19="Débil"),AND(AB19="Moderado",AC19="Débil"),AND(AB19="Débil")),"Débil",IF(AND(AB19="Fuerte",AC19="Fuerte"),"Fuerte"))) -> Débil | AE19: =IF(AD19="Fuerte","100",IF(AD19="Moderado","50",IF(AD19="Débil","0"))) -> 0
D20: ='3-IDENTIFICACIÓN DEL RIESGO'!G20 -> Riesgo 5 | N20: =IF(M20="Asignado",15,IF(M20="NO asignado",0)) -> FALSE | P20: =IF(O20="Adecuado",15,IF(O20="Inadecuado",0)) -> FALSE | R20: =IF(Q20="Oportuna",15,IF(Q20="Inoportuna",0)) -> FALSE | T20: =IF(S20="Prevenir",15,IF(S20="Detectar",10,IF(S20="No es un control",0))) -> FALSE | V20: =IF(U20="Confiable",15,IF(U20="No confiable",0)) -> FALSE | X20: =IF(W20="Se investigan oportunamente",15,IF(W20="No se investigan oportunamente",0)) -> FALSE | Z20: =IF(Y20="Completa",10,IF(Y20="Incompleta",5,IF(Y20="No existe",0))) -> FALSE | AA20: =N20+P20+R20+T20+V20+X20+Z20 -> 0 | AB20: =IF(AA20<86,"Débil",(IF(AA20<96,"Moderado","Fuerte"))) -> Débil | AD20: =IF(OR(AND(AB20="Fuerte",AC20="Moderado"),AND(AB20="Moderado",AC20="Fuerte"),AND(AB20="Moderado",AC20="Moderado")),"Moderado",IF(OR(AND(AB20="Fuerte",AC20="Débil"),AND(AB20="Moderado",AC20="Débil"),AND(AB20="Débil")),"Débil",IF(AND(AB20="Fuerte",AC20="Fuerte"),"Fuerte"))) -> Débil | AE20: =IF(AD20="Fuerte","100",IF(AD20="Moderado","50",IF(AD20="Débil","0"))) -> 0 | AG20: =(AE20+AE21)/AF20 -> #DIV/0! | AH20: =IF(AG20<50,"Débil",IF(AG20<=99,"Moderado",IF(AG20=100,"Fuerte",IF(AG20="","ERROR")))) -> #DIV/0! | AJ20: =IF(AH20="Débil",0,IF(AND(AH20="Moderado",AI20="Directamente"),1,IF(AND(AH20="Moderado",AI20="No disminuye"),0,IF(AND(AH20="Fuerte",AI20="Directamente"),2,IF(AND(AH20="Fuerte",AI20="No disminuye"),0))))) -> #DIV/0! | AK20: =('4-VALORACIÓN DEL RIESGO'!H15-AJ20) -> #DIV/0! | AL20: =IF(AK20=5,"Casi Seguro",IF(AK20=4,"Probable",IF(AK20=3,"Posible",IF(AK20=2,"Improbable",IF(AK20=1,"Rara Vez",IF(AK20=0,"Rara Vez",IF(AK20<0,"Rara Vez"))))))) -> #DIV/0! | AN20: =IF(AH20="Débil",0,IF(AND(AH20="Moderado",AM20="Directamente"),1,IF(AND(AH20="Moderado",AM20="Indirectamente"),0,IF(AND(AH20="Moderado",AM20="No disminuye"),0,IF(AND(AH20="Fuerte",AM20="Directamente"),2,IF(AND(AH20="Fuerte",AM20="Indirectamente"),1,IF(AND(AH20="Fuerte",AM20="No disminuye"),0))))))) -> #DIV/0! | AO20: =('4-VALORACIÓN DEL RIESGO'!AD15-AN20) -> #DIV/0! | AP20: =IF(AO20=5,"Catastrófico",IF(AO20=4,"Mayor",IF(AO20=3,"Moderado",IF(AO20=2,"Moderado",IF(AO20=1,"Moderado"))))) -> #DIV/0! | AQ20: =IF(OR(AND(AP20="Moderado",AL20="Rara Vez"),AND(AP20="Moderado",AL20="Improbable")),"Moderado",IF(OR(AND(AP20="Mayor",AL20="Improbable"),AND(AP20="Mayor",AL20="Rara Vez"),AND(AP20="Moderado",AL20="Probable"),AND(AP20="Moderado",AL20="Posible")),"Alto",IF(OR(AND(AP20="Moderado",AL20="Casi Seguro"),AND(AP20="Mayor",AL20="Posible"),AND(AP20="Mayor",AL20="Probable"),AND(AP20="Mayor",AL20="Casi Seguro")),"Extremo",IF(AP20="Catastrófico","Extremo")))) -> #DIV/0! | AS20: Acción preventiva
N21: =IF(M21="Asignado",15,IF(M21="NO asignado",0)) -> FALSE | P21: =IF(O21="Adecuado",15,IF(O21="Inadecuado",0)) -> FALSE | R21: =IF(Q21="Oportuna",15,IF(Q21="Inoportuna",0)) -> FALSE | T21: =IF(S21="Prevenir",15,IF(S21="Detectar",10,IF(S21="No es un control",0))) -> FALSE | V21: =IF(U21="Confiable",15,IF(U21="No confiable",0)) -> FALSE | X21: =IF(W21="Se investigan oportunamente",15,IF(W21="No se investigan oportunamente",0)) -> FALSE | Z21: =IF(Y21="Completa",10,IF(Y21="Incompleta",5,IF(Y21="No existe",0))) -> FALSE | AA21: =N21+P21+R21+T21+V21+X21+Z21 -> 0 | AB21: =IF(AA21<86,"Débil",(IF(AA21<96,"Moderado","Fuerte"))) -> Débil | AD21: =IF(OR(AND(AB21="Fuerte",AC21="Moderado"),AND(AB21="Moderado",AC21="Fuerte"),AND(AB21="Moderado",AC21="Moderado")),"Moderado",IF(OR(AND(AB21="Fuerte",AC21="Débil"),AND(AB21="Moderado",AC21="Débil"),AND(AB21="Débil")),"Débil",IF(AND(AB21="Fuerte",AC21="Fuerte"),"Fuerte"))) -> Débil | AE21: =IF(AD21="Fuerte","100",IF(AD21="Moderado","50",IF(AD21="Débil","0"))) -> 0
B22: ='3-IDENTIFICACIÓN DEL RIESGO'!B22 -> COMUNICACIÓN Y GESTIÓN CON GRUPOS DE INTERÉS | C22: ='3-IDENTIFICACIÓN DEL RIESGO'!E22 -> 1. Dirección General. 2. Secretaría General. 3. Oficina de Planeación. 4. Oficina Jurídica. 5. Oficina del Inspector de la Gestión de Tierras. 6. Oficina de Control Interno. | D22: ='3-IDENTIFICACIÓN DEL RIESGO'!G22 -> Alterar información destinada a la consolidación de los informes de gestión, para beneficio propio o favorecimiento de grupos de interés, partidos políticos o particulares. | F22: Oficina de Planeación | G22: Mensual | H22: Aumentar el nivel razonable de veracidad de los datos, las tendencias y los análisis reportados por las dependencias. | I22: La Oficina de Planeación analiza los datos y tendencias reportadas y verifica que los análisis y acciones correctivas o preventivas propuestas correspondan a los incumplimientos y tendencias negativas expuestas. | J22: Si los análisis y acciones propuestas son no pertinentes, no se acepta la información y se solicitan ajustes al análisis. | K22: Informes mensuales de dependencias. | L22: Analizar datos de Indicadores (Procedimiento SEYM P-005) | M22: Asignado | N22: =IF(M22="Asignado",15,IF(M22="NO asignado",0)) -> 15 | O22: Adecuado | P22: =IF(O22="Adecuado",15,IF(O22="Inadecuado",0)) -> 15 | Q22: Oportuna | R22: =IF(Q22="Oportuna",15,IF(Q22="Inoportuna",0)) -> 15 | S22: Detectar | T22: =IF(S22="Prevenir",15,IF(S22="Detectar",10,IF(S22="No es un control",0))) -> 10 | U22: Confiable | V22: =IF(U22="Confiable",15,IF(U22="No confiable",0)) -> 15 | W22: Se investigan oportunamente | X22: =IF(W22="Se investigan oportunamente",15,IF(W22="No se investigan oportunamente",0)) -> 15 | Y22: Completa | Z22: =IF(Y22="Completa",10,IF(Y22="Incompleta",5,IF(Y22="No existe",0))) -> 10 | AA22: =N22+P22+R22+T22+V22+X22+Z22 -> 95 | AB22: =IF(AA22<86,"Débil",(IF(AA22<96,"Moderado","Fuerte"))) -> Moderado | AC22: Fuerte | AD22: =IF(OR(AND(AB22="Fuerte",AC22="Moderado"),AND(AB22="Moderado",AC22="Fuerte"),AND(AB22="Moderado",AC22="Moderado")),"Moderado",IF(OR(AND(AB22="Fuerte",AC22="Débil"),AND(AB22="Moderado",AC22="Débil"),AND(AB22="Débil")),"Débil",IF(AND(AB22="Fuerte",AC22="Fuerte"),"Fuerte"))) -> Moderado | AE22: =IF(AD22="Fuerte","100",IF(AD22="Moderado","50",IF(AD22="Débil","0"))) -> 50 | AF22: 1 | AG22: =(AE22+AE23)/AF22 -> 50 | AH22: =IF(AG22<50,"Débil",IF(AG22<=99,"Moderado",IF(AG22=100,"Fuerte",IF(AG22="","ERROR")))) -> Moderado | AI22: Directamente | AJ22: =IF(AH22="Débil",0,IF(AND(AH22="Moderado",AI22="Directamente"),1,IF(AND(AH22="Moderado",AI22="No disminuye"),0,IF(AND(AH22="Fuerte",AI22="Directamente"),2,IF(AND(AH22="Fuerte",AI22="No disminuye"),0))))) -> 1 | AK22: =('4-VALORACIÓN DEL RIESGO'!H16-AJ22) -> 2 | AL22: =IF(AK22=5,"Casi Seguro",IF(AK22=4,"Probable",IF(AK22=3,"Posible",IF(AK22=2,"Improbable",IF(AK22=1,"Rara Vez",IF(AK22=0,"Rara Vez",IF(AK22<0,"Rara Vez"))))))) -> Improbable | AM22: No disminuye | AN22: =IF(AH22="Débil",0,IF(AND(AH22="Moderado",AM22="Directamente"),1,IF(AND(AH22="Moderado",AM22="Indirectamente"),0,IF(AND(AH22="Moderado",AM22="No disminuye"),0,IF(AND(AH22="Fuerte",AM22="Directamente"),2,IF(AND(AH22="Fuerte",AM22="Indirectamente"),1,IF(AND(AH22="Fuerte",AM22="No disminuye"),0))))))) -> 0 | AO22: =('4-VALORACIÓN DEL RIESGO'!AD16-AN22) -> 5 | AP22: =IF(AO22=5,"Catastrófico",IF(AO22=4,"Mayor",IF(AO22=3,"Moderado",IF(AO22=2,"Moderado",IF(AO22=1,"Moderado"))))) -> Catastrófico | AQ22: =IF(OR(AND(AP22="Moderado",AL22="Rara Vez"),AND(AP22="Moderado",AL22="Improbable")),"Moderado",IF(OR(AND(AP22="Mayor",AL22="Improbable"),AND(AP22="Mayor",AL22="Rara Vez"),AND(AP22="Moderado",AL22="Probable"),AND(AP22="Moderado",AL22="Posible")),"Alto",IF(OR(AND(AP22="Moderado",AL22="Casi Seguro"),AND(AP22="Mayor",AL22="Posible"),AND(AP22="Mayor",AL22="Probable"),AND(AP22="Mayor",AL22="Casi Seguro")),"Extremo",IF(AP22="Catastrófico","Extremo")))) -> Extremo | AS22: Acción preventiva
N23: =IF(M23="Asignado",15,IF(M23="NO asignado",0)) -> FALSE | P23: =IF(O23="Adecuado",15,IF(O23="Inadecuado",0)) -> FALSE | R23: =IF(Q23="Oportuna",15,IF(Q23="Inoportuna",0)) -> FALSE | T23: =IF(S23="Prevenir",15,IF(S23="Detectar",10,IF(S23="No es un control",0))) -> FALSE | V23: =IF(U23="Confiable",15,IF(U23="No confiable",0)) -> FALSE | X23: =IF(W23="Se investigan oportunamente",15,IF(W23="No se investigan oportunamente",0)) -> FALSE | Z23: =IF(Y23="Completa",10,IF(Y23="Incompleta",5,IF(Y23="No existe",0))) -> FALSE | AA23: =N23+P23+R23+T23+V23+X23+Z23 -> 0 | AB23: =IF(AA23<86,"Débil",(IF(AA23<96,"Moderado","Fuerte"))) -> Débil | AD23: =IF(OR(AND(AB23="Fuerte",AC23="Moderado"),AND(AB23="Moderado",AC23="Fuerte"),AND(AB23="Moderado",AC23="Moderado")),"Moderado",IF(OR(AND(AB23="Fuerte",AC23="Débil"),AND(AB23="Moderado",AC23="Débil"),AND(AB23="Débil")),"Débil",IF(AND(AB23="Fuerte",AC23="Fuerte"),"Fuerte"))) -> Débil | AE23: =IF(AD23="Fuerte","100",IF(AD23="Moderado","50",IF(AD23="Débil","0"))) -> 0
D24: ='3-IDENTIFICACIÓN DEL RIESGO'!G24 -> Riesgo 2 | N24: =IF(M24="Asignado",15,IF(M24="NO asignado",0)) -> FALSE | P24: =IF(O24="Adecuado",15,IF(O24="Inadecuado",0)) -> FALSE | R24: =IF(Q24="Oportuna",15,IF(Q24="Inoportuna",0)) -> FALSE | T24: =IF(S24="Prevenir",15,IF(S24="Detectar",10,IF(S24="No es un control",0))) -> FALSE | V24: =IF(U24="Confiable",15,IF(U24="No confiable",0)) -> FALSE | X24: =IF(W24="Se investigan oportunamente",15,IF(W24="No se investigan oportunamente",0)) -> FALSE | Z24: =IF(Y24="Completa",10,IF(Y24="Incompleta",5,IF(Y24="No existe",0))) -> FALSE | AA24: =N24+P24+R24+T24+V24+X24+Z24 -> 0 | AB24: =IF(AA24<86,"Débil",(IF(AA24<96,"Moderado","Fuerte"))) -> Débil | AD24: =IF(OR(AND(AB24="Fuerte",AC24="Moderado"),AND(AB24="Moderado",AC24="Fuerte"),AND(AB24="Moderado",AC24="Moderado")),"Moderado",IF(OR(AND(AB24="Fuerte",AC24="Débil"),AND(AB24="Moderado",AC24="Débil"),AND(AB24="Débil")),"Débil",IF(AND(AB24="Fuerte",AC24="Fuerte"),"Fuerte"))) -> Débil | AE24: =IF(AD24="Fuerte","100",IF(AD24="Moderado","50",IF(AD24="Débil","0"))) -> 0 | AG24: =(AE24+AE25)/AF24 -> #DIV/0! | AH24: =IF(AG24<50,"Débil",IF(AG24<=99,"Moderado",IF(AG24=100,"Fuerte",IF(AG24="","ERROR")))) -> #DIV/0! | AJ24: =IF(AH24="Débil",0,IF(AND(AH24="Moderado",AI24="Directamente"),1,IF(AND(AH24="Moderado",AI24="No disminuye"),0,IF(AND(AH24="Fuerte",AI24="Directamente"),2,IF(AND(AH24="Fuerte",AI24="No disminuye"),0))))) -> #DIV/0! | AK24: =('4-VALORACIÓN DEL RIESGO'!H17-AJ24) -> #DIV/0! | AL24: =IF(AK24=5,"Casi Seguro",IF(AK24=4,"Probable",IF(AK24=3,"Posible",IF(AK24=2,"Improbable",IF(AK24=1,"Rara Vez",IF(AK24=0,"Rara Vez",IF(AK24<0,"Rara Vez"))))))) -> #DIV/0! | AN24: =IF(AH24="Débil",0,IF(AND(AH24="Moderado",AM24="Directamente"),1,IF(AND(AH24="Moderado",AM24="Indirectamente"),0,IF(AND(AH24="Moderado",AM24="No disminuye"),0,IF(AND(AH24="Fuerte",AM24="Directamente"),2,IF(AND(AH24="Fuerte",AM24="Indirectamente"),1,IF(AND(AH24="Fuerte",AM24="No disminuye"),0))))))) -> #DIV/0! | AO24: =('4-VALORACIÓN DEL RIESGO'!AD17-AN24) -> #DIV/0! | AP24: =IF(AO24=5,"Catastrófico",IF(AO24=4,"Mayor",IF(AO24=3,"Moderado",IF(AO24=2,"Moderado",IF(AO24=1,"Moderado"))))) -> #DIV/0! | AQ24: =IF(OR(AND(AP24="Moderado",AL24="Rara Vez"),AND(AP24="Moderado",AL24="Improbable")),"Moderado",IF(OR(AND(AP24="Mayor",AL24="Improbable"),AND(AP24="Mayor",AL24="Rara Vez"),AND(AP24="Moderado",AL24="Probable"),AND(AP24="Moderado",AL24="Posible")),"Alto",IF(OR(AND(AP24="Moderado",AL24="Casi Seguro"),AND(AP24="Mayor",AL24="Posible"),AND(AP24="Mayor",AL24="Probable"),AND(AP24="Mayor",AL24="Casi Seguro")),"Extremo",IF(AP24="Catastrófico","Extremo")))) -> #DIV/0! | AS24: Acción preventiva
N25: =IF(M25="Asignado",15,IF(M25="NO asignado",0)) -> FALSE | P25: =IF(O25="Adecuado",15,IF(O25="Inadecuado",0)) -> FALSE | R25: =IF(Q25="Oportuna",15,IF(Q25="Inoportuna",0)) -> FALSE | T25: =IF(S25="Prevenir",15,IF(S25="Detectar",10,IF(S25="No es un control",0))) -> FALSE | V25: =IF(U25="Confiable",15,IF(U25="No confiable",0)) -> FALSE | X25: =IF(W25="Se investigan oportunamente",15,IF(W25="No se investigan oportunamente",0)) -> FALSE | Z25: =IF(Y25="Completa",10,IF(Y25="Incompleta",5,IF(Y25="No existe",0))) -> FALSE | AA25: =N25+P25+R25+T25+V25+X25+Z25 -> 0 | AB25: =IF(AA25<86,"Débil",(IF(AA25<96,"Moderado","Fuerte"))) -> Débil | AD25: =IF(OR(AND(AB25="Fuerte",AC25="Moderado"),AND(AB25="Moderado",AC25="Fuerte"),AND(AB25="Moderado",AC25="Moderado")),"Moderado",IF(OR(AND(AB25="Fuerte",AC25="Débil"),AND(AB25="Moderado",AC25="Débil"),AND(AB25="Débil")),"Débil",IF(AND(AB25="Fuerte",AC25="Fuerte"),"Fuerte"))) -> Débil | AE25: =IF(AD25="Fuerte","100",IF(AD25="Moderado","50",IF(AD25="Débil","0"))) -> 0
D26: ='3-IDENTIFICACIÓN DEL RIESGO'!G26 -> Riesgo 3 | N26: =IF(M26="Asignado",15,IF(M26="NO asignado",0)) -> FALSE | P26: =IF(O26="Adecuado",15,IF(O26="Inadecuado",0)) -> FALSE | R26: =IF(Q26="Oportuna",15,IF(Q26="Inoportuna",0)) -> FALSE | T26: =IF(S26="Prevenir",15,IF(S26="Detectar",10,IF(S26="No es un control",0))) -> FALSE | V26: =IF(U26="Confiable",15,IF(U26="No confiable",0)) -> FALSE | X26: =IF(W26="Se investigan oportunamente",15,IF(W26="No se investigan oportunamente",0)) -> FALSE | Z26: =IF(Y26="Completa",10,IF(Y26="Incompleta",5,IF(Y26="No existe",0))) -> FALSE | AA26: =N26+P26+R26+T26+V26+X26+Z26 -> 0 | AB26: =IF(AA26<86,"Débil",(IF(AA26<96,"Moderado","Fuerte"))) -> Débil | AD26: =IF(OR(AND(AB26="Fuerte",AC26="Moderado"),AND(AB26="Moderado",AC26="Fuerte"),AND(AB26="Moderado",AC26="Moderado")),"Moderado",IF(OR(AND(AB26="Fuerte",AC26="Débil"),AND(AB26="Moderado",AC26="Débil"),AND(AB26="Débil")),"Débil",IF(AND(AB26="Fuerte",AC26="Fuerte"),"Fuerte"))) -> Débil | AE26: =IF(AD26="Fuerte","100",IF(AD26="Moderado","50",IF(AD26="Débil","0"))) -> 0 | AG26: =(AE26+AE27)/AF26 -> #DIV/0! | AH26: =IF(AG26<50,"Débil",IF(AG26<=99,"Moderado",IF(AG26=100,"Fuerte",IF(AG26="","ERROR")))) -> #DIV/0! | AJ26: =IF(AH26="Débil",0,IF(AND(AH26="Moderado",AI26="Directamente"),1,IF(AND(AH26="Moderado",AI26="No disminuye"),0,IF(AND(AH26="Fuerte",AI26="Directamente"),2,IF(AND(AH26="Fuerte",AI26="No disminuye"),0))))) -> #DIV/0! | AK26: =('4-VALORACIÓN DEL RIESGO'!H18-AJ26) -> #DIV/0! | AL26: =IF(AK26=5,"Casi Seguro",IF(AK26=4,"Probable",IF(AK26=3,"Posible",IF(AK26=2,"Improbable",IF(AK26=1,"Rara Vez",IF(AK26=0,"Rara Vez",IF(AK26<0,"Rara Vez"))))))) -> #DIV/0! | AN26: =IF(AH26="Débil",0,IF(AND(AH26="Moderado",AM26="Directamente"),1,IF(AND(AH26="Moderado",AM26="Indirectamente"),0,IF(AND(AH26="Moderado",AM26="No disminuye"),0,IF(AND(AH26="Fuerte",AM26="Directamente"),2,IF(AND(AH26="Fuerte",AM26="Indirectamente"),1,IF(AND(AH26="Fuerte",AM26="No disminuye"),0))))))) -> #DIV/0! | AO26: =('4-VALORACIÓN DEL RIESGO'!AD18-AN26) -> #DIV/0! | AP26: =IF(AO26=5,"Catastrófico",IF(AO26=4,"Mayor",IF(AO26=3,"Moderado",IF(AO26=2,"Moderado",IF(AO26=1,"Moderado"))))) -> #DIV/0! | AQ26: =IF(OR(AND(AP26="Moderado",AL26="Rara Vez"),AND(AP26="Moderado",AL26="Improbable")),"Moderado",IF(OR(AND(AP26="Mayor",AL26="Improbable"),AND(AP26="Mayor",AL26="Rara Vez"),AND(AP26="Moderado",AL26="Probable"),AND(AP26="Moderado",AL26="Posible")),"Alto",IF(OR(AND(AP26="Moderado",AL26="Casi Seguro"),AND(AP26="Mayor",AL26="Posible"),AND(AP26="Mayor",AL26="Probable"),AND(AP26="Mayor",AL26="Casi Seguro")),"Extremo",IF(AP26="Catastrófico","Extremo")))) -> #DIV/0! | AS26: Acción preventiva
N27: =IF(M27="Asignado",15,IF(M27="NO asignado",0)) -> FALSE | P27: =IF(O27="Adecuado",15,IF(O27="Inadecuado",0)) -> FALSE | R27: =IF(Q27="Oportuna",15,IF(Q27="Inoportuna",0)) -> FALSE | T27: =IF(S27="Prevenir",15,IF(S27="Detectar",10,IF(S27="No es un control",0))) -> FALSE | V27: =IF(U27="Confiable",15,IF(U27="No confiable",0)) -> FALSE | X27: =IF(W27="Se investigan oportunamente",15,IF(W27="No se investigan oportunamente",0)) -> FALSE | Z27: =IF(Y27="Completa",10,IF(Y27="Incompleta",5,IF(Y27="No existe",0))) -> FALSE | AA27: =N27+P27+R27+T27+V27+X27+Z27 -> 0 | AB27: =IF(AA27<86,"Débil",(IF(AA27<96,"Moderado","Fuerte"))) -> Débil | AD27: =IF(OR(AND(AB27="Fuerte",AC27="Moderado"),AND(AB27="Moderado",AC27="Fuerte"),AND(AB27="Moderado",AC27="Moderado")),"Moderado",IF(OR(AND(AB27="Fuerte",AC27="Débil"),AND(AB27="Moderado",AC27="Débil"),AND(AB27="Débil")),"Débil",IF(AND(AB27="Fuerte",AC27="Fuerte"),"Fuerte"))) -> Débil | AE27: =IF(AD27="Fuerte","100",IF(AD27="Moderado","50",IF(AD27="Débil","0"))) -> 0
